Workbook

Sheet はじめに
A1: 支出管理表（家計簿のひな形）
A2: 堺さやま子育て帖（sakaisayama.com）が無料で配っています。
A3: 入っている数字は、架空の家族の例です。
A5: ■ 2つの使い方
A6: 手で書く（スマホ）：「記録」に日付・費目・金額を1行ずつ書きます。
A7: 月に1回、「入力」の「月末の残高」に投資と預金の残高を書きます。
A8: 「ひと目」で見る月を選ぶと、その月のまとめが縦に並びます。
A9: CSV を貼る（PC・月に1回）：マネーフォワード ME の CSV を使います。
A10: 「収入・支出詳細」の CSV を、「明細」の A4 から貼ります。
A11: 分け方は「分け方の表」で決めます。
A12: 現金で払った物だけ「記録」に書きます（同じ物を両方に書かない）。
A14: ■ 最初にする事
... A77: 版：v1.0（2026-10-23）

Sheet ひと目
A1: ひと目
A2: 見る月（1〜12） | B2: 9 | C2: ='入力'!$B$5&"年"&D2&"月" | D2: =IF(B2="",1,MIN(12,MAX(1,ROUND(B2,0))))
A3: この月のメモ | B3: =INDEX('入力'!$F$14:$F$25,$D$2)&""
A4: ■ この月のお金
A5: 入ったお金 | B5: =INDEX('月の表'!$B$15:$M$15,$D$2)
A6: 出たお金 | B6: =INDEX('月の表'!$B$61:$M$61,$D$2)
A7: 収支 | B7: =INDEX('月の表'!$B$64:$M$64,$D$2)
A8: 貯める・増やすへ | B8: =INDEX('月の表'!$B$72:$M$72,$D$2)
A9: 手元に残った | B9: =INDEX('月の表'!$B$74:$M$74,$D$2)
A10: 支出の割合 | B10: =INDEX('月の表'!$B$75:$M$75,$D$2)
A11: 貯めた割合 | B11: =INDEX('月の表'!$B$76:$M$76,$D$2) | C11: ='入力'!$B$7
A13: 費目ごと（この月） | B13: 予算 | C13: 実績 | D13: 差
A14: □ 入るお金
A15: ='月の表'!A5 | B15: =IF(A15="","",'入力'!B30) | C15: =IF(A15="","",INDEX('月の表'!$B5:$M5,$D$2)) | D15: =IF(A15="","",C15-B15)
A16: ='月の表'!A6 | B16: =IF(A16="","",'入力'!B31) | C16: =IF(A16="","",INDEX('月の表'!$B6:$M6,$D$2)) | D16: =IF(A16="","",C16-B16)
A17: ='月の表'!A7 | B17: =IF(A17="","",'入力'!B32) | C17: =IF(A17="","",INDEX('月の表'!$B7:$M7,$D$2)) | D17: =IF(A17="","",C17-B17)
A18: ='月の表'!A8 | B18: =IF(A18="","",'入力'!B33) | C18: =IF(A18="","",INDEX('月の表'!$B8:$M8,$D$2)) | D18: =IF(A18="","",C18-B18)
A19: ='月の表'!A9 | B19: =IF(A19="","",'入力'!B34) | C19: =IF(A19="","",INDEX('月の表'!$B9:$M9,$D$2)) | D19: =IF(A19="","",C19-B19)
A20: ='月の表'!A10 | B20: =IF(A20="","",'入力'!B35) | C20: =IF(A20="","",INDEX('月の表'!$B10:$M10,$D$2)) | D20: =IF(A20="","",C20-B20)
A21: ='月の表'!A11 | B21: =IF(A21="","",'入力'!B36) | C21: =IF(A21="","",INDEX('月の表'!$B11:$M11,$D$2)) | D21: =IF(A21="","",C21-B21)
A22: ='月の表'!A12 | B22: =IF(A22="","",'入力'!B37) | C22: =IF(A22="","",INDEX('月の表'!$B12:$M12,$D$2)) | D22: =IF(A22="","",C22-B22)
A23: ='月の表'!A13 | B23: =IF(A23="","",'入力'!B38) | C23: =IF(A23="","",INDEX('月の表'!$B13:$M13,$D$2)) | D23: =IF(A23="","",C23-B23)
A24: ='月の表'!A14 | B24: =IF(A24="","",'入力'!B39) | C24: =IF(A24="","",INDEX('月の表'!$B14:$M14,$D$2)) | D24: =IF(A24="","",C24-B24)
A25: □ 固定費
A26: ='月の表'!A17 | B26: =IF(A26="","",'入力'!B41) | C26: =IF(A26="","",INDEX('月の表'!$B17:$M17,$D$2)) | D26: =IF(A26="","",B26-C26)
A27: ='月の表'!A18 | B27: =IF(A27="","",'入力'!B42) | C27: =IF(A27="","",INDEX('月の表'!$B18:$M18,$D$2)) | D27: =IF(A27="","",B27-C27)
A28: ='月の表'!A19 | B28: =IF(A28="","",'入力'!B43) | C28: =IF(A28="","",INDEX('月の表'!$B19:$M19,$D$2)) | D28: =IF(A28="","",B28-C28)
A29: ='月の表'!A20 | B29: =IF(A29="","",'入力'!B44) | C29: =IF(A29="","",INDEX('月の表'!$B20:$M20,$D$2)) | D29: =IF(A29="","",B29-C29)
A30: ='月の表'!A21 | B30: =IF(A30="","",'入力'!B45) | C30: =IF(A30="","",INDEX('月の表'!$B21:$M21,$D$2)) | D30: =IF(A30="","",B30-C30)
A31: ='月の表'!A22 | B31: =IF(A31="","",'入力'!B46) | C31: =IF(A31="","",INDEX('月の表'!$B22:$M22,$D$2)) | D31: =IF(A31="","",B31-C31)
A32: ='月の表'!A23 | B32: =IF(A32="","",'入力'!B47) | C32: =IF(A32="","",INDEX('月の表'!$B23:$M23,$D$2)) | D32: =IF(A32="","",B32-C32)
A33: ='月の表'!A24 | B33: =IF(A33="","",'入力'!B48) | C33: =IF(A33="","",INDEX('月の表'!$B24:$M24,$D$2)) | D33: =IF(A33="","",B33-C33)
A34: ='月の表'!A25 | B34: =IF(A34="","",'入力'!B49) | C34: =IF(A34="","",INDEX('月の表'!$B25:$M25,$D$2)) | D34: =IF(A34="","",B34-C34)
A35: ='月の表'!A26 | B35: =IF(A35="","",'入力'!B50) | C35: =IF(A35="","",INDEX('月の表'!$B26:$M26,$D$2)) | D35: =IF(A35="","",B35-C35)
A36: ='月の表'!A27 | B36: =IF(A36="","",'入力'!B51) | C36: =IF(A36="","",INDEX('月の表'!$B27:$M27,$D$2)) | D36: =IF(A36="","",B36-C36)
A37: ='月の表'!A28 | B37: =IF(A37="","",'入力'!B52) | C37: =IF(A37="","",INDEX('月の表'!$B28:$M28,$D$2)) | D37: =IF(A37="","",B37-C37)
A38: □ 暮らしの費用
A39: ='月の表'!A31 | B39: =IF(A39="","",'入力'!B54) | C39: =IF(A39="","",INDEX('月の表'!$B31:$M31,$D$2)) | D39: =IF(A39="","",B39-C39)
A40: ='月の表'!A32 | B40: =IF(A40="","",'入力'!B55) | C40: =IF(A40="","",INDEX('月の表'!$B32:$M32,$D$2)) | D40: =IF(A40="","",B40-C40)
A41: ='月の表'!A33 | B41: =IF(A41="","",'入力'!B56) | C41: =IF(A41="","",INDEX('月の表'!$B33:$M33,$D$2)) | D41: =IF(A41="","",B41-C41)
A42: ='月の表'!A34 | B42: =IF(A42="","",'入力'!B57) | C42: =IF(A42="","",INDEX('月の表'!$B34:$M34,$D$2)) | D42: =IF(A42="","",B42-C42)
A43: ='月の表'!A35 | B43: =IF(A43="","",'入力'!B58) | C43: =IF(A43="","",INDEX('月の表'!$B35:$M35,$D$2)) | D43: =IF(A43="","",B43-C43)
A44: ='月の表'!A36 | B44: =IF(A44="","",'入力'!B59) | C44: =IF(A44="","",INDEX('月の表'!$B36:$M36,$D$2)) | D44: =IF(A44="","",B44-C44)
A45: ='月の表'!A37 | B45: =IF(A45="","",'入力'!B60) | C45: =IF(A45="","",INDEX('月の表'!$B37:$M37,$D$2)) | D45: =IF(A45="","",B45-C45)
A46: ='月の表'!A38 | B46: =IF(A46="","",'入力'!B61) | C46: =IF(A46="","",INDEX('月の表'!$B38:$M38,$D$2)) | D46: =IF(A46="","",B46-C46)
A47: ='月の表'!A39 | B47: =IF(A47="","",'入力'!B62) | C47: =IF(A47="","",INDEX('月の表'!$B39:$M39,$D$2)) | D47: =IF(A47="","",B47-C47)
A48: ='月の表'!A40 | B48: =IF(A48="","",'入力'!B63) | C48: =IF(A48="","",INDEX('月の表'!$B40:$M40,$D$2)) | D48: =IF(A48="","",B48-C48)
A49: ='月の表'!A41 | B49: =IF(A49="","",'入力'!B64) | C49: =IF(A49="","",INDEX('月の表'!$B41:$M41,$D$2)) | D49: =IF(A49="","",B49-C49)
A50: ='月の表'!A42 | B50: =IF(A50="","",'入力'!B65) | C50: =IF(A50="","",INDEX('月の表'!$B42:$M42,$D$2)) | D50: =IF(A50="","",B50-C50)
... A53: ='月の表'!A45 | B53: =IF(A53="","",'入力'!B68) | C53: =IF(A53="","",INDEX('月の表'!$B45:$M45,$D$2)) | D53: =IF(A53="","",B53-C53)
A54: □ 年に数回の出費（予算＝よける額）
A55: ='月の表'!A48 | B55: =IF(A55="","",'入力'!B70) | C55: =IF(A55="","",INDEX('月の表'!$B48:$M48,$D$2)) | D55: =IF(A55="","",B55-C55)
A56: ='月の表'!A49 | B56: =IF(A56="","",'入力'!B71) | C56: =IF(A56="","",INDEX('月の表'!$B49:$M49,$D$2)) | D56: =IF(A56="","",B56-C56)
A57: ='月の表'!A50 | B57: =IF(A57="","",'入力'!B72) | C57: =IF(A57="","",INDEX('月の表'!$B50:$M50,$D$2)) | D57: =IF(A57="","",B57-C57)
A58: ='月の表'!A51 | B58: =IF(A58="","",'入力'!B73) | C58: =IF(A58="","",INDEX('月の表'!$B51:$M51,$D$2)) | D58: =IF(A58="","",B58-C58)
A59: ='月の表'!A52 | B59: =IF(A59="","",'入力'!B74) | C59: =IF(A59="","",INDEX('月の表'!$B52:$M52,$D$2)) | D59: =IF(A59="","",B59-C59)
A60: ='月の表'!A53 | B60: =IF(A60="","",'入力'!B75) | C60: =IF(A60="","",INDEX('月の表'!$B53:$M53,$D$2)) | D60: =IF(A60="","",B60-C60)
A61: ='月の表'!A54 | B61: =IF(A61="","",'入力'!B76) | C61: =IF(A61="","",INDEX('月の表'!$B54:$M54,$D$2)) | D61: =IF(A61="","",B61-C61)
A62: ='月の表'!A55 | B62: =IF(A62="","",'入力'!B77) | C62: =IF(A62="","",INDEX('月の表'!$B55:$M55,$D$2)) | D62: =IF(A62="","",B62-C62)
A63: ='月の表'!A56 | B63: =IF(A63="","",'入力'!B78) | C63: =IF(A63="","",INDEX('月の表'!$B56:$M56,$D$2)) | D63: =IF(A63="","",B63-C63)
A64: ='月の表'!A57 | B64: =IF(A64="","",'入力'!B79) | C64: =IF(A64="","",INDEX('月の表'!$B57:$M57,$D$2)) | D64: =IF(A64="","",B64-C64)
A65: ='月の表'!A58 | B65: =IF(A65="","",'入力'!B80) | C65: =IF(A65="","",INDEX('月の表'!$B58:$M58,$D$2)) | D65: =IF(A65="","",B65-C65)
A66: ='月の表'!A59 | B66: =IF(A66="","",'入力'!B81) | C66: =IF(A66="","",INDEX('月の表'!$B59:$M59,$D$2)) | D66: =IF(A66="","",B66-C66)
A67: □ 貯める・増やす
A68: ='月の表'!A66 | B68: =IF(A68="","",'入力'!B83) | C68: =IF(A68="","",INDEX('月の表'!$B66:$M66,$D$2)) | D68: =IF(A68="","",C68-B68)
A69: ='月の表'!A67 | B69: =IF(A69="","",'入力'!B84) | C69: =IF(A69="","",INDEX('月の表'!$B67:$M67,$D$2)) | D69: =IF(A69="","",C69-B69)
A70: ='月の表'!A68 | B70: =IF(A70="","",'入力'!B85) | C70: =IF(A70="","",INDEX('月の表'!$B68:$M68,$D$2)) | D70: =IF(A70="","",C70-B70)
A71: ='月の表'!A69 | B71: =IF(A71="","",'入力'!B86) | C71: =IF(A71="","",INDEX('月の表'!$B69:$M69,$D$2)) | D71: =IF(A71="","",C71-B71)
A72: ='月の表'!A70 | B72: =IF(A72="","",'入力'!B87) | C72: =IF(A72="","",INDEX('月の表'!$B70:$M70,$D$2)) | D72: =IF(A72="","",C72-B72)
A73: ='月の表'!A71 | B73: =IF(A73="","",'入力'!B88) | C73: =IF(A73="","",INDEX('月の表'!$B71:$M71,$D$2)) | D73: =IF(A73="","",C73-B73)
A75: ■ 年に数回の財布（この月まで）
A76: 前の年からの繰越 | B76: ='入力'!$B$8
A77: よけた分 | B77: =SUM('入力'!$H$92:$H$103)*$D$2
A78: 使った分 | B78: =SUMPRODUCT(('月の表'!$B$80:$M$80<=$D$2)*'月の表'!$B$60:$M$60)
A79: 残り | B79: =B76+B77-B78
A80: このあと今年払う予定 | B80: =SUMPRODUCT(('入力'!$D$92:$D$103>$D$2)*'入力'!$G$92:$G$103)
A81: 年末の見込み | B81: =B79+SUM('入力'!$H$92:$H$103)*(12-$D$2)-B80
A83: ■ 投資と総資産（この月の月末）
A84: 投資の残高 | B84: =INDEX('貯める・増やす'!$B$5:$B$16,$D$2) | C84: =IF(B84="","月末の残高をまだ入れていない月です","")
A85: この月の含み益の増減 | B85: =INDEX('貯める・増やす'!$F$5:$F$16,$D$2)
A86: 年初からの含み益 | B86: =INDEX('貯める・増やす'!$G$5:$G$16,$D$2)
A87: 預金・現金 | B87: =INDEX('貯める・増やす'!$H$5:$H$16,$D$2)
A88: 総資産 | B88: =INDEX('貯める・増やす'!$I$5:$I$16,$D$2)
A89: 前の月から | B89: =INDEX('貯める・増やす'!$J$5:$J$16,$D$2)
A90: 家計簿の外の出入り | B90: =INDEX('貯める・増やす'!$L$5:$L$16,$D$2)
A92: 1年の流れ | B92: 収支 | C92: 貯めた割合 | D92: 含み益の増減
A93: ='月の表'!B3 | B93: ='月の表'!B64 | C93: ='月の表'!B76 | D93: ='貯める・増やす'!F5
A94: ='月の表'!C3 | B94: ='月の表'!C64 | C94: ='月の表'!C76 | D94: ='貯める・増やす'!F6
A95: ='月の表'!D3 | B95: ='月の表'!D64 | C95: ='月の表'!D76 | D95: ='貯める・増やす'!F7
A96: ='月の表'!E3 | B96: ='月の表'!E64 | C96: ='月の表'!E76 | D96: ='貯める・増やす'!F8
A97: ='月の表'!F3 | B97: ='月の表'!F64 | C97: ='月の表'!F76 | D97: ='貯める・増やす'!F9
A98: ='月の表'!G3 | B98: ='月の表'!G64 | C98: ='月の表'!G76 | D98: ='貯める・増やす'!F10
A99: ='月の表'!H3 | B99: ='月の表'!H64 | C99: ='月の表'!H76 | D99: ='貯める・増やす'!F11
A100: ='月の表'!I3 | B100: ='月の表'!I64 | C100: ='月の表'!I76 | D100: ='貯める・増やす'!F12
A101: ='月の表'!J3 | B101: ='月の表'!J64 | C101: ='月の表'!J76 | D101: ='貯める・増やす'!F13
A102: ='月の表'!K3 | B102: ='月の表'!K64 | C102: ='月の表'!K76 | D102: ='貯める・増やす'!F14
A103: ='月の表'!L3 | B103: ='月の表'!L64 | C103: ='月の表'!L76 | D103: ='貯める・増やす'!F15
A104: ='月の表'!M3 | B104: ='月の表'!M64 | C104: ='月の表'!M76 | D104: ='貯める・増やす'!F16
A105: 合計 | B105: =SUM(B93:B104) | C105: ='月の表'!N76 | D105: =SUM(D93:D104)

Sheet 記録
A1: 記録（手で書く）
A2: 例です。自分の数字に書きかえる。返金はマイナス。 | E2: 対象の月：遅れて入ったお金を何月の分にするか（空なら日付の月）
A3: 日付 | B3: 費目 | C3: 金額 | D3: メモ | E3: 対象の月 | F3: 数える月（自動） | G3: 確かめ（自動） | H3: 一覧（自動）
A4: 46037 | B4: 管理費・駐車場 | C4: 10000 | D4: 例 | F4: =IF(A4="","",IF(E4<>"",DATE(YEAR(E4),MONTH(E4),1),DATE(YEAR(A4),MONTH(A4),1))) | G4: =IF(A4&B4&C4="","",IF(A4="","日付を入れる",IF(B4="","費目を選ぶ",IF(COUNTIFS($H$4:$H$58,B4)=0,"費目の一覧にない",IF(C4="","金額を入れる",IF(YEAR(F4)<>'入力'!$B$5,"集計の年とちがう","")))))) | H4: ='入力'!A30&""
A5: 46037 | B5: スマホ・ネット | C5: 9800 | D5: 例 | F5: =IF(A5="","",IF(E5<>"",DATE(YEAR(E5),MONTH(E5),1),DATE(YEAR(A5),MONTH(A5),1))) | G5: =IF(A5&B5&C5="","",IF(A5="","日付を入れる",IF(B5="","費目を選ぶ",IF(COUNTIFS($H$4:$H$58,B5)=0,"費目の一覧にない",IF(C5="","金額を入れる",IF(YEAR(F5)<>'入力'!$B$5,"集計の年とちがう","")))))) | H5: ='入力'!A31&""
A6: 46037 | B6: 保険 | C6: 8000 | D6: 例 | F6: =IF(A6="","",IF(E6<>"",DATE(YEAR(E6),MONTH(E6),1),DATE(YEAR(A6),MONTH(A6),1))) | G6: =IF(A6&B6&C6="","",IF(A6="","日付を入れる",IF(B6="","費目を選ぶ",IF(COUNTIFS($H$4:$H$58,B6)=0,"費目の一覧にない",IF(C6="","金額を入れる",IF(YEAR(F6)<>'入力'!$B$5,"集計の年とちがう","")))))) | H6: ='入力'!A32&""
A7: 46037 | B7: 保育料・学童 | C7: 45000 | D7: 例 | F7: =IF(A7="","",IF(E7<>"",DATE(YEAR(E7),MONTH(E7),1),DATE(YEAR(A7),MONTH(A7),1))) | G7: =IF(A7&B7&C7="","",IF(A7="","日付を入れる",IF(B7="","費目を選ぶ",IF(COUNTIFS($H$4:$H$58,B7)=0,"費目の一覧にない",IF(C7="","金額を入れる",IF(YEAR(F7)<>'入力'!$B$5,"集計の年とちがう","")))))) | H7: ='入力'!A33&""
A8: 46037 | B8: サブスク | C8: 2500 | D8: 例 | F8: =IF(A8="","",IF(E8<>"",DATE(YEAR(E8),MONTH(E8),1),DATE(YEAR(A8),MONTH(A8),1))) | G8: =IF(A8&B8&C8="","",IF(A8="","日付を入れる",IF(B8="","費目を選ぶ",IF(COUNTIFS($H$4:$H$58,B8)=0,"費目の一覧にない",IF(C8="","金額を入れる",IF(YEAR(F8)<>'入力'!$B$5,"集計の年とちがう","")))))) | H8: ='入力'!A34&""
A9: 46037 | B9: おこづかい（ママ） | C9: 15000 | D9: 例 | F9: =IF(A9="","",IF(E9<>"",DATE(YEAR(E9),MONTH(E9),1),DATE(YEAR(A9),MONTH(A9),1))) | G9: =IF(A9&B9&C9="","",IF(A9="","日付を入れる",IF(B9="","費目を選ぶ",IF(COUNTIFS($H$4:$H$58,B9)=0,"費目の一覧にない",IF(C9="","金額を入れる",IF(YEAR(F9)<>'入力'!$B$5,"集計の年とちがう","")))))) | H9: ='入力'!A35&""
A10: 46037 | B10: おこづかい（パパ） | C10: 20000 | D10: 例 | F10: =IF(A10="","",IF(E10<>"",DATE(YEAR(E10),MONTH(E10),1),DATE(YEAR(A10),MONTH(A10),1))) | G10: =IF(A10&B10&C10="","",IF(A10="","日付を入れる",IF(B10="","費目を選ぶ",IF(COUNTIFS($H$4:$H$58,B10)=0,"費目の一覧にない",IF(C10="","金額を入れる",IF(YEAR(F10)<>'入力'!$B$5,"集計の年とちがう","")))))) | H10: ='入力'!A36&""
A11: 46037 | B11: 食費（家） | C11: 61000 | D11: 例 | F11: =IF(A11="","",IF(E11<>"",DATE(YEAR(E11),MONTH(E11),1),DATE(YEAR(A11),MONTH(A11),1))) | G11: =IF(A11&B11&C11="","",IF(A11="","日付を入れる",IF(B11="","費目を選ぶ",IF(COUNTIFS($H$4:$H$58,B11)=0,"費目の一覧にない",IF(C11="","金額を入れる",IF(YEAR(F11)<>'入力'!$B$5,"集計の年とちがう","")))))) | H11: ='入力'!A37&""
A12: 46037 | B12: 外食・カフェ | C12: 8000 | D12: 例 | F12: =IF(A12="","",IF(E12<>"",DATE(YEAR(E12),MONTH(E12),1),DATE(YEAR(A12),MONTH(A12),1))) | G12: =IF(A12&B12&C12="","",IF(A12="","日付を入れる",IF(B12="","費目を選ぶ",IF(COUNTIFS($H$4:$H$58,B12)=0,"費目の一覧にない",IF(C12="","金額を入れる",IF(YEAR(F12)<>'入力'!$B$5,"集計の年とちがう","")))))) | H12: ='入力'!A38&""
A13: 46037 | B13: 日用品 | C13: 9000 | D13: 例 | F13: =IF(A13="","",IF(E13<>"",DATE(YEAR(E13),MONTH(E13),1),DATE(YEAR(A13),MONTH(A13),1))) | G13: =IF(A13&B13&C13="","",IF(A13="","日付を入れる",IF(B13="","費目を選ぶ",IF(COUNTIFS($H$4:$H$58,B13)=0,"費目の一覧にない",IF(C13="","金額を入れる",IF(YEAR(F13)<>'入力'!$B$5,"集計の年とちがう","")))))) | H13: ='入力'!A39&""
A14: 46037 | B14: 子どものもの | C14: 12000 | D14: 例 | F14: =IF(A14="","",IF(E14<>"",DATE(YEAR(E14),MONTH(E14),1),DATE(YEAR(A14),MONTH(A14),1))) | G14: =IF(A14&B14&C14="","",IF(A14="","日付を入れる",IF(B14="","費目を選ぶ",IF(COUNTIFS($H$4:$H$58,B14)=0,"費目の一覧にない",IF(C14="","金額を入れる",IF(YEAR(F14)<>'入力'!$B$5,"集計の年とちがう","")))))) | H14: ='入力'!A41&""
A15: 46037 | B15: 服・美容 | C15: 7000 | D15: 例 | F15: =IF(A15="","",IF(E15<>"",DATE(YEAR(E15),MONTH(E15),1),DATE(YEAR(A15),MONTH(A15),1))) | G15: =IF(A15&B15&C15="","",IF(A15="","日付を入れる",IF(B15="","費目を選ぶ",IF(COUNTIFS($H$4:$H$58,B15)=0,"費目の一覧にない",IF(C15="","金額を入れる",IF(YEAR(F15)<>'入力'!$B$5,"集計の年とちがう","")))))) | H15: ='入力'!A42&""
A16: 46037 | B16: 医療・薬 | C16: 3000 | D16: 例 | F16: =IF(A16="","",IF(E16<>"",DATE(YEAR(E16),MONTH(E16),1),DATE(YEAR(A16),MONTH(A16),1))) | G16: =IF(A16&B16&C16="","",IF(A16="","日付を入れる",IF(B16="","費目を選ぶ",IF(COUNTIFS($H$4:$H$58,B16)=0,"費目の一覧にない",IF(C16="","金額を入れる",IF(YEAR(F16)<>'入力'!$B$5,"集計の年とちがう","")))))) | H16: ='入力'!A43&""
A17: 46037 | B17: 交通・ガソリン | C17: 6000 | D17: 例 | F17: =IF(A17="","",IF(E17<>"",DATE(YEAR(E17),MONTH(E17),1),DATE(YEAR(A17),MONTH(A17),1))) | G17: =IF(A17&B17&C17="","",IF(A17="","日付を入れる",IF(B17="","費目を選ぶ",IF(COUNTIFS($H$4:$H$58,B17)=0,"費目の一覧にない",IF(C17="","金額を入れる",IF(YEAR(F17)<>'入力'!$B$5,"集計の年とちがう","")))))) | H17: ='入力'!A44&""
A18: 46037 | B18: おでかけ・レジャー | C18: 10000 | D18: 例 | F18: =IF(A18="","",IF(E18<>"",DATE(YEAR(E18),MONTH(E18),1),DATE(YEAR(A18),MONTH(A18),1))) | G18: =IF(A18&B18&C18="","",IF(A18="","日付を入れる",IF(B18="","費目を選ぶ",IF(COUNTIFS($H$4:$H$58,B18)=0,"費目の一覧にない",IF(C18="","金額を入れる",IF(YEAR(F18)<>'入力'!$B$5,"集計の年とちがう","")))))) | H18: ='入力'!A45&""
A19: 46037 | B19: 交際・プレゼント | C19: 4000 | D19: 例 | F19: =IF(A19="","",IF(E19<>"",DATE(YEAR(E19),MONTH(E19),1),DATE(YEAR(A19),MONTH(A19),1))) | G19: =IF(A19&B19&C19="","",IF(A19="","日付を入れる",IF(B19="","費目を選ぶ",IF(COUNTIFS($H$4:$H$58,B19)=0,"費目の一覧にない",IF(C19="","金額を入れる",IF(YEAR(F19)<>'入力'!$B$5,"集計の年とちがう","")))))) | H19: ='入力'!A46&""
A20: 46037 | B20: 本・学び | C20: 2000 | D20: 例 | F20: =IF(A20="","",IF(E20<>"",DATE(YEAR(E20),MONTH(E20),1),DATE(YEAR(A20),MONTH(A20),1))) | G20: =IF(A20&B20&C20="","",IF(A20="","日付を入れる",IF(B20="","費目を選ぶ",IF(COUNTIFS($H$4:$H$58,B20)=0,"費目の一覧にない",IF(C20="","金額を入れる",IF(YEAR(F20)<>'入力'!$B$5,"集計の年とちがう","")))))) | H20: ='入力'!A47&""
A21: 46037 | B21: 現金で使った | C21: 5000 | D21: 例 | F21: =IF(A21="","",IF(E21<>"",DATE(YEAR(E21),MONTH(E21),1),DATE(YEAR(A21),MONTH(A21),1))) | G21: =IF(A21&B21&C21="","",IF(A21="","日付を入れる",IF(B21="","費目を選ぶ",IF(COUNTIFS($H$4:$H$58,B21)=0,"費目の一覧にない",IF(C21="","金額を入れる",IF(YEAR(F21)<>'入力'!$B$5,"集計の年とちがう","")))))) | H21: ='入力'!A48&""
A22: 46037 | B22: その他 | C22: 2000 | D22: 例 | F22: =IF(A22="","",IF(E22<>"",DATE(YEAR(E22),MONTH(E22),1),DATE(YEAR(A22),MONTH(A22),1))) | G22: =IF(A22&B22&C22="","",IF(A22="","日付を入れる",IF(B22="","費目を選ぶ",IF(COUNTIFS($H$4:$H$58,B22)=0,"費目の一覧にない",IF(C22="","金額を入れる",IF(YEAR(F22)<>'入力'!$B$5,"集計の年とちがう","")))))) | H22: ='入力'!A49&""
A23: 46037 | B23: NISA | C23: 30000 | D23: 例 | F23: =IF(A23="","",IF(E23<>"",DATE(YEAR(E23),MONTH(E23),1),DATE(YEAR(A23),MONTH(A23),1))) | G23: =IF(A23&B23&C23="","",IF(A23="","日付を入れる",IF(B23="","費目を選ぶ",IF(COUNTIFS($H$4:$H$58,B23)=0,"費目の一覧にない",IF(C23="","金額を入れる",IF(YEAR(F23)<>'入力'!$B$5,"集計の年とちがう","")))))) | H23: ='入力'!A50&""
A24: 46037 | B24: iDeCo | C24: 5000 | D24: 例 | F24: =IF(A24="","",IF(E24<>"",DATE(YEAR(E24),MONTH(E24),1),DATE(YEAR(A24),MONTH(A24),1))) | G24: =IF(A24&B24&C24="","",IF(A24="","日付を入れる",IF(B24="","費目を選ぶ",IF(COUNTIFS($H$4:$H$58,B24)=0,"費目の一覧にない",IF(C24="","金額を入れる",IF(YEAR(F24)<>'入力'!$B$5,"集計の年とちがう","")))))) | H24: ='入力'!A51&""
A25: 46037 | B25: 先取り貯金 | C25: 20000 | D25: 例 | F25: =IF(A25="","",IF(E25<>"",DATE(YEAR(E25),MONTH(E25),1),DATE(YEAR(A25),MONTH(A25),1))) | G25: =IF(A25&B25&C25="","",IF(A25="","日付を入れる",IF(B25="","費目を選ぶ",IF(COUNTIFS($H$4:$H$58,B25)=0,"費目の一覧にない",IF(C25="","金額を入れる",IF(YEAR(F25)<>'入力'!$B$5,"集計の年とちがう","")))))) | H25: ='入力'!A52&""
A26: 46042 | B26: 電気・ガス・水道 | C26: 24000 | D26: 例 | F26: =IF(A26="","",IF(E26<>"",DATE(YEAR(E26),MONTH(E26),1),DATE(YEAR(A26),MONTH(A26),1))) | G26: =IF(A26&B26&C26="","",IF(A26="","日付を入れる",IF(B26="","費目を選ぶ",IF(COUNTIFS($H$4:$H$58,B26)=0,"費目の一覧にない",IF(C26="","金額を入れる",IF(YEAR(F26)<>'入力'!$B$5,"集計の年とちがう","")))))) | H26: ='入力'!A54&""
A27: 46047 | B27: 給料の手取り（ママ） | C27: 170000 | D27: 例 | F27: =IF(A27="","",IF(E27<>"",DATE(YEAR(E27),MONTH(E27),1),DATE(YEAR(A27),MONTH(A27),1))) | G27: =IF(A27&B27&C27="","",IF(A27="","日付を入れる",IF(B27="","費目を選ぶ",IF(COUNTIFS($H$4:$H$58,B27)=0,"費目の一覧にない",IF(C27="","金額を入れる",IF(YEAR(F27)<>'入力'!$B$5,"集計の年とちがう","")))))) | H27: ='入力'!A55&""
A28: 46047 | B28: 給料の手取り（パパ） | C28: 400000 | D28: 例 | F28: =IF(A28="","",IF(E28<>"",DATE(YEAR(E28),MONTH(E28),1),DATE(YEAR(A28),MONTH(A28),1))) | G28: =IF(A28&B28&C28="","",IF(A28="","日付を入れる",IF(B28="","費目を選ぶ",IF(COUNTIFS($H$4:$H$58,B28)=0,"費目の一覧にない",IF(C28="","金額を入れる",IF(YEAR(F28)<>'入力'!$B$5,"集計の年とちがう","")))))) | H28: ='入力'!A56&""
A29: 46049 | B29: 住まい（家賃・ローン） | C29: 105000 | D29: 例 | F29: =IF(A29="","",IF(E29<>"",DATE(YEAR(E29),MONTH(E29),1),DATE(YEAR(A29),MONTH(A29),1))) | G29: =IF(A29&B29&C29="","",IF(A29="","日付を入れる",IF(B29="","費目を選ぶ",IF(COUNTIFS($H$4:$H$58,B29)=0,"費目の一覧にない",IF(C29="","金額を入れる",IF(YEAR(F29)<>'入力'!$B$5,"集計の年とちがう","")))))) | H29: ='入力'!A57&""
A30: 46068 | B30: 児童手当 | C30: 30000 | D30: 例 | F30: =IF(A30="","",IF(E30<>"",DATE(YEAR(E30),MONTH(E30),1),DATE(YEAR(A30),MONTH(A30),1))) | G30: =IF(A30&B30&C30="","",IF(A30="","日付を入れる",IF(B30="","費目を選ぶ",IF(COUNTIFS($H$4:$H$58,B30)=0,"費目の一覧にない",IF(C30="","金額を入れる",IF(YEAR(F30)<>'入力'!$B$5,"集計の年とちがう","")))))) | H30: ='入力'!A58&""
A31: 46068 | B31: 管理費・駐車場 | C31: 10000 | D31: 例 | F31: =IF(A31="","",IF(E31<>"",DATE(YEAR(E31),MONTH(E31),1),DATE(YEAR(A31),MONTH(A31),1))) | G31: =IF(A31&B31&C31="","",IF(A31="","日付を入れる",IF(B31="","費目を選ぶ",IF(COUNTIFS($H$4:$H$58,B31)=0,"費目の一覧にない",IF(C31="","金額を入れる",IF(YEAR(F31)<>'入力'!$B$5,"集計の年とちがう","")))))) | H31: ='入力'!A59&""
A32: 46068 | B32: スマホ・ネット | C32: 9800 | D32: 例 | F32: =IF(A32="","",IF(E32<>"",DATE(YEAR(E32),MONTH(E32),1),DATE(YEAR(A32),MONTH(A32),1))) | G32: =IF(A32&B32&C32="","",IF(A32="","日付を入れる",IF(B32="","費目を選ぶ",IF(COUNTIFS($H$4:$H$58,B32)=0,"費目の一覧にない",IF(C32="","金額を入れる",IF(YEAR(F32)<>'入力'!$B$5,"集計の年とちがう","")))))) | H32: ='入力'!A60&""
A33: 46068 | B33: 保険 | C33: 8000 | D33: 例 | F33: =IF(A33="","",IF(E33<>"",DATE(YEAR(E33),MONTH(E33),1),DATE(YEAR(A33),MONTH(A33),1))) | G33: =IF(A33&B33&C33="","",IF(A33="","日付を入れる",IF(B33="","費目を選ぶ",IF(COUNTIFS($H$4:$H$58,B33)=0,"費目の一覧にない",IF(C33="","金額を入れる",IF(YEAR(F33)<>'入力'!$B$5,"集計の年とちがう","")))))) | H33: ='入力'!A61&""
A34: 46068 | B34: 保育料・学童 | C34: 45000 | D34: 例 | F34: =IF(A34="","",IF(E34<>"",DATE(YEAR(E34),MONTH(E34),1),DATE(YEAR(A34),MONTH(A34),1))) | G34: =IF(A34&B34&C34="","",IF(A34="","日付を入れる",IF(B34="","費目を選ぶ",IF(COUNTIFS($H$4:$H$58,B34)=0,"費目の一覧にない",IF(C34="","金額を入れる",IF(YEAR(F34)<>'入力'!$B$5,"集計の年とちがう","")))))) | H34: ='入力'!A62&""
A35: 46068 | B35: サブスク | C35: 2500 | D35: 例 | F35: =IF(A35="","",IF(E35<>"",DATE(YEAR(E35),MONTH(E35),1),DATE(YEAR(A35),MONTH(A35),1))) | G35: =IF(A35&B35&C35="","",IF(A35="","日付を入れる",IF(B35="","費目を選ぶ",IF(COUNTIFS($H$4:$H$58,B35)=0,"費目の一覧にない",IF(C35="","金額を入れる",IF(YEAR(F35)<>'入力'!$B$5,"集計の年とちがう","")))))) | H35: ='入力'!A63&""
A36: 46068 | B36: おこづかい（ママ） | C36: 15000 | D36: 例 | F36: =IF(A36="","",IF(E36<>"",DATE(YEAR(E36),MONTH(E36),1),DATE(YEAR(A36),MONTH(A36),1))) | G36: =IF(A36&B36&C36="","",IF(A36="","日付を入れる",IF(B36="","費目を選ぶ",IF(COUNTIFS($H$4:$H$58,B36)=0,"費目の一覧にない",IF(C36="","金額を入れる",IF(YEAR(F36)<>'入力'!$B$5,"集計の年とちがう","")))))) | H36: ='入力'!A64&""
A37: 46068 | B37: おこづかい（パパ） | C37: 20000 | D37: 例 | F37: =IF(A37="","",IF(E37<>"",DATE(YEAR(E37),MONTH(E37),1),DATE(YEAR(A37),MONTH(A37),1))) | G37: =IF(A37&B37&C37="","",IF(A37="","日付を入れる",IF(B37="","費目を選ぶ",IF(COUNTIFS($H$4:$H$58,B37)=0,"費目の一覧にない",IF(C37="","金額を入れる",IF(YEAR(F37)<>'入力'!$B$5,"集計の年とちがう","")))))) | H37: ='入力'!A65&""
... A40: 46068 | B40: 日用品 | C40: 9000 | D40: 例 | F40: =IF(A40="","",IF(E40<>"",DATE(YEAR(E40),MONTH(E40),1),DATE(YEAR(A40),MONTH(A40),1))) | G40: =IF(A40&B40&C40="","",IF(A40="","日付を入れる",IF(B40="","費目を選ぶ",IF(COUNTIFS($H$4:$H$58,B40)=0,"費目の一覧にない",IF(C40="","金額を入れる",IF(YEAR(F40)<>'入力'!$B$5,"集計の年とちがう","")))))) | H40: ='入力'!A68&""
A41: 46068 | B41: 子どものもの | C41: 12000 | D41: 例 | F41: =IF(A41="","",IF(E41<>"",DATE(YEAR(E41),MONTH(E41),1),DATE(YEAR(A41),MONTH(A41),1))) | G41: =IF(A41&B41&C41="","",IF(A41="","日付を入れる",IF(B41="","費目を選ぶ",IF(COUNTIFS($H$4:$H$58,B41)=0,"費目の一覧にない",IF(C41="","金額を入れる",IF(YEAR(F41)<>'入力'!$B$5,"集計の年とちがう","")))))) | H41: ='入力'!A70&""
A42: 46068 | B42: 服・美容 | C42: 7000 | D42: 例 | F42: =IF(A42="","",IF(E42<>"",DATE(YEAR(E42),MONTH(E42),1),DATE(YEAR(A42),MONTH(A42),1))) | G42: =IF(A42&B42&C42="","",IF(A42="","日付を入れる",IF(B42="","費目を選ぶ",IF(COUNTIFS($H$4:$H$58,B42)=0,"費目の一覧にない",IF(C42="","金額を入れる",IF(YEAR(F42)<>'入力'!$B$5,"集計の年とちがう","")))))) | H42: ='入力'!A71&""
A43: 46068 | B43: 医療・薬 | C43: 3000 | D43: 例 | F43: =IF(A43="","",IF(E43<>"",DATE(YEAR(E43),MONTH(E43),1),DATE(YEAR(A43),MONTH(A43),1))) | G43: =IF(A43&B43&C43="","",IF(A43="","日付を入れる",IF(B43="","費目を選ぶ",IF(COUNTIFS($H$4:$H$58,B43)=0,"費目の一覧にない",IF(C43="","金額を入れる",IF(YEAR(F43)<>'入力'!$B$5,"集計の年とちがう","")))))) | H43: ='入力'!A72&""
A44: 46068 | B44: 交通・ガソリン | C44: 6000 | D44: 例 | F44: =IF(A44="","",IF(E44<>"",DATE(YEAR(E44),MONTH(E44),1),DATE(YEAR(A44),MONTH(A44),1))) | G44: =IF(A44&B44&C44="","",IF(A44="","日付を入れる",IF(B44="","費目を選ぶ",IF(COUNTIFS($H$4:$H$58,B44)=0,"費目の一覧にない",IF(C44="","金額を入れる",IF(YEAR(F44)<>'入力'!$B$5,"集計の年とちがう","")))))) | H44: ='入力'!A73&""
A45: 46068 | B45: おでかけ・レジャー | C45: 10000 | D45: 例 | F45: =IF(A45="","",IF(E45<>"",DATE(YEAR(E45),MONTH(E45),1),DATE(YEAR(A45),MONTH(A45),1))) | G45: =IF(A45&B45&C45="","",IF(A45="","日付を入れる",IF(B45="","費目を選ぶ",IF(COUNTIFS($H$4:$H$58,B45)=0,"費目の一覧にない",IF(C45="","金額を入れる",IF(YEAR(F45)<>'入力'!$B$5,"集計の年とちがう","")))))) | H45: ='入力'!A74&""
A46: 46068 | B46: 交際・プレゼント | C46: 4000 | D46: 例 | F46: =IF(A46="","",IF(E46<>"",DATE(YEAR(E46),MONTH(E46),1),DATE(YEAR(A46),MONTH(A46),1))) | G46: =IF(A46&B46&C46="","",IF(A46="","日付を入れる",IF(B46="","費目を選ぶ",IF(COUNTIFS($H$4:$H$58,B46)=0,"費目の一覧にない",IF(C46="","金額を入れる",IF(YEAR(F46)<>'入力'!$B$5,"集計の年とちがう","")))))) | H46: ='入力'!A75&""
A47: 46068 | B47: 本・学び | C47: 2000 | D47: 例 | F47: =IF(A47="","",IF(E47<>"",DATE(YEAR(E47),MONTH(E47),1),DATE(YEAR(A47),MONTH(A47),1))) | G47: =IF(A47&B47&C47="","",IF(A47="","日付を入れる",IF(B47="","費目を選ぶ",IF(COUNTIFS($H$4:$H$58,B47)=0,"費目の一覧にない",IF(C47="","金額を入れる",IF(YEAR(F47)<>'入力'!$B$5,"集計の年とちがう","")))))) | H47: ='入力'!A76&""
A48: 46068 | B48: 現金で使った | C48: 5000 | D48: 例 | F48: =IF(A48="","",IF(E48<>"",DATE(YEAR(E48),MONTH(E48),1),DATE(YEAR(A48),MONTH(A48),1))) | G48: =IF(A48&B48&C48="","",IF(A48="","日付を入れる",IF(B48="","費目を選ぶ",IF(COUNTIFS($H$4:$H$58,B48)=0,"費目の一覧にない",IF(C48="","金額を入れる",IF(YEAR(F48)<>'入力'!$B$5,"集計の年とちがう","")))))) | H48: ='入力'!A77&""
A49: 46068 | B49: その他 | C49: 2000 | D49: 例 | F49: =IF(A49="","",IF(E49<>"",DATE(YEAR(E49),MONTH(E49),1),DATE(YEAR(A49),MONTH(A49),1))) | G49: =IF(A49&B49&C49="","",IF(A49="","日付を入れる",IF(B49="","費目を選ぶ",IF(COUNTIFS($H$4:$H$58,B49)=0,"費目の一覧にない",IF(C49="","金額を入れる",IF(YEAR(F49)<>'入力'!$B$5,"集計の年とちがう","")))))) | H49: ='入力'!A78&""
A50: 46068 | B50: 家の保険（火災・地震） | C50: 25000 | D50: 例 | F50: =IF(A50="","",IF(E50<>"",DATE(YEAR(E50),MONTH(E50),1),DATE(YEAR(A50),MONTH(A50),1))) | G50: =IF(A50&B50&C50="","",IF(A50="","日付を入れる",IF(B50="","費目を選ぶ",IF(COUNTIFS($H$4:$H$58,B50)=0,"費目の一覧にない",IF(C50="","金額を入れる",IF(YEAR(F50)<>'入力'!$B$5,"集計の年とちがう","")))))) | H50: ='入力'!A79&""
A51: 46068 | B51: NISA | C51: 30000 | D51: 例 | F51: =IF(A51="","",IF(E51<>"",DATE(YEAR(E51),MONTH(E51),1),DATE(YEAR(A51),MONTH(A51),1))) | G51: =IF(A51&B51&C51="","",IF(A51="","日付を入れる",IF(B51="","費目を選ぶ",IF(COUNTIFS($H$4:$H$58,B51)=0,"費目の一覧にない",IF(C51="","金額を入れる",IF(YEAR(F51)<>'入力'!$B$5,"集計の年とちがう","")))))) | H51: ='入力'!A80&""
A52: 46068 | B52: iDeCo | C52: 5000 | D52: 例 | F52: =IF(A52="","",IF(E52<>"",DATE(YEAR(E52),MONTH(E52),1),DATE(YEAR(A52),MONTH(A52),1))) | G52: =IF(A52&B52&C52="","",IF(A52="","日付を入れる",IF(B52="","費目を選ぶ",IF(COUNTIFS($H$4:$H$58,B52)=0,"費目の一覧にない",IF(C52="","金額を入れる",IF(YEAR(F52)<>'入力'!$B$5,"集計の年とちがう","")))))) | H52: ='入力'!A81&""
A53: 46068 | B53: 先取り貯金 | C53: 20000 | D53: 例 | F53: =IF(A53="","",IF(E53<>"",DATE(YEAR(E53),MONTH(E53),1),DATE(YEAR(A53),MONTH(A53),1))) | G53: =IF(A53&B53&C53="","",IF(A53="","日付を入れる",IF(B53="","費目を選ぶ",IF(COUNTIFS($H$4:$H$58,B53)=0,"費目の一覧にない",IF(C53="","金額を入れる",IF(YEAR(F53)<>'入力'!$B$5,"集計の年とちがう","")))))) | H53: ='入力'!A83&""
A54: 46073 | B54: 電気・ガス・水道 | C54: 26000 | D54: 例 | F54: =IF(A54="","",IF(E54<>"",DATE(YEAR(E54),MONTH(E54),1),DATE(YEAR(A54),MONTH(A54),1))) | G54: =IF(A54&B54&C54="","",IF(A54="","日付を入れる",IF(B54="","費目を選ぶ",IF(COUNTIFS($H$4:$H$58,B54)=0,"費目の一覧にない",IF(C54="","金額を入れる",IF(YEAR(F54)<>'入力'!$B$5,"集計の年とちがう","")))))) | H54: ='入力'!A84&""
A55: 46078 | B55: 給料の手取り（ママ） | C55: 170000 | D55: 例 | F55: =IF(A55="","",IF(E55<>"",DATE(YEAR(E55),MONTH(E55),1),DATE(YEAR(A55),MONTH(A55),1))) | G55: =IF(A55&B55&C55="","",IF(A55="","日付を入れる",IF(B55="","費目を選ぶ",IF(COUNTIFS($H$4:$H$58,B55)=0,"費目の一覧にない",IF(C55="","金額を入れる",IF(YEAR(F55)<>'入力'!$B$5,"集計の年とちがう","")))))) | H55: ='入力'!A85&""
A56: 46078 | B56: 給料の手取り（パパ） | C56: 400000 | D56: 例 | F56: =IF(A56="","",IF(E56<>"",DATE(YEAR(E56),MONTH(E56),1),DATE(YEAR(A56),MONTH(A56),1))) | G56: =IF(A56&B56&C56="","",IF(A56="","日付を入れる",IF(B56="","費目を選ぶ",IF(COUNTIFS($H$4:$H$58,B56)=0,"費目の一覧にない",IF(C56="","金額を入れる",IF(YEAR(F56)<>'入力'!$B$5,"集計の年とちがう","")))))) | H56: ='入力'!A86&""
A57: 46080 | B57: 住まい（家賃・ローン） | C57: 105000 | D57: 例 | F57: =IF(A57="","",IF(E57<>"",DATE(YEAR(E57),MONTH(E57),1),DATE(YEAR(A57),MONTH(A57),1))) | G57: =IF(A57&B57&C57="","",IF(A57="","日付を入れる",IF(B57="","費目を選ぶ",IF(COUNTIFS($H$4:$H$58,B57)=0,"費目の一覧にない",IF(C57="","金額を入れる",IF(YEAR(F57)<>'入力'!$B$5,"集計の年とちがう","")))))) | H57: ='入力'!A87&""
A58: 46096 | B58: 管理費・駐車場 | C58: 10000 | D58: 例 | F58: =IF(A58="","",IF(E58<>"",DATE(YEAR(E58),MONTH(E58),1),DATE(YEAR(A58),MONTH(A58),1))) | G58: =IF(A58&B58&C58="","",IF(A58="","日付を入れる",IF(B58="","費目を選ぶ",IF(COUNTIFS($H$4:$H$58,B58)=0,"費目の一覧にない",IF(C58="","金額を入れる",IF(YEAR(F58)<>'入力'!$B$5,"集計の年とちがう","")))))) | H58: ='入力'!A88&""
A59: 46096 | B59: スマホ・ネット | C59: 9800 | D59: 例 | F59: =IF(A59="","",IF(E59<>"",DATE(YEAR(E59),MONTH(E59),1),DATE(YEAR(A59),MONTH(A59),1))) | G59: =IF(A59&B59&C59="","",IF(A59="","日付を入れる",IF(B59="","費目を選ぶ",IF(COUNTIFS($H$4:$H$58,B59)=0,"費目の一覧にない",IF(C59="","金額を入れる",IF(YEAR(F59)<>'入力'!$B$5,"集計の年とちがう",""))))))
A60: 46096 | B60: 保険 | C60: 8000 | D60: 例 | F60: =IF(A60="","",IF(E60<>"",DATE(YEAR(E60),MONTH(E60),1),DATE(YEAR(A60),MONTH(A60),1))) | G60: =IF(A60&B60&C60="","",IF(A60="","日付を入れる",IF(B60="","費目を選ぶ",IF(COUNTIFS($H$4:$H$58,B60)=0,"費目の一覧にない",IF(C60="","金額を入れる",IF(YEAR(F60)<>'入力'!$B$5,"集計の年とちがう",""))))))
A61: 46096 | B61: 保育料・学童 | C61: 45000 | D61: 例 | F61: =IF(A61="","",IF(E61<>"",DATE(YEAR(E61),MONTH(E61),1),DATE(YEAR(A61),MONTH(A61),1))) | G61: =IF(A61&B61&C61="","",IF(A61="","日付を入れる",IF(B61="","費目を選ぶ",IF(COUNTIFS($H$4:$H$58,B61)=0,"費目の一覧にない",IF(C61="","金額を入れる",IF(YEAR(F61)<>'入力'!$B$5,"集計の年とちがう",""))))))
A62: 46096 | B62: サブスク | C62: 2500 | D62: 例 | F62: =IF(A62="","",IF(E62<>"",DATE(YEAR(E62),MONTH(E62),1),DATE(YEAR(A62),MONTH(A62),1))) | G62: =IF(A62&B62&C62="","",IF(A62="","日付を入れる",IF(B62="","費目を選ぶ",IF(COUNTIFS($H$4:$H$58,B62)=0,"費目の一覧にない",IF(C62="","金額を入れる",IF(YEAR(F62)<>'入力'!$B$5,"集計の年とちがう",""))))))
A63: 46096 | B63: おこづかい（ママ） | C63: 15000 | D63: 例 | F63: =IF(A63="","",IF(E63<>"",DATE(YEAR(E63),MONTH(E63),1),DATE(YEAR(A63),MONTH(A63),1))) | G63: =IF(A63&B63&C63="","",IF(A63="","日付を入れる",IF(B63="","費目を選ぶ",IF(COUNTIFS($H$4:$H$58,B63)=0,"費目の一覧にない",IF(C63="","金額を入れる",IF(YEAR(F63)<>'入力'!$B$5,"集計の年とちがう",""))))))
A64: 46096 | B64: おこづかい（パパ） | C64: 20000 | D64: 例 | F64: =IF(A64="","",IF(E64<>"",DATE(YEAR(E64),MONTH(E64),1),DATE(YEAR(A64),MONTH(A64),1))) | G64: =IF(A64&B64&C64="","",IF(A64="","日付を入れる",IF(B64="","費目を選ぶ",IF(COUNTIFS($H$4:$H$58,B64)=0,"費目の一覧にない",IF(C64="","金額を入れる",IF(YEAR(F64)<>'入力'!$B$5,"集計の年とちがう",""))))))
A65: 46096 | B65: 食費（家） | C65: 66000 | D65: 例 | F65: =IF(A65="","",IF(E65<>"",DATE(YEAR(E65),MONTH(E65),1),DATE(YEAR(A65),MONTH(A65),1))) | G65: =IF(A65&B65&C65="","",IF(A65="","日付を入れる",IF(B65="","費目を選ぶ",IF(COUNTIFS($H$4:$H$58,B65)=0,"費目の一覧にない",IF(C65="","金額を入れる",IF(YEAR(F65)<>'入力'!$B$5,"集計の年とちがう",""))))))
A66: 46096 | B66: 外食・カフェ | C66: 8000 | D66: 例 | F66: =IF(A66="","",IF(E66<>"",DATE(YEAR(E66),MONTH(E66),1),DATE(YEAR(A66),MONTH(A66),1))) | G66: =IF(A66&B66&C66="","",IF(A66="","日付を入れる",IF(B66="","費目を選ぶ",IF(COUNTIFS($H$4:$H$58,B66)=0,"費目の一覧にない",IF(C66="","金額を入れる",IF(YEAR(F66)<>'入力'!$B$5,"集計の年とちがう",""))))))
A67: 46096 | B67: 日用品 | C67: 9000 | D67: 例 | F67: =IF(A67="","",IF(E67<>"",DATE(YEAR(E67),MONTH(E67),1),DATE(YEAR(A67),MONTH(A67),1))) | G67: =IF(A67&B67&C67="","",IF(A67="","日付を入れる",IF(B67="","費目を選ぶ",IF(COUNTIFS($H$4:$H$58,B67)=0,"費目の一覧にない",IF(C67="","金額を入れる",IF(YEAR(F67)<>'入力'!$B$5,"集計の年とちがう",""))))))
A68: 46096 | B68: 子どものもの | C68: 12000 | D68: 例 | F68: =IF(A68="","",IF(E68<>"",DATE(YEAR(E68),MONTH(E68),1),DATE(YEAR(A68),MONTH(A68),1))) | G68: =IF(A68&B68&C68="","",IF(A68="","日付を入れる",IF(B68="","費目を選ぶ",IF(COUNTIFS($H$4:$H$58,B68)=0,"費目の一覧にない",IF(C68="","金額を入れる",IF(YEAR(F68)<>'入力'!$B$5,"集計の年とちがう",""))))))
A69: 46096 | B69: 服・美容 | C69: 7000 | D69: 例 | F69: =IF(A69="","",IF(E69<>"",DATE(YEAR(E69),MONTH(E69),1),DATE(YEAR(A69),MONTH(A69),1))) | G69: =IF(A69&B69&C69="","",IF(A69="","日付を入れる",IF(B69="","費目を選ぶ",IF(COUNTIFS($H$4:$H$58,B69)=0,"費目の一覧にない",IF(C69="","金額を入れる",IF(YEAR(F69)<>'入力'!$B$5,"集計の年とちがう",""))))))
A70: 46096 | B70: 医療・薬 | C70: 3000 | D70: 例 | F70: =IF(A70="","",IF(E70<>"",DATE(YEAR(E70),MONTH(E70),1),DATE(YEAR(A70),MONTH(A70),1))) | G70: =IF(A70&B70&C70="","",IF(A70="","日付を入れる",IF(B70="","費目を選ぶ",IF(COUNTIFS($H$4:$H$58,B70)=0,"費目の一覧にない",IF(C70="","金額を入れる",IF(YEAR(F70)<>'入力'!$B$5,"集計の年とちがう",""))))))
... A224: 46261 | B224: 住まい（家賃・ローン） | C224: 105000 | D224: 例 | F224: =IF(A224="","",IF(E224<>"",DATE(YEAR(E224),MONTH(E224),1),DATE(YEAR(A224),MONTH(A224),1))) | G224: =IF(A224&B224&C224="","",IF(A224="","日付を入れる",IF(B224="","費目を選ぶ",IF(COUNTIFS($H$4:$H$58,B224)=0,"費目の一覧にない",IF(C224="","金額を入れる",IF(YEAR(F224)<>'入力'!$B$5,"集計の年とちがう",""))))))
F225: =IF(A225="","",IF(E225<>"",DATE(YEAR(E225),MONTH(E225),1),DATE(YEAR(A225),MONTH(A225),1))) | G225: =IF(A225&B225&C225="","",IF(A225="","日付を入れる",IF(B225="","費目を選ぶ",IF(COUNTIFS($H$4:$H$58,B225)=0,"費目の一覧にない",IF(C225="","金額を入れる",IF(YEAR(F225)<>'入力'!$B$5,"集計の年とちがう",""))))))
F226: =IF(A226="","",IF(E226<>"",DATE(YEAR(E226),MONTH(E226),1),DATE(YEAR(A226),MONTH(A226),1))) | G226: =IF(A226&B226&C226="","",IF(A226="","日付を入れる",IF(B226="","費目を選ぶ",IF(COUNTIFS($H$4:$H$58,B226)=0,"費目の一覧にない",IF(C226="","金額を入れる",IF(YEAR(F226)<>'入力'!$B$5,"集計の年とちがう",""))))))
F227: =IF(A227="","",IF(E227<>"",DATE(YEAR(E227),MONTH(E227),1),DATE(YEAR(A227),MONTH(A227),1))) | G227: =IF(A227&B227&C227="","",IF(A227="","日付を入れる",IF(B227="","費目を選ぶ",IF(COUNTIFS($H$4:$H$58,B227)=0,"費目の一覧にない",IF(C227="","金額を入れる",IF(YEAR(F227)<>'入力'!$B$5,"集計の年とちがう",""))))))
F228: =IF(A228="","",IF(E228<>"",DATE(YEAR(E228),MONTH(E228),1),DATE(YEAR(A228),MONTH(A228),1))) | G228: =IF(A228&B228&C228="","",IF(A228="","日付を入れる",IF(B228="","費目を選ぶ",IF(COUNTIFS($H$4:$H$58,B228)=0,"費目の一覧にない",IF(C228="","金額を入れる",IF(YEAR(F228)<>'入力'!$B$5,"集計の年とちがう",""))))))
F229: =IF(A229="","",IF(E229<>"",DATE(YEAR(E229),MONTH(E229),1),DATE(YEAR(A229),MONTH(A229),1))) | G229: =IF(A229&B229&C229="","",IF(A229="","日付を入れる",IF(B229="","費目を選ぶ",IF(COUNTIFS($H$4:$H$58,B229)=0,"費目の一覧にない",IF(C229="","金額を入れる",IF(YEAR(F229)<>'入力'!$B$5,"集計の年とちがう",""))))))
F230: =IF(A230="","",IF(E230<>"",DATE(YEAR(E230),MONTH(E230),1),DATE(YEAR(A230),MONTH(A230),1))) | G230: =IF(A230&B230&C230="","",IF(A230="","日付を入れる",IF(B230="","費目を選ぶ",IF(COUNTIFS($H$4:$H$58,B230)=0,"費目の一覧にない",IF(C230="","金額を入れる",IF(YEAR(F230)<>'入力'!$B$5,"集計の年とちがう",""))))))
F231: =IF(A231="","",IF(E231<>"",DATE(YEAR(E231),MONTH(E231),1),DATE(YEAR(A231),MONTH(A231),1))) | G231: =IF(A231&B231&C231="","",IF(A231="","日付を入れる",IF(B231="","費目を選ぶ",IF(COUNTIFS($H$4:$H$58,B231)=0,"費目の一覧にない",IF(C231="","金額を入れる",IF(YEAR(F231)<>'入力'!$B$5,"集計の年とちがう",""))))))
F232: =IF(A232="","",IF(E232<>"",DATE(YEAR(E232),MONTH(E232),1),DATE(YEAR(A232),MONTH(A232),1))) | G232: =IF(A232&B232&C232="","",IF(A232="","日付を入れる",IF(B232="","費目を選ぶ",IF(COUNTIFS($H$4:$H$58,B232)=0,"費目の一覧にない",IF(C232="","金額を入れる",IF(YEAR(F232)<>'入力'!$B$5,"集計の年とちがう",""))))))
F233: =IF(A233="","",IF(E233<>"",DATE(YEAR(E233),MONTH(E233),1),DATE(YEAR(A233),MONTH(A233),1))) | G233: =IF(A233&B233&C233="","",IF(A233="","日付を入れる",IF(B233="","費目を選ぶ",IF(COUNTIFS($H$4:$H$58,B233)=0,"費目の一覧にない",IF(C233="","金額を入れる",IF(YEAR(F233)<>'入力'!$B$5,"集計の年とちがう",""))))))
F234: =IF(A234="","",IF(E234<>"",DATE(YEAR(E234),MONTH(E234),1),DATE(YEAR(A234),MONTH(A234),1))) | G234: =IF(A234&B234&C234="","",IF(A234="","日付を入れる",IF(B234="","費目を選ぶ",IF(COUNTIFS($H$4:$H$58,B234)=0,"費目の一覧にない",IF(C234="","金額を入れる",IF(YEAR(F234)<>'入力'!$B$5,"集計の年とちがう",""))))))
F235: =IF(A235="","",IF(E235<>"",DATE(YEAR(E235),MONTH(E235),1),DATE(YEAR(A235),MONTH(A235),1))) | G235: =IF(A235&B235&C235="","",IF(A235="","日付を入れる",IF(B235="","費目を選ぶ",IF(COUNTIFS($H$4:$H$58,B235)=0,"費目の一覧にない",IF(C235="","金額を入れる",IF(YEAR(F235)<>'入力'!$B$5,"集計の年とちがう",""))))))
F236: =IF(A236="","",IF(E236<>"",DATE(YEAR(E236),MONTH(E236),1),DATE(YEAR(A236),MONTH(A236),1))) | G236: =IF(A236&B236&C236="","",IF(A236="","日付を入れる",IF(B236="","費目を選ぶ",IF(COUNTIFS($H$4:$H$58,B236)=0,"費目の一覧にない",IF(C236="","金額を入れる",IF(YEAR(F236)<>'入力'!$B$5,"集計の年とちがう",""))))))
... F2003: =IF(A2003="","",IF(E2003<>"",DATE(YEAR(E2003),MONTH(E2003),1),DATE(YEAR(A2003),MONTH(A2003),1))) | G2003: =IF(A2003&B2003&C2003="","",IF(A2003="","日付を入れる",IF(B2003="","費目を選ぶ",IF(COUNTIFS($H$4:$H$58,B2003)=0,"費目の一覧にない",IF(C2003="","金額を入れる",IF(YEAR(F2003)<>'入力'!$B$5,"集計の年とちがう",""))))))

Sheet 入力
A1: 入力（年に1回・月に1回 書く所）
A2: 例です。自分の数字に書きかえる。
A4: ■ 基本
A5: 集計する年 | B5: 2026 | F5: ここを変えると全部の年が変わる
A6: 年に数回の数え方 | B6: 払った月 | F6: 支出の割合の数え方を切りかえる
A7: 貯めた割合の目標 | B7: 0.1 | F7: 下回ると赤い字（自分で決める）
A8: 前の年からの繰越 | B8: 60000 | F8: 年に数回の財布の残り
A9: 前の年12月末の投資 | B9: 2050000 | F9: 投資の残高
A10: 前の年12月末の預金 | B10: 1900000 | F10: 預金・現金
A12: ■ 月末の残高（月に1回）
A13: 月 | B13: 投資の残高 | C13: 預金・現金 | D13: 取り崩した額 | E13: ポイントで買った分 | F13: この月のメモ
A14: =DATE($B$5,1,1) | B14: 2080000 | C14: 2070000 | D14: 0 | E14: 0
A15: =DATE($B$5,2,1) | B15: 2120000 | C15: 2230000 | D15: 0 | E15: 1000
A16: =DATE($B$5,3,1) | B16: 2100000 | C16: 2330000 | D16: 0 | E16: 0
A17: =DATE($B$5,4,1) | B17: 2170000 | C17: 2470000 | D17: 0 | E17: 1000
A18: =DATE($B$5,5,1) | B18: 2220000 | C18: 2460000 | D18: 0 | E18: 0
A19: =DATE($B$5,6,1) | B19: 2260000 | C19: 3080000 | D19: 0 | E19: 1000 | F19: 例：賞与が入った
A20: =DATE($B$5,7,1) | B20: 2310000 | C20: 3140000 | D20: 0 | E20: 0
A21: =DATE($B$5,8,1) | B21: 2290000 | C21: 3020000 | D21: 0 | E21: 1000 | F21: 例：2人目が生まれた
A22: =DATE($B$5,9,1) | B22: 2350000 | C22: 3230000 | D22: 0 | E22: 0
A23: =DATE($B$5,10,1)
A24: =DATE($B$5,11,1)
A25: =DATE($B$5,12,1)
A27: ■ 費目と毎月の予算
A28: 費目 | B28: 毎月の予算 | C28: ライフプランでの扱い | D28: メモ | E28: グループ（自動）
A29: □ 入るお金（予算＝毎月の見込み）
A30: 給料の手取り（ママ） | B30: 170000 | E30: 入るお金
A31: 給料の手取り（パパ） | B31: 400000 | E31: 入るお金
A32: 賞与（手取り） | B32: 0 | E32: 入るお金
A33: 育休・産休の給付金 | B33: 0 | E33: 入るお金
A34: 児童手当 | B34: 15000 | E34: 入るお金
A35: 一時金・お祝い | B35: 0 | E35: 入るお金
A36: 副業 | B36: 0 | E36: 入るお金
A37: その他の収入 | B37: 0 | E37: 入るお金
E38: 入るお金
E39: 入るお金
A40: □ 固定費（毎月ほぼ同じ）
A41: 住まい（家賃・ローン） | B41: 105000 | C41: 住まい | E41: 固定費
A42: 管理費・駐車場 | B42: 10000 | E42: 固定費
A43: 電気・ガス・水道 | B43: 22000 | E43: 固定費
A44: スマホ・ネット | B44: 9800 | E44: 固定費
A45: 保険 | B45: 8000 | E45: 固定費
A46: 保育料・学童 | B46: 45000 | C46: 教育 | E46: 固定費
A47: 習い事・塾 | B47: 0 | C47: 教育 | E47: 固定費
A48: サブスク | B48: 2500 | E48: 固定費
A49: おこづかい（ママ） | B49: 15000 | E49: 固定費
A50: おこづかい（パパ） | B50: 20000 | E50: 固定費
E51: 固定費
E52: 固定費
A53: □ 暮らしの費用（毎月かわる）
A54: 食費（家） | B54: 65000 | E54: 暮らしの費用
A55: 外食・カフェ | B55: 8000 | E55: 暮らしの費用
A56: 日用品 | B56: 9000 | E56: 暮らしの費用
A57: 子どものもの | B57: 12000 | E57: 暮らしの費用
A58: 服・美容 | B58: 7000 | E58: 暮らしの費用
A59: 医療・薬 | B59: 3000 | E59: 暮らしの費用
A60: 交通・ガソリン | B60: 6000 | E60: 暮らしの費用
A61: おでかけ・レジャー | B61: 10000 | E61: 暮らしの費用
A62: 交際・プレゼント | B62: 4000 | E62: 暮らしの費用
A63: 本・学び | B63: 2000 | E63: 暮らしの費用
A64: 現金で使った | B64: 5000 | E64: 暮らしの費用
A65: その他 | B65: 2000 | E65: 暮らしの費用
E66: 暮らしの費用
E67: 暮らしの費用
A68: 未分類 | B68: 0 | D68: 名前を変えない | E68: 暮らしの費用
A69: □ 年に数回の出費（予算は下の計画から）
A70: 税金・社会保険 | B70: =IF(A70="",0,SUMIFS($H$92:$H$103,$B$92:$B$103,A70)) | E70: 年に数回の出費
A71: 車（車検・税・保険） | B71: =IF(A71="",0,SUMIFS($H$92:$H$103,$B$92:$B$103,A71)) | E71: 年に数回の出費
A72: 家の保険（火災・地震） | B72: =IF(A72="",0,SUMIFS($H$92:$H$103,$B$92:$B$103,A72)) | E72: 年に数回の出費
A73: 固定資産税 | B73: =IF(A73="",0,SUMIFS($H$92:$H$103,$B$92:$B$103,A73)) | E73: 年に数回の出費
A74: 年払いの会費 | B74: =IF(A74="",0,SUMIFS($H$92:$H$103,$B$92:$B$103,A74)) | E74: 年に数回の出費
A75: 帰省・旅行 | B75: =IF(A75="",0,SUMIFS($H$92:$H$103,$B$92:$B$103,A75)) | E75: 年に数回の出費
A76: 誕生日・行事 | B76: =IF(A76="",0,SUMIFS($H$92:$H$103,$B$92:$B$103,A76)) | E76: 年に数回の出費
A77: 家電・家具 | B77: =IF(A77="",0,SUMIFS($H$92:$H$103,$B$92:$B$103,A77)) | E77: 年に数回の出費
A78: 冠婚葬祭 | B78: =IF(A78="",0,SUMIFS($H$92:$H$103,$B$92:$B$103,A78)) | E78: 年に数回の出費
A79: 家の修理 | B79: =IF(A79="",0,SUMIFS($H$92:$H$103,$B$92:$B$103,A79)) | E79: 年に数回の出費
A80: 医療（大きい物） | B80: =IF(A80="",0,SUMIFS($H$92:$H$103,$B$92:$B$103,A80)) | E80: 年に数回の出費
B81: =IF(A81="",0,SUMIFS($H$92:$H$103,$B$92:$B$103,A81)) | E81: 年に数回の出費
A82: □ 貯める・増やす（予算＝毎月の目標）
A83: NISA | B83: 30000 | C83: 投資 | E83: 貯める・増やす
A84: iDeCo | B84: 5000 | C84: 投資 | E84: 貯める・増やす
A85: そのほかの投資 | B85: 0 | C85: 投資 | E85: 貯める・増やす
A86: 先取り貯金 | B86: 20000 | C86: 預金 | E86: 貯める・増やす
A87: 子どもの口座へ | B87: 0 | C87: 預金 | E87: 貯める・増やす
E88: 貯める・増やす
A90: ■ 年に数回の出費の計画（12行）
A91: 何 | B91: 費目 | C91: 1回の金額 | D91: 払う月 | E91: 何年ごと | F91: 最初に払う年 | G91: 今年払う額（自動） | H91: 毎月よける額（自動）
A92: 固定資産税 | B92: 固定資産税 | C92: 120000 | D92: 5 | F92: 2026 | G92: =IF(($C92="")+($F92=""),0,IF(($B$5>=$F92)*(ROUND(($B$5-$F92)/IF($E92="",1,$E92),0)*IF($E92="",1,$E92)=($B$5-$F92)),$C92,0)) | H92: =IF($C92="",0,$C92/(IF($E92="",1,$E92)*12))
A93: 自動車税 | B93: 車（車検・税・保険） | C93: 40000 | D93: 5 | F93: 2026 | G93: =IF(($C93="")+($F93=""),0,IF(($B$5>=$F93)*(ROUND(($B$5-$F93)/IF($E93="",1,$E93),0)*IF($E93="",1,$E93)=($B$5-$F93)),$C93,0)) | H93: =IF($C93="",0,$C93/(IF($E93="",1,$E93)*12))
A94: 車検 | B94: 車（車検・税・保険） | C94: 100000 | D94: 11 | E94: 2 | F94: 2027 | G94: =IF(($C94="")+($F94=""),0,IF(($B$5>=$F94)*(ROUND(($B$5-$F94)/IF($E94="",1,$E94),0)*IF($E94="",1,$E94)=($B$5-$F94)),$C94,0)) | H94: =IF($C94="",0,$C94/(IF($E94="",1,$E94)*12))
A95: 車の保険 | B95: 車（車検・税・保険） | C95: 45000 | D95: 9 | F95: 2026 | G95: =IF(($C95="")+($F95=""),0,IF(($B$5>=$F95)*(ROUND(($B$5-$F95)/IF($E95="",1,$E95),0)*IF($E95="",1,$E95)=($B$5-$F95)),$C95,0)) | H95: =IF($C95="",0,$C95/(IF($E95="",1,$E95)*12))
A96: 火災・地震保険 | B96: 家の保険（火災・地震） | C96: 25000 | D96: 2 | F96: 2026 | G96: =IF(($C96="")+($F96=""),0,IF(($B$5>=$F96)*(ROUND(($B$5-$F96)/IF($E96="",1,$E96),0)*IF($E96="",1,$E96)=($B$5-$F96)),$C96,0)) | H96: =IF($C96="",0,$C96/(IF($E96="",1,$E96)*12))
A97: 帰省 | B97: 帰省・旅行 | C97: 60000 | D97: 4 | F97: 2026 | G97: =IF(($C97="")+($F97=""),0,IF(($B$5>=$F97)*(ROUND(($B$5-$F97)/IF($E97="",1,$E97),0)*IF($E97="",1,$E97)=($B$5-$F97)),$C97,0)) | H97: =IF($C97="",0,$C97/(IF($E97="",1,$E97)*12))
A98: 家族旅行 | B98: 帰省・旅行 | C98: 120000 | D98: 11 | F98: 2026 | G98: =IF(($C98="")+($F98=""),0,IF(($B$5>=$F98)*(ROUND(($B$5-$F98)/IF($E98="",1,$E98),0)*IF($E98="",1,$E98)=($B$5-$F98)),$C98,0)) | H98: =IF($C98="",0,$C98/(IF($E98="",1,$E98)*12))
A99: 誕生日と年末 | B99: 誕生日・行事 | C99: 40000 | D99: 12 | F99: 2026 | G99: =IF(($C99="")+($F99=""),0,IF(($B$5>=$F99)*(ROUND(($B$5-$F99)/IF($E99="",1,$E99),0)*IF($E99="",1,$E99)=($B$5-$F99)),$C99,0)) | H99: =IF($C99="",0,$C99/(IF($E99="",1,$E99)*12))
A100: 家電の買いかえ | B100: 家電・家具 | C100: 100000 | D100: 3 | F100: 2026 | G100: =IF(($C100="")+($F100=""),0,IF(($B$5>=$F100)*(ROUND(($B$5-$F100)/IF($E100="",1,$E100),0)*IF($E100="",1,$E100)=($B$5-$F100)),$C100,0)) | H100: =IF($C100="",0,$C100/(IF($E100="",1,$E100)*12))
A101: 冠婚葬祭 | B101: 冠婚葬祭 | C101: 60000 | D101: 6 | F101: 2026 | G101: =IF(($C101="")+($F101=""),0,IF(($B$5>=$F101)*(ROUND(($B$5-$F101)/IF($E101="",1,$E101),0)*IF($E101="",1,$E101)=($B$5-$F101)),$C101,0)) | H101: =IF($C101="",0,$C101/(IF($E101="",1,$E101)*12))
G102: =IF(($C102="")+($F102=""),0,IF(($B$5>=$F102)*(ROUND(($B$5-$F102)/IF($E102="",1,$E102),0)*IF($E102="",1,$E102)=($B$5-$F102)),$C102,0)) | H102: =IF($C102="",0,$C102/(IF($E102="",1,$E102)*12))
G103: =IF(($C103="")+($F103=""),0,IF(($B$5>=$F103)*(ROUND(($B$5-$F103)/IF($E103="",1,$E103),0)*IF($E103="",1,$E103)=($B$5-$F103)),$C103,0)) | H103: =IF($C103="",0,$C103/(IF($E103="",1,$E103)*12))
A104: 合計 | G104: =SUM(G92:G103) | H104: =SUM(H92:H103)
...

Sheet 月の表
A1: 月の表（費目×12か月）
A2: ="集計する年："&'入力'!$B$5&"年"
A3: 費目 | B3: =DATE('入力'!$B$5,1,1) | C3: =EOMONTH(B3,0)+1 | D3: =EOMONTH(C3,0)+1 | E3: =EOMONTH(D3,0)+1 | F3: =EOMONTH(E3,0)+1 | G3: =EOMONTH(F3,0)+1 | H3: =EOMONTH(G3,0)+1 | I3: =EOMONTH(H3,0)+1 | J3: =EOMONTH(I3,0)+1 | ... M3: =EOMONTH(L3,0)+1 | N3: 合計 | O3: 月の平均 | P3: 年の予算 | Q3: 予算との差 | R3: 扱い | S3: グループ
A4: □ 入るお金
A5: =IF('入力'!A30="","",'入力'!A30) | B5: =IF($A5="","",SUMIFS('記録'!$C$4:$C$2003,'記録'!$B$4:$B$2003,$A5,'記録'!$F$4:$F$2003,B$3)+SUMIFS('明細'!$T$4:$T$3003,'明細'!$S$4:$S$3003,$A5,'明細'!$M$4:$M$3003,B$3)) | C5: =IF($A5="","",SUMIFS('記録'!$C$4:$C$2003,'記録'!$B$4:$B$2003,$A5,'記録'!$F$4:$F$2003,C$3)+SUMIFS('明細'!$T$4:$T$3003,'明細'!$S$4:$S$3003,$A5,'明細'!$M$4:$M$3003,C$3)) | D5: =IF($A5="","",SUMIFS('記録'!$C$4:$C$2003,'記録'!$B$4:$B$2003,$A5,'記録'!$F$4:$F$2003,D$3)+SUMIFS('明細'!$T$4:$T$3003,'明細'!$S$4:$S$3003,$A5,'明細'!$M$4:$M$3003,D$3)) | E5: =IF($A5="","",SUMIFS('記録'!$C$4:$C$2003,'記録'!$B$4:$B$2003,$A5,'記録'!$F$4:$F$2003,E$3)+SUMIFS('明細'!$T$4:$T$3003,'明細'!$S$4:$S$3003,$A5,'明細'!$M$4:$M$3003,E$3)) | F5: =IF($A5="","",SUMIFS('記録'!$C$4:$C$2003,'記録'!$B$4:$B$2003,$A5,'記録'!$F$4:$F$2003,F$3)+SUMIFS('明細'!$T$4:$T$3003,'明細'!$S$4:$S$3003,$A5,'明細'!$M$4:$M$3003,F$3)) | G5: =IF($A5="","",SUMIFS('記録'!$C$4:$C$2003,'記録'!$B$4:$B$2003,$A5,'記録'!$F$4:$F$2003,G$3)+SUMIFS('明細'!$T$4:$T$3003,'明細'!$S$4:$S$3003,$A5,'明細'!$M$4:$M$3003,G$3)) | H5: =IF($A5="","",SUMIFS('記録'!$C$4:$C$2003,'記録'!$B$4:$B$2003,$A5,'記録'!$F$4:$F$2003,H$3)+SUMIFS('明細'!$T$4:$T$3003,'明細'!$S$4:$S$3003,$A5,'明細'!$M$4:$M$3003,H$3)) | I5: =IF($A5="","",SUMIFS('記録'!$C$4:$C$2003,'記録'!$B$4:$B$2003,$A5,'記録'!$F$4:$F$2003,I$3)+SUMIFS('明細'!$T$4:$T$3003,'明細'!$S$4:$S$3003,$A5,'明細'!$M$4:$M$3003,I$3)) | ... M5: =IF($A5="","",SUMIFS('記録'!$C$4:$C$2003,'記録'!$B$4:$B$2003,$A5,'記録'!$F$4:$F$2003,M$3)+SUMIFS('明細'!$T$4:$T$3003,'明細'!$S$4:$S$3003,$A5,'明細'!$M$4:$M$3003,M$3)) | N5: =IF($A5="","",SUM(B5:M5)) | O5: =IF(($A5="")+(SUM($B$77:$M$77)=0),"",N5/SUM($B$77:$M$77)) | P5: =IF($A5="","",'入力'!B30*12) | Q5: =IF($A5="","",N5-P5) | R5: ='入力'!C30&"" | S5: ='入力'!E30&""
A6: =IF('入力'!A31="","",'入力'!A31) | B6: =IF($A6="","",SUMIFS('記録'!$C$4:$C$2003,'記録'!$B$4:$B$2003,$A6,'記録'!$F$4:$F$2003,B$3)+SUMIFS('明細'!$T$4:$T$3003,'明細'!$S$4:$S$3003,$A6,'明細'!$M$4:$M$3003,B$3)) | C6: =IF($A6="","",SUMIFS('記録'!$C$4:$C$2003,'記録'!$B$4:$B$2003,$A6,'記録'!$F$4:$F$2003,C$3)+SUMIFS('明細'!$T$4:$T$3003,'明細'!$S$4:$S$3003,$A6,'明細'!$M$4:$M$3003,C$3)) | D6: =IF($A6="","",SUMIFS('記録'!$C$4:$C$2003,'記録'!$B$4:$B$2003,$A6,'記録'!$F$4:$F$2003,D$3)+SUMIFS('明細'!$T$4:$T$3003,'明細'!$S$4:$S$3003,$A6,'明細'!$M$4:$M$3003,D$3)) | E6: =IF($A6="","",SUMIFS('記録'!$C$4:$C$2003,'記録'!$B$4:$B$2003,$A6,'記録'!$F$4:$F$2003,E$3)+SUMIFS('明細'!$T$4:$T$3003,'明細'!$S$4:$S$3003,$A6,'明細'!$M$4:$M$3003,E$3)) | F6: =IF($A6="","",SUMIFS('記録'!$C$4:$C$2003,'記録'!$B$4:$B$2003,$A6,'記録'!$F$4:$F$2003,F$3)+SUMIFS('明細'!$T$4:$T$3003,'明細'!$S$4:$S$3003,$A6,'明細'!$M$4:$M$3003,F$3)) | G6: =IF($A6="","",SUMIFS('記録'!$C$4:$C$2003,'記録'!$B$4:$B$2003,$A6,'記録'!$F$4:$F$2003,G$3)+SUMIFS('明細'!$T$4:$T$3003,'明細'!$S$4:$S$3003,$A6,'明細'!$M$4:$M$3003,G$3)) | H6: =IF($A6="","",SUMIFS('記録'!$C$4:$C$2003,'記録'!$B$4:$B$2003,$A6,'記録'!$F$4:$F$2003,H$3)+SUMIFS('明細'!$T$4:$T$3003,'明細'!$S$4:$S$3003,$A6,'明細'!$M$4:$M$3003,H$3)) | I6: =IF($A6="","",SUMIFS('記録'!$C$4:$C$2003,'記録'!$B$4:$B$2003,$A6,'記録'!$F$4:$F$2003,I$3)+SUMIFS('明細'!$T$4:$T$3003,'明細'!$S$4:$S$3003,$A6,'明細'!$M$4:$M$3003,I$3)) | ... M6: =IF($A6="","",SUMIFS('記録'!$C$4:$C$2003,'記録'!$B$4:$B$2003,$A6,'記録'!$F$4:$F$2003,M$3)+SUMIFS('明細'!$T$4:$T$3003,'明細'!$S$4:$S$3003,$A6,'明細'!$M$4:$M$3003,M$3)) | N6: =IF($A6="","",SUM(B6:M6)) | O6: =IF(($A6="")+(SUM($B$77:$M$77)=0),"",N6/SUM($B$77:$M$77)) | P6: =IF($A6="","",'入力'!B31*12) | Q6: =IF($A6="","",N6-P6) | R6: ='入力'!C31&"" | S6: ='入力'!E31&""
A7: =IF('入力'!A32="","",'入力'!A32) | B7: =IF($A7="","",SUMIFS('記録'!$C$4:$C$2003,'記録'!$B$4:$B$2003,$A7,'記録'!$F$4:$F$2003,B$3)+SUMIFS('明細'!$T$4:$T$3003,'明細'!$S$4:$S$3003,$A7,'明細'!$M$4:$M$3003,B$3)) | C7: =IF($A7="","",SUMIFS('記録'!$C$4:$C$2003,'記録'!$B$4:$B$2003,$A7,'記録'!$F$4:$F$2003,C$3)+SUMIFS('明細'!$T$4:$T$3003,'明細'!$S$4:$S$3003,$A7,'明細'!$M$4:$M$3003,C$3)) | D7: =IF($A7="","",SUMIFS('記録'!$C$4:$C$2003,'記録'!$B$4:$B$2003,$A7,'記録'!$F$4:$F$2003,D$3)+SUMIFS('明細'!$T$4:$T$3003,'明細'!$S$4:$S$3003,$A7,'明細'!$M$4:$M$3003,D$3)) | E7: =IF($A7="","",SUMIFS('記録'!$C$4:$C$2003,'記録'!$B$4:$B$2003,$A7,'記録'!$F$4:$F$2003,E$3)+SUMIFS('明細'!$T$4:$T$3003,'明細'!$S$4:$S$3003,$A7,'明細'!$M$4:$M$3003,E$3)) | F7: =IF($A7="","",SUMIFS('記録'!$C$4:$C$2003,'記録'!$B$4:$B$2003,$A7,'記録'!$F$4:$F$2003,F$3)+SUMIFS('明細'!$T$4:$T$3003,'明細'!$S$4:$S$3003,$A7,'明細'!$M$4:$M$3003,F$3)) | G7: =IF($A7="","",SUMIFS('記録'!$C$4:$C$2003,'記録'!$B$4:$B$2003,$A7,'記録'!$F$4:$F$2003,G$3)+SUMIFS('明細'!$T$4:$T$3003,'明細'!$S$4:$S$3003,$A7,'明細'!$M$4:$M$3003,G$3)) | H7: =IF($A7="","",SUMIFS('記録'!$C$4:$C$2003,'記録'!$B$4:$B$2003,$A7,'記録'!$F$4:$F$2003,H$3)+SUMIFS('明細'!$T$4:$T$3003,'明細'!$S$4:$S$3003,$A7,'明細'!$M$4:$M$3003,H$3)) | I7: =IF($A7="","",SUMIFS('記録'!$C$4:$C$2003,'記録'!$B$4:$B$2003,$A7,'記録'!$F$4:$F$2003,I$3)+SUMIFS('明細'!$T$4:$T$3003,'明細'!$S$4:$S$3003,$A7,'明細'!$M$4:$M$3003,I$3)) | ... M7: =IF($A7="","",SUMIFS('記録'!$C$4:$C$2003,'記録'!$B$4:$B$2003,$A7,'記録'!$F$4:$F$2003,M$3)+SUMIFS('明細'!$T$4:$T$3003,'明細'!$S$4:$S$3003,$A7,'明細'!$M$4:$M$3003,M$3)) | N7: =IF($A7="","",SUM(B7:M7)) | O7: =IF(($A7="")+(SUM($B$77:$M$77)=0),"",N7/SUM($B$77:$M$77)) | P7: =IF($A7="","",'入力'!B32*12) | Q7: =IF($A7="","",N7-P7) | R7: ='入力'!C32&"" | S7: ='入力'!E32&""
A8: =IF('入力'!A33="","",'入力'!A33) | B8: =IF($A8="","",SUMIFS('記録'!$C$4:$C$2003,'記録'!$B$4:$B$2003,$A8,'記録'!$F$4:$F$2003,B$3)+SUMIFS('明細'!$T$4:$T$3003,'明細'!$S$4:$S$3003,$A8,'明細'!$M$4:$M$3003,B$3)) | C8: =IF($A8="","",SUMIFS('記録'!$C$4:$C$2003,'記録'!$B$4:$B$2003,$A8,'記録'!$F$4:$F$2003,C$3)+SUMIFS('明細'!$T$4:$T$3003,'明細'!$S$4:$S$3003,$A8,'明細'!$M$4:$M$3003,C$3)) | D8: =IF($A8="","",SUMIFS('記録'!$C$4:$C$2003,'記録'!$B$4:$B$2003,$A8,'記録'!$F$4:$F$2003,D$3)+SUMIFS('明細'!$T$4:$T$3003,'明細'!$S$4:$S$3003,$A8,'明細'!$M$4:$M$3003,D$3)) | E8: =IF($A8="","",SUMIFS('記録'!$C$4:$C$2003,'記録'!$B$4:$B$2003,$A8,'記録'!$F$4:$F$2003,E$3)+SUMIFS('明細'!$T$4:$T$3003,'明細'!$S$4:$S$3003,$A8,'明細'!$M$4:$M$3003,E$3)) | F8: =IF($A8="","",SUMIFS('記録'!$C$4:$C$2003,'記録'!$B$4:$B$2003,$A8,'記録'!$F$4:$F$2003,F$3)+SUMIFS('明細'!$T$4:$T$3003,'明細'!$S$4:$S$3003,$A8,'明細'!$M$4:$M$3003,F$3)) | G8: =IF($A8="","",SUMIFS('記録'!$C$4:$C$2003,'記録'!$B$4:$B$2003,$A8,'記録'!$F$4:$F$2003,G$3)+SUMIFS('明細'!$T$4:$T$3003,'明細'!$S$4:$S$3003,$A8,'明細'!$M$4:$M$3003,G$3)) | H8: =IF($A8="","",SUMIFS('記録'!$C$4:$C$2003,'記録'!$B$4:$B$2003,$A8,'記録'!$F$4:$F$2003,H$3)+SUMIFS('明細'!$T$4:$T$3003,'明細'!$S$4:$S$3003,$A8,'明細'!$M$4:$M$3003,H$3)) | I8: =IF($A8="","",SUMIFS('記録'!$C$4:$C$2003,'記録'!$B$4:$B$2003,$A8,'記録'!$F$4:$F$2003,I$3)+SUMIFS('明細'!$T$4:$T$3003,'明細'!$S$4:$S$3003,$A8,'明細'!$M$4:$M$3003,I$3)) | ... M8: =IF($A8="","",SUMIFS('記録'!$C$4:$C$2003,'記録'!$B$4:$B$2003,$A8,'記録'!$F$4:$F$2003,M$3)+SUMIFS('明細'!$T$4:$T$3003,'明細'!$S$4:$S$3003,$A8,'明細'!$M$4:$M$3003,M$3)) | N8: =IF($A8="","",SUM(B8:M8)) | O8: =IF(($A8="")+(SUM($B$77:$M$77)=0),"",N8/SUM($B$77:$M$77)) | P8: =IF($A8="","",'入力'!B33*12) | Q8: =IF($A8="","",N8-P8) | R8: ='入力'!C33&"" | S8: ='入力'!E33&""
A9: =IF('入力'!A34="","",'入力'!A34) | B9: =IF($A9="","",SUMIFS('記録'!$C$4:$C$2003,'記録'!$B$4:$B$2003,$A9,'記録'!$F$4:$F$2003,B$3)+SUMIFS('明細'!$T$4:$T$3003,'明細'!$S$4:$S$3003,$A9,'明細'!$M$4:$M$3003,B$3)) | C9: =IF($A9="","",SUMIFS('記録'!$C$4:$C$2003,'記録'!$B$4:$B$2003,$A9,'記録'!$F$4:$F$2003,C$3)+SUMIFS('明細'!$T$4:$T$3003,'明細'!$S$4:$S$3003,$A9,'明細'!$M$4:$M$3003,C$3)) | D9: =IF($A9="","",SUMIFS('記録'!$C$4:$C$2003,'記録'!$B$4:$B$2003,$A9,'記録'!$F$4:$F$2003,D$3)+SUMIFS('明細'!$T$4:$T$3003,'明細'!$S$4:$S$3003,$A9,'明細'!$M$4:$M$3003,D$3)) | E9: =IF($A9="","",SUMIFS('記録'!$C$4:$C$2003,'記録'!$B$4:$B$2003,$A9,'記録'!$F$4:$F$2003,E$3)+SUMIFS('明細'!$T$4:$T$3003,'明細'!$S$4:$S$3003,$A9,'明細'!$M$4:$M$3003,E$3)) | F9: =IF($A9="","",SUMIFS('記録'!$C$4:$C$2003,'記録'!$B$4:$B$2003,$A9,'記録'!$F$4:$F$2003,F$3)+SUMIFS('明細'!$T$4:$T$3003,'明細'!$S$4:$S$3003,$A9,'明細'!$M$4:$M$3003,F$3)) | G9: =IF($A9="","",SUMIFS('記録'!$C$4:$C$2003,'記録'!$B$4:$B$2003,$A9,'記録'!$F$4:$F$2003,G$3)+SUMIFS('明細'!$T$4:$T$3003,'明細'!$S$4:$S$3003,$A9,'明細'!$M$4:$M$3003,G$3)) | H9: =IF($A9="","",SUMIFS('記録'!$C$4:$C$2003,'記録'!$B$4:$B$2003,$A9,'記録'!$F$4:$F$2003,H$3)+SUMIFS('明細'!$T$4:$T$3003,'明細'!$S$4:$S$3003,$A9,'明細'!$M$4:$M$3003,H$3)) | I9: =IF($A9="","",SUMIFS('記録'!$C$4:$C$2003,'記録'!$B$4:$B$2003,$A9,'記録'!$F$4:$F$2003,I$3)+SUMIFS('明細'!$T$4:$T$3003,'明細'!$S$4:$S$3003,$A9,'明細'!$M$4:$M$3003,I$3)) | ... M9: =IF($A9="","",SUMIFS('記録'!$C$4:$C$2003,'記録'!$B$4:$B$2003,$A9,'記録'!$F$4:$F$2003,M$3)+SUMIFS('明細'!$T$4:$T$3003,'明細'!$S$4:$S$3003,$A9,'明細'!$M$4:$M$3003,M$3)) | N9: =IF($A9="","",SUM(B9:M9)) | O9: =IF(($A9="")+(SUM($B$77:$M$77)=0),"",N9/SUM($B$77:$M$77)) | P9: =IF($A9="","",'入力'!B34*12) | Q9: =IF($A9="","",N9-P9) | R9: ='入力'!C34&"" | S9: ='入力'!E34&""
A10: =IF('入力'!A35="","",'入力'!A35) | B10: =IF($A10="","",SUMIFS('記録'!$C$4:$C$2003,'記録'!$B$4:$B$2003,$A10,'記録'!$F$4:$F$2003,B$3)+SUMIFS('明細'!$T$4:$T$3003,'明細'!$S$4:$S$3003,$A10,'明細'!$M$4:$M$3003,B$3)) | C10: =IF($A10="","",SUMIFS('記録'!$C$4:$C$2003,'記録'!$B$4:$B$2003,$A10,'記録'!$F$4:$F$2003,C$3)+SUMIFS('明細'!$T$4:$T$3003,'明細'!$S$4:$S$3003,$A10,'明細'!$M$4:$M$3003,C$3)) | D10: =IF($A10="","",SUMIFS('記録'!$C$4:$C$2003,'記録'!$B$4:$B$2003,$A10,'記録'!$F$4:$F$2003,D$3)+SUMIFS('明細'!$T$4:$T$3003,'明細'!$S$4:$S$3003,$A10,'明細'!$M$4:$M$3003,D$3)) | E10: =IF($A10="","",SUMIFS('記録'!$C$4:$C$2003,'記録'!$B$4:$B$2003,$A10,'記録'!$F$4:$F$2003,E$3)+SUMIFS('明細'!$T$4:$T$3003,'明細'!$S$4:$S$3003,$A10,'明細'!$M$4:$M$3003,E$3)) | F10: =IF($A10="","",SUMIFS('記録'!$C$4:$C$2003,'記録'!$B$4:$B$2003,$A10,'記録'!$F$4:$F$2003,F$3)+SUMIFS('明細'!$T$4:$T$3003,'明細'!$S$4:$S$3003,$A10,'明細'!$M$4:$M$3003,F$3)) | G10: =IF($A10="","",SUMIFS('記録'!$C$4:$C$2003,'記録'!$B$4:$B$2003,$A10,'記録'!$F$4:$F$2003,G$3)+SUMIFS('明細'!$T$4:$T$3003,'明細'!$S$4:$S$3003,$A10,'明細'!$M$4:$M$3003,G$3)) | H10: =IF($A10="","",SUMIFS('記録'!$C$4:$C$2003,'記録'!$B$4:$B$2003,$A10,'記録'!$F$4:$F$2003,H$3)+SUMIFS('明細'!$T$4:$T$3003,'明細'!$S$4:$S$3003,$A10,'明細'!$M$4:$M$3003,H$3)) | I10: =IF($A10="","",SUMIFS('記録'!$C$4:$C$2003,'記録'!$B$4:$B$2003,$A10,'記録'!$F$4:$F$2003,I$3)+SUMIFS('明細'!$T$4:$T$3003,'明細'!$S$4:$S$3003,$A10,'明細'!$M$4:$M$3003,I$3)) | ... M10: =IF($A10="","",SUMIFS('記録'!$C$4:$C$2003,'記録'!$B$4:$B$2003,$A10,'記録'!$F$4:$F$2003,M$3)+SUMIFS('明細'!$T$4:$T$3003,'明細'!$S$4:$S$3003,$A10,'明細'!$M$4:$M$3003,M$3)) | N10: =IF($A10="","",SUM(B10:M10)) | O10: =IF(($A10="")+(SUM($B$77:$M$77)=0),"",N10/SUM($B$77:$M$77)) | P10: =IF($A10="","",'入力'!B35*12) | Q10: =IF($A10="","",N10-P10) | R10: ='入力'!C35&"" | S10: ='入力'!E35&""
A11: =IF('入力'!A36="","",'入力'!A36) | B11: =IF($A11="","",SUMIFS('記録'!$C$4:$C$2003,'記録'!$B$4:$B$2003,$A11,'記録'!$F$4:$F$2003,B$3)+SUMIFS('明細'!$T$4:$T$3003,'明細'!$S$4:$S$3003,$A11,'明細'!$M$4:$M$3003,B$3)) | C11: =IF($A11="","",SUMIFS('記録'!$C$4:$C$2003,'記録'!$B$4:$B$2003,$A11,'記録'!$F$4:$F$2003,C$3)+SUMIFS('明細'!$T$4:$T$3003,'明細'!$S$4:$S$3003,$A11,'明細'!$M$4:$M$3003,C$3)) | D11: =IF($A11="","",SUMIFS('記録'!$C$4:$C$2003,'記録'!$B$4:$B$2003,$A11,'記録'!$F$4:$F$2003,D$3)+SUMIFS('明細'!$T$4:$T$3003,'明細'!$S$4:$S$3003,$A11,'明細'!$M$4:$M$3003,D$3)) | E11: =IF($A11="","",SUMIFS('記録'!$C$4:$C$2003,'記録'!$B$4:$B$2003,$A11,'記録'!$F$4:$F$2003,E$3)+SUMIFS('明細'!$T$4:$T$3003,'明細'!$S$4:$S$3003,$A11,'明細'!$M$4:$M$3003,E$3)) | F11: =IF($A11="","",SUMIFS('記録'!$C$4:$C$2003,'記録'!$B$4:$B$2003,$A11,'記録'!$F$4:$F$2003,F$3)+SUMIFS('明細'!$T$4:$T$3003,'明細'!$S$4:$S$3003,$A11,'明細'!$M$4:$M$3003,F$3)) | G11: =IF($A11="","",SUMIFS('記録'!$C$4:$C$2003,'記録'!$B$4:$B$2003,$A11,'記録'!$F$4:$F$2003,G$3)+SUMIFS('明細'!$T$4:$T$3003,'明細'!$S$4:$S$3003,$A11,'明細'!$M$4:$M$3003,G$3)) | H11: =IF($A11="","",SUMIFS('記録'!$C$4:$C$2003,'記録'!$B$4:$B$2003,$A11,'記録'!$F$4:$F$2003,H$3)+SUMIFS('明細'!$T$4:$T$3003,'明細'!$S$4:$S$3003,$A11,'明細'!$M$4:$M$3003,H$3)) | I11: =IF($A11="","",SUMIFS('記録'!$C$4:$C$2003,'記録'!$B$4:$B$2003,$A11,'記録'!$F$4:$F$2003,I$3)+SUMIFS('明細'!$T$4:$T$3003,'明細'!$S$4:$S$3003,$A11,'明細'!$M$4:$M$3003,I$3)) | ... M11: =IF($A11="","",SUMIFS('記録'!$C$4:$C$2003,'記録'!$B$4:$B$2003,$A11,'記録'!$F$4:$F$2003,M$3)+SUMIFS('明細'!$T$4:$T$3003,'明細'!$S$4:$S$3003,$A11,'明細'!$M$4:$M$3003,M$3)) | N11: =IF($A11="","",SUM(B11:M11)) | O11: =IF(($A11="")+(SUM($B$77:$M$77)=0),"",N11/SUM($B$77:$M$77)) | P11: =IF($A11="","",'入力'!B36*12) | Q11: =IF($A11="","",N11-P11) | R11: ='入力'!C36&"" | S11: ='入力'!E36&""
A12: =IF('入力'!A37="","",'入力'!A37) | B12: =IF($A12="","",SUMIFS('記録'!$C$4:$C$2003,'記録'!$B$4:$B$2003,$A12,'記録'!$F$4:$F$2003,B$3)+SUMIFS('明細'!$T$4:$T$3003,'明細'!$S$4:$S$3003,$A12,'明細'!$M$4:$M$3003,B$3)) | C12: =IF($A12="","",SUMIFS('記録'!$C$4:$C$2003,'記録'!$B$4:$B$2003,$A12,'記録'!$F$4:$F$2003,C$3)+SUMIFS('明細'!$T$4:$T$3003,'明細'!$S$4:$S$3003,$A12,'明細'!$M$4:$M$3003,C$3)) | D12: =IF($A12="","",SUMIFS('記録'!$C$4:$C$2003,'記録'!$B$4:$B$2003,$A12,'記録'!$F$4:$F$2003,D$3)+SUMIFS('明細'!$T$4:$T$3003,'明細'!$S$4:$S$3003,$A12,'明細'!$M$4:$M$3003,D$3)) | E12: =IF($A12="","",SUMIFS('記録'!$C$4:$C$2003,'記録'!$B$4:$B$2003,$A12,'記録'!$F$4:$F$2003,E$3)+SUMIFS('明細'!$T$4:$T$3003,'明細'!$S$4:$S$3003,$A12,'明細'!$M$4:$M$3003,E$3)) | F12: =IF($A12="","",SUMIFS('記録'!$C$4:$C$2003,'記録'!$B$4:$B$2003,$A12,'記録'!$F$4:$F$2003,F$3)+SUMIFS('明細'!$T$4:$T$3003,'明細'!$S$4:$S$3003,$A12,'明細'!$M$4:$M$3003,F$3)) | G12: =IF($A12="","",SUMIFS('記録'!$C$4:$C$2003,'記録'!$B$4:$B$2003,$A12,'記録'!$F$4:$F$2003,G$3)+SUMIFS('明細'!$T$4:$T$3003,'明細'!$S$4:$S$3003,$A12,'明細'!$M$4:$M$3003,G$3)) | H12: =IF($A12="","",SUMIFS('記録'!$C$4:$C$2003,'記録'!$B$4:$B$2003,$A12,'記録'!$F$4:$F$2003,H$3)+SUMIFS('明細'!$T$4:$T$3003,'明細'!$S$4:$S$3003,$A12,'明細'!$M$4:$M$3003,H$3)) | I12: =IF($A12="","",SUMIFS('記録'!$C$4:$C$2003,'記録'!$B$4:$B$2003,$A12,'記録'!$F$4:$F$2003,I$3)+SUMIFS('明細'!$T$4:$T$3003,'明細'!$S$4:$S$3003,$A12,'明細'!$M$4:$M$3003,I$3)) | ... M12: =IF($A12="","",SUMIFS('記録'!$C$4:$C$2003,'記録'!$B$4:$B$2003,$A12,'記録'!$F$4:$F$2003,M$3)+SUMIFS('明細'!$T$4:$T$3003,'明細'!$S$4:$S$3003,$A12,'明細'!$M$4:$M$3003,M$3)) | N12: =IF($A12="","",SUM(B12:M12)) | O12: =IF(($A12="")+(SUM($B$77:$M$77)=0),"",N12/SUM($B$77:$M$77)) | P12: =IF($A12="","",'入力'!B37*12) | Q12: =IF($A12="","",N12-P12) | R12: ='入力'!C37&"" | S12: ='入力'!E37&""
A13: =IF('入力'!A38="","",'入力'!A38) | B13: =IF($A13="","",SUMIFS('記録'!$C$4:$C$2003,'記録'!$B$4:$B$2003,$A13,'記録'!$F$4:$F$2003,B$3)+SUMIFS('明細'!$T$4:$T$3003,'明細'!$S$4:$S$3003,$A13,'明細'!$M$4:$M$3003,B$3)) | C13: =IF($A13="","",SUMIFS('記録'!$C$4:$C$2003,'記録'!$B$4:$B$2003,$A13,'記録'!$F$4:$F$2003,C$3)+SUMIFS('明細'!$T$4:$T$3003,'明細'!$S$4:$S$3003,$A13,'明細'!$M$4:$M$3003,C$3)) | D13: =IF($A13="","",SUMIFS('記録'!$C$4:$C$2003,'記録'!$B$4:$B$2003,$A13,'記録'!$F$4:$F$2003,D$3)+SUMIFS('明細'!$T$4:$T$3003,'明細'!$S$4:$S$3003,$A13,'明細'!$M$4:$M$3003,D$3)) | E13: =IF($A13="","",SUMIFS('記録'!$C$4:$C$2003,'記録'!$B$4:$B$2003,$A13,'記録'!$F$4:$F$2003,E$3)+SUMIFS('明細'!$T$4:$T$3003,'明細'!$S$4:$S$3003,$A13,'明細'!$M$4:$M$3003,E$3)) | F13: =IF($A13="","",SUMIFS('記録'!$C$4:$C$2003,'記録'!$B$4:$B$2003,$A13,'記録'!$F$4:$F$2003,F$3)+SUMIFS('明細'!$T$4:$T$3003,'明細'!$S$4:$S$3003,$A13,'明細'!$M$4:$M$3003,F$3)) | G13: =IF($A13="","",SUMIFS('記録'!$C$4:$C$2003,'記録'!$B$4:$B$2003,$A13,'記録'!$F$4:$F$2003,G$3)+SUMIFS('明細'!$T$4:$T$3003,'明細'!$S$4:$S$3003,$A13,'明細'!$M$4:$M$3003,G$3)) | H13: =IF($A13="","",SUMIFS('記録'!$C$4:$C$2003,'記録'!$B$4:$B$2003,$A13,'記録'!$F$4:$F$2003,H$3)+SUMIFS('明細'!$T$4:$T$3003,'明細'!$S$4:$S$3003,$A13,'明細'!$M$4:$M$3003,H$3)) | I13: =IF($A13="","",SUMIFS('記録'!$C$4:$C$2003,'記録'!$B$4:$B$2003,$A13,'記録'!$F$4:$F$2003,I$3)+SUMIFS('明細'!$T$4:$T$3003,'明細'!$S$4:$S$3003,$A13,'明細'!$M$4:$M$3003,I$3)) | ... M13: =IF($A13="","",SUMIFS('記録'!$C$4:$C$2003,'記録'!$B$4:$B$2003,$A13,'記録'!$F$4:$F$2003,M$3)+SUMIFS('明細'!$T$4:$T$3003,'明細'!$S$4:$S$3003,$A13,'明細'!$M$4:$M$3003,M$3)) | N13: =IF($A13="","",SUM(B13:M13)) | O13: =IF(($A13="")+(SUM($B$77:$M$77)=0),"",N13/SUM($B$77:$M$77)) | P13: =IF($A13="","",'入力'!B38*12) | Q13: =IF($A13="","",N13-P13) | R13: ='入力'!C38&"" | S13: ='入力'!E38&""
A14: =IF('入力'!A39="","",'入力'!A39) | B14: =IF($A14="","",SUMIFS('記録'!$C$4:$C$2003,'記録'!$B$4:$B$2003,$A14,'記録'!$F$4:$F$2003,B$3)+SUMIFS('明細'!$T$4:$T$3003,'明細'!$S$4:$S$3003,$A14,'明細'!$M$4:$M$3003,B$3)) | C14: =IF($A14="","",SUMIFS('記録'!$C$4:$C$2003,'記録'!$B$4:$B$2003,$A14,'記録'!$F$4:$F$2003,C$3)+SUMIFS('明細'!$T$4:$T$3003,'明細'!$S$4:$S$3003,$A14,'明細'!$M$4:$M$3003,C$3)) | D14: =IF($A14="","",SUMIFS('記録'!$C$4:$C$2003,'記録'!$B$4:$B$2003,$A14,'記録'!$F$4:$F$2003,D$3)+SUMIFS('明細'!$T$4:$T$3003,'明細'!$S$4:$S$3003,$A14,'明細'!$M$4:$M$3003,D$3)) | E14: =IF($A14="","",SUMIFS('記録'!$C$4:$C$2003,'記録'!$B$4:$B$2003,$A14,'記録'!$F$4:$F$2003,E$3)+SUMIFS('明細'!$T$4:$T$3003,'明細'!$S$4:$S$3003,$A14,'明細'!$M$4:$M$3003,E$3)) | F14: =IF($A14="","",SUMIFS('記録'!$C$4:$C$2003,'記録'!$B$4:$B$2003,$A14,'記録'!$F$4:$F$2003,F$3)+SUMIFS('明細'!$T$4:$T$3003,'明細'!$S$4:$S$3003,$A14,'明細'!$M$4:$M$3003,F$3)) | G14: =IF($A14="","",SUMIFS('記録'!$C$4:$C$2003,'記録'!$B$4:$B$2003,$A14,'記録'!$F$4:$F$2003,G$3)+SUMIFS('明細'!$T$4:$T$3003,'明細'!$S$4:$S$3003,$A14,'明細'!$M$4:$M$3003,G$3)) | H14: =IF($A14="","",SUMIFS('記録'!$C$4:$C$2003,'記録'!$B$4:$B$2003,$A14,'記録'!$F$4:$F$2003,H$3)+SUMIFS('明細'!$T$4:$T$3003,'明細'!$S$4:$S$3003,$A14,'明細'!$M$4:$M$3003,H$3)) | I14: =IF($A14="","",SUMIFS('記録'!$C$4:$C$2003,'記録'!$B$4:$B$2003,$A14,'記録'!$F$4:$F$2003,I$3)+SUMIFS('明細'!$T$4:$T$3003,'明細'!$S$4:$S$3003,$A14,'明細'!$M$4:$M$3003,I$3)) | ... M14: =IF($A14="","",SUMIFS('記録'!$C$4:$C$2003,'記録'!$B$4:$B$2003,$A14,'記録'!$F$4:$F$2003,M$3)+SUMIFS('明細'!$T$4:$T$3003,'明細'!$S$4:$S$3003,$A14,'明細'!$M$4:$M$3003,M$3)) | N14: =IF($A14="","",SUM(B14:M14)) | O14: =IF(($A14="")+(SUM($B$77:$M$77)=0),"",N14/SUM($B$77:$M$77)) | P14: =IF($A14="","",'入力'!B39*12) | Q14: =IF($A14="","",N14-P14) | R14: ='入力'!C39&"" | S14: ='入力'!E39&""
A15: 入るお金の合計 | B15: =SUM(B5:B14) | C15: =SUM(C5:C14) | D15: =SUM(D5:D14) | E15: =SUM(E5:E14) | F15: =SUM(F5:F14) | G15: =SUM(G5:G14) | H15: =SUM(H5:H14) | I15: =SUM(I5:I14) | ... N15: =SUM(N5:N14) | O15: =IF(SUM($B$77:$M$77)=0,"",N15/SUM($B$77:$M$77)) | P15: =SUM(P5:P14) | Q15: =N15-P15
A16: □ 固定費
A17: =IF('入力'!A41="","",'入力'!A41) | B17: =IF($A17="","",SUMIFS('記録'!$C$4:$C$2003,'記録'!$B$4:$B$2003,$A17,'記録'!$F$4:$F$2003,B$3)+SUMIFS('明細'!$T$4:$T$3003,'明細'!$S$4:$S$3003,$A17,'明細'!$M$4:$M$3003,B$3)) | C17: =IF($A17="","",SUMIFS('記録'!$C$4:$C$2003,'記録'!$B$4:$B$2003,$A17,'記録'!$F$4:$F$2003,C$3)+SUMIFS('明細'!$T$4:$T$3003,'明細'!$S$4:$S$3003,$A17,'明細'!$M$4:$M$3003,C$3)) | D17: =IF($A17="","",SUMIFS('記録'!$C$4:$C$2003,'記録'!$B$4:$B$2003,$A17,'記録'!$F$4:$F$2003,D$3)+SUMIFS('明細'!$T$4:$T$3003,'明細'!$S$4:$S$3003,$A17,'明細'!$M$4:$M$3003,D$3)) | E17: =IF($A17="","",SUMIFS('記録'!$C$4:$C$2003,'記録'!$B$4:$B$2003,$A17,'記録'!$F$4:$F$2003,E$3)+SUMIFS('明細'!$T$4:$T$3003,'明細'!$S$4:$S$3003,$A17,'明細'!$M$4:$M$3003,E$3)) | F17: =IF($A17="","",SUMIFS('記録'!$C$4:$C$2003,'記録'!$B$4:$B$2003,$A17,'記録'!$F$4:$F$2003,F$3)+SUMIFS('明細'!$T$4:$T$3003,'明細'!$S$4:$S$3003,$A17,'明細'!$M$4:$M$3003,F$3)) | G17: =IF($A17="","",SUMIFS('記録'!$C$4:$C$2003,'記録'!$B$4:$B$2003,$A17,'記録'!$F$4:$F$2003,G$3)+SUMIFS('明細'!$T$4:$T$3003,'明細'!$S$4:$S$3003,$A17,'明細'!$M$4:$M$3003,G$3)) | H17: =IF($A17="","",SUMIFS('記録'!$C$4:$C$2003,'記録'!$B$4:$B$2003,$A17,'記録'!$F$4:$F$2003,H$3)+SUMIFS('明細'!$T$4:$T$3003,'明細'!$S$4:$S$3003,$A17,'明細'!$M$4:$M$3003,H$3)) | I17: =IF($A17="","",SUMIFS('記録'!$C$4:$C$2003,'記録'!$B$4:$B$2003,$A17,'記録'!$F$4:$F$2003,I$3)+SUMIFS('明細'!$T$4:$T$3003,'明細'!$S$4:$S$3003,$A17,'明細'!$M$4:$M$3003,I$3)) | ... M17: =IF($A17="","",SUMIFS('記録'!$C$4:$C$2003,'記録'!$B$4:$B$2003,$A17,'記録'!$F$4:$F$2003,M$3)+SUMIFS('明細'!$T$4:$T$3003,'明細'!$S$4:$S$3003,$A17,'明細'!$M$4:$M$3003,M$3)) | N17: =IF($A17="","",SUM(B17:M17)) | O17: =IF(($A17="")+(SUM($B$77:$M$77)=0),"",N17/SUM($B$77:$M$77)) | P17: =IF($A17="","",'入力'!B41*12) | Q17: =IF($A17="","",P17-N17) | R17: ='入力'!C41&"" | S17: ='入力'!E41&""
A18: =IF('入力'!A42="","",'入力'!A42) | B18: =IF($A18="","",SUMIFS('記録'!$C$4:$C$2003,'記録'!$B$4:$B$2003,$A18,'記録'!$F$4:$F$2003,B$3)+SUMIFS('明細'!$T$4:$T$3003,'明細'!$S$4:$S$3003,$A18,'明細'!$M$4:$M$3003,B$3)) | C18: =IF($A18="","",SUMIFS('記録'!$C$4:$C$2003,'記録'!$B$4:$B$2003,$A18,'記録'!$F$4:$F$2003,C$3)+SUMIFS('明細'!$T$4:$T$3003,'明細'!$S$4:$S$3003,$A18,'明細'!$M$4:$M$3003,C$3)) | D18: =IF($A18="","",SUMIFS('記録'!$C$4:$C$2003,'記録'!$B$4:$B$2003,$A18,'記録'!$F$4:$F$2003,D$3)+SUMIFS('明細'!$T$4:$T$3003,'明細'!$S$4:$S$3003,$A18,'明細'!$M$4:$M$3003,D$3)) | E18: =IF($A18="","",SUMIFS('記録'!$C$4:$C$2003,'記録'!$B$4:$B$2003,$A18,'記録'!$F$4:$F$2003,E$3)+SUMIFS('明細'!$T$4:$T$3003,'明細'!$S$4:$S$3003,$A18,'明細'!$M$4:$M$3003,E$3)) | F18: =IF($A18="","",SUMIFS('記録'!$C$4:$C$2003,'記録'!$B$4:$B$2003,$A18,'記録'!$F$4:$F$2003,F$3)+SUMIFS('明細'!$T$4:$T$3003,'明細'!$S$4:$S$3003,$A18,'明細'!$M$4:$M$3003,F$3)) | G18: =IF($A18="","",SUMIFS('記録'!$C$4:$C$2003,'記録'!$B$4:$B$2003,$A18,'記録'!$F$4:$F$2003,G$3)+SUMIFS('明細'!$T$4:$T$3003,'明細'!$S$4:$S$3003,$A18,'明細'!$M$4:$M$3003,G$3)) | H18: =IF($A18="","",SUMIFS('記録'!$C$4:$C$2003,'記録'!$B$4:$B$2003,$A18,'記録'!$F$4:$F$2003,H$3)+SUMIFS('明細'!$T$4:$T$3003,'明細'!$S$4:$S$3003,$A18,'明細'!$M$4:$M$3003,H$3)) | I18: =IF($A18="","",SUMIFS('記録'!$C$4:$C$2003,'記録'!$B$4:$B$2003,$A18,'記録'!$F$4:$F$2003,I$3)+SUMIFS('明細'!$T$4:$T$3003,'明細'!$S$4:$S$3003,$A18,'明細'!$M$4:$M$3003,I$3)) | ... M18: =IF($A18="","",SUMIFS('記録'!$C$4:$C$2003,'記録'!$B$4:$B$2003,$A18,'記録'!$F$4:$F$2003,M$3)+SUMIFS('明細'!$T$4:$T$3003,'明細'!$S$4:$S$3003,$A18,'明細'!$M$4:$M$3003,M$3)) | N18: =IF($A18="","",SUM(B18:M18)) | O18: =IF(($A18="")+(SUM($B$77:$M$77)=0),"",N18/SUM($B$77:$M$77)) | P18: =IF($A18="","",'入力'!B42*12) | Q18: =IF($A18="","",P18-N18) | R18: ='入力'!C42&"" | S18: ='入力'!E42&""
A19: =IF('入力'!A43="","",'入力'!A43) | B19: =IF($A19="","",SUMIFS('記録'!$C$4:$C$2003,'記録'!$B$4:$B$2003,$A19,'記録'!$F$4:$F$2003,B$3)+SUMIFS('明細'!$T$4:$T$3003,'明細'!$S$4:$S$3003,$A19,'明細'!$M$4:$M$3003,B$3)) | C19: =IF($A19="","",SUMIFS('記録'!$C$4:$C$2003,'記録'!$B$4:$B$2003,$A19,'記録'!$F$4:$F$2003,C$3)+SUMIFS('明細'!$T$4:$T$3003,'明細'!$S$4:$S$3003,$A19,'明細'!$M$4:$M$3003,C$3)) | D19: =IF($A19="","",SUMIFS('記録'!$C$4:$C$2003,'記録'!$B$4:$B$2003,$A19,'記録'!$F$4:$F$2003,D$3)+SUMIFS('明細'!$T$4:$T$3003,'明細'!$S$4:$S$3003,$A19,'明細'!$M$4:$M$3003,D$3)) | E19: =IF($A19="","",SUMIFS('記録'!$C$4:$C$2003,'記録'!$B$4:$B$2003,$A19,'記録'!$F$4:$F$2003,E$3)+SUMIFS('明細'!$T$4:$T$3003,'明細'!$S$4:$S$3003,$A19,'明細'!$M$4:$M$3003,E$3)) | F19: =IF($A19="","",SUMIFS('記録'!$C$4:$C$2003,'記録'!$B$4:$B$2003,$A19,'記録'!$F$4:$F$2003,F$3)+SUMIFS('明細'!$T$4:$T$3003,'明細'!$S$4:$S$3003,$A19,'明細'!$M$4:$M$3003,F$3)) | G19: =IF($A19="","",SUMIFS('記録'!$C$4:$C$2003,'記録'!$B$4:$B$2003,$A19,'記録'!$F$4:$F$2003,G$3)+SUMIFS('明細'!$T$4:$T$3003,'明細'!$S$4:$S$3003,$A19,'明細'!$M$4:$M$3003,G$3)) | H19: =IF($A19="","",SUMIFS('記録'!$C$4:$C$2003,'記録'!$B$4:$B$2003,$A19,'記録'!$F$4:$F$2003,H$3)+SUMIFS('明細'!$T$4:$T$3003,'明細'!$S$4:$S$3003,$A19,'明細'!$M$4:$M$3003,H$3)) | I19: =IF($A19="","",SUMIFS('記録'!$C$4:$C$2003,'記録'!$B$4:$B$2003,$A19,'記録'!$F$4:$F$2003,I$3)+SUMIFS('明細'!$T$4:$T$3003,'明細'!$S$4:$S$3003,$A19,'明細'!$M$4:$M$3003,I$3)) | ... M19: =IF($A19="","",SUMIFS('記録'!$C$4:$C$2003,'記録'!$B$4:$B$2003,$A19,'記録'!$F$4:$F$2003,M$3)+SUMIFS('明細'!$T$4:$T$3003,'明細'!$S$4:$S$3003,$A19,'明細'!$M$4:$M$3003,M$3)) | N19: =IF($A19="","",SUM(B19:M19)) | O19: =IF(($A19="")+(SUM($B$77:$M$77)=0),"",N19/SUM($B$77:$M$77)) | P19: =IF($A19="","",'入力'!B43*12) | Q19: =IF($A19="","",P19-N19) | R19: ='入力'!C43&"" | S19: ='入力'!E43&""
A20: =IF('入力'!A44="","",'入力'!A44) | B20: =IF($A20="","",SUMIFS('記録'!$C$4:$C$2003,'記録'!$B$4:$B$2003,$A20,'記録'!$F$4:$F$2003,B$3)+SUMIFS('明細'!$T$4:$T$3003,'明細'!$S$4:$S$3003,$A20,'明細'!$M$4:$M$3003,B$3)) | C20: =IF($A20="","",SUMIFS('記録'!$C$4:$C$2003,'記録'!$B$4:$B$2003,$A20,'記録'!$F$4:$F$2003,C$3)+SUMIFS('明細'!$T$4:$T$3003,'明細'!$S$4:$S$3003,$A20,'明細'!$M$4:$M$3003,C$3)) | D20: =IF($A20="","",SUMIFS('記録'!$C$4:$C$2003,'記録'!$B$4:$B$2003,$A20,'記録'!$F$4:$F$2003,D$3)+SUMIFS('明細'!$T$4:$T$3003,'明細'!$S$4:$S$3003,$A20,'明細'!$M$4:$M$3003,D$3)) | E20: =IF($A20="","",SUMIFS('記録'!$C$4:$C$2003,'記録'!$B$4:$B$2003,$A20,'記録'!$F$4:$F$2003,E$3)+SUMIFS('明細'!$T$4:$T$3003,'明細'!$S$4:$S$3003,$A20,'明細'!$M$4:$M$3003,E$3)) | F20: =IF($A20="","",SUMIFS('記録'!$C$4:$C$2003,'記録'!$B$4:$B$2003,$A20,'記録'!$F$4:$F$2003,F$3)+SUMIFS('明細'!$T$4:$T$3003,'明細'!$S$4:$S$3003,$A20,'明細'!$M$4:$M$3003,F$3)) | G20: =IF($A20="","",SUMIFS('記録'!$C$4:$C$2003,'記録'!$B$4:$B$2003,$A20,'記録'!$F$4:$F$2003,G$3)+SUMIFS('明細'!$T$4:$T$3003,'明細'!$S$4:$S$3003,$A20,'明細'!$M$4:$M$3003,G$3)) | H20: =IF($A20="","",SUMIFS('記録'!$C$4:$C$2003,'記録'!$B$4:$B$2003,$A20,'記録'!$F$4:$F$2003,H$3)+SUMIFS('明細'!$T$4:$T$3003,'明細'!$S$4:$S$3003,$A20,'明細'!$M$4:$M$3003,H$3)) | I20: =IF($A20="","",SUMIFS('記録'!$C$4:$C$2003,'記録'!$B$4:$B$2003,$A20,'記録'!$F$4:$F$2003,I$3)+SUMIFS('明細'!$T$4:$T$3003,'明細'!$S$4:$S$3003,$A20,'明細'!$M$4:$M$3003,I$3)) | ... M20: =IF($A20="","",SUMIFS('記録'!$C$4:$C$2003,'記録'!$B$4:$B$2003,$A20,'記録'!$F$4:$F$2003,M$3)+SUMIFS('明細'!$T$4:$T$3003,'明細'!$S$4:$S$3003,$A20,'明細'!$M$4:$M$3003,M$3)) | N20: =IF($A20="","",SUM(B20:M20)) | O20: =IF(($A20="")+(SUM($B$77:$M$77)=0),"",N20/SUM($B$77:$M$77)) | P20: =IF($A20="","",'入力'!B44*12) | Q20: =IF($A20="","",P20-N20) | R20: ='入力'!C44&"" | S20: ='入力'!E44&""
A21: =IF('入力'!A45="","",'入力'!A45) | B21: =IF($A21="","",SUMIFS('記録'!$C$4:$C$2003,'記録'!$B$4:$B$2003,$A21,'記録'!$F$4:$F$2003,B$3)+SUMIFS('明細'!$T$4:$T$3003,'明細'!$S$4:$S$3003,$A21,'明細'!$M$4:$M$3003,B$3)) | C21: =IF($A21="","",SUMIFS('記録'!$C$4:$C$2003,'記録'!$B$4:$B$2003,$A21,'記録'!$F$4:$F$2003,C$3)+SUMIFS('明細'!$T$4:$T$3003,'明細'!$S$4:$S$3003,$A21,'明細'!$M$4:$M$3003,C$3)) | D21: =IF($A21="","",SUMIFS('記録'!$C$4:$C$2003,'記録'!$B$4:$B$2003,$A21,'記録'!$F$4:$F$2003,D$3)+SUMIFS('明細'!$T$4:$T$3003,'明細'!$S$4:$S$3003,$A21,'明細'!$M$4:$M$3003,D$3)) | E21: =IF($A21="","",SUMIFS('記録'!$C$4:$C$2003,'記録'!$B$4:$B$2003,$A21,'記録'!$F$4:$F$2003,E$3)+SUMIFS('明細'!$T$4:$T$3003,'明細'!$S$4:$S$3003,$A21,'明細'!$M$4:$M$3003,E$3)) | F21: =IF($A21="","",SUMIFS('記録'!$C$4:$C$2003,'記録'!$B$4:$B$2003,$A21,'記録'!$F$4:$F$2003,F$3)+SUMIFS('明細'!$T$4:$T$3003,'明細'!$S$4:$S$3003,$A21,'明細'!$M$4:$M$3003,F$3)) | G21: =IF($A21="","",SUMIFS('記録'!$C$4:$C$2003,'記録'!$B$4:$B$2003,$A21,'記録'!$F$4:$F$2003,G$3)+SUMIFS('明細'!$T$4:$T$3003,'明細'!$S$4:$S$3003,$A21,'明細'!$M$4:$M$3003,G$3)) | H21: =IF($A21="","",SUMIFS('記録'!$C$4:$C$2003,'記録'!$B$4:$B$2003,$A21,'記録'!$F$4:$F$2003,H$3)+SUMIFS('明細'!$T$4:$T$3003,'明細'!$S$4:$S$3003,$A21,'明細'!$M$4:$M$3003,H$3)) | I21: =IF($A21="","",SUMIFS('記録'!$C$4:$C$2003,'記録'!$B$4:$B$2003,$A21,'記録'!$F$4:$F$2003,I$3)+SUMIFS('明細'!$T$4:$T$3003,'明細'!$S$4:$S$3003,$A21,'明細'!$M$4:$M$3003,I$3)) | ... M21: =IF($A21="","",SUMIFS('記録'!$C$4:$C$2003,'記録'!$B$4:$B$2003,$A21,'記録'!$F$4:$F$2003,M$3)+SUMIFS('明細'!$T$4:$T$3003,'明細'!$S$4:$S$3003,$A21,'明細'!$M$4:$M$3003,M$3)) | N21: =IF($A21="","",SUM(B21:M21)) | O21: =IF(($A21="")+(SUM($B$77:$M$77)=0),"",N21/SUM($B$77:$M$77)) | P21: =IF($A21="","",'入力'!B45*12) | Q21: =IF($A21="","",P21-N21) | R21: ='入力'!C45&"" | S21: ='入力'!E45&""
A22: =IF('入力'!A46="","",'入力'!A46) | B22: =IF($A22="","",SUMIFS('記録'!$C$4:$C$2003,'記録'!$B$4:$B$2003,$A22,'記録'!$F$4:$F$2003,B$3)+SUMIFS('明細'!$T$4:$T$3003,'明細'!$S$4:$S$3003,$A22,'明細'!$M$4:$M$3003,B$3)) | C22: =IF($A22="","",SUMIFS('記録'!$C$4:$C$2003,'記録'!$B$4:$B$2003,$A22,'記録'!$F$4:$F$2003,C$3)+SUMIFS('明細'!$T$4:$T$3003,'明細'!$S$4:$S$3003,$A22,'明細'!$M$4:$M$3003,C$3)) | D22: =IF($A22="","",SUMIFS('記録'!$C$4:$C$2003,'記録'!$B$4:$B$2003,$A22,'記録'!$F$4:$F$2003,D$3)+SUMIFS('明細'!$T$4:$T$3003,'明細'!$S$4:$S$3003,$A22,'明細'!$M$4:$M$3003,D$3)) | E22: =IF($A22="","",SUMIFS('記録'!$C$4:$C$2003,'記録'!$B$4:$B$2003,$A22,'記録'!$F$4:$F$2003,E$3)+SUMIFS('明細'!$T$4:$T$3003,'明細'!$S$4:$S$3003,$A22,'明細'!$M$4:$M$3003,E$3)) | F22: =IF($A22="","",SUMIFS('記録'!$C$4:$C$2003,'記録'!$B$4:$B$2003,$A22,'記録'!$F$4:$F$2003,F$3)+SUMIFS('明細'!$T$4:$T$3003,'明細'!$S$4:$S$3003,$A22,'明細'!$M$4:$M$3003,F$3)) | G22: =IF($A22="","",SUMIFS('記録'!$C$4:$C$2003,'記録'!$B$4:$B$2003,$A22,'記録'!$F$4:$F$2003,G$3)+SUMIFS('明細'!$T$4:$T$3003,'明細'!$S$4:$S$3003,$A22,'明細'!$M$4:$M$3003,G$3)) | H22: =IF($A22="","",SUMIFS('記録'!$C$4:$C$2003,'記録'!$B$4:$B$2003,$A22,'記録'!$F$4:$F$2003,H$3)+SUMIFS('明細'!$T$4:$T$3003,'明細'!$S$4:$S$3003,$A22,'明細'!$M$4:$M$3003,H$3)) | I22: =IF($A22="","",SUMIFS('記録'!$C$4:$C$2003,'記録'!$B$4:$B$2003,$A22,'記録'!$F$4:$F$2003,I$3)+SUMIFS('明細'!$T$4:$T$3003,'明細'!$S$4:$S$3003,$A22,'明細'!$M$4:$M$3003,I$3)) | ... M22: =IF($A22="","",SUMIFS('記録'!$C$4:$C$2003,'記録'!$B$4:$B$2003,$A22,'記録'!$F$4:$F$2003,M$3)+SUMIFS('明細'!$T$4:$T$3003,'明細'!$S$4:$S$3003,$A22,'明細'!$M$4:$M$3003,M$3)) | N22: =IF($A22="","",SUM(B22:M22)) | O22: =IF(($A22="")+(SUM($B$77:$M$77)=0),"",N22/SUM($B$77:$M$77)) | P22: =IF($A22="","",'入力'!B46*12) | Q22: =IF($A22="","",P22-N22) | R22: ='入力'!C46&"" | S22: ='入力'!E46&""
A23: =IF('入力'!A47="","",'入力'!A47) | B23: =IF($A23="","",SUMIFS('記録'!$C$4:$C$2003,'記録'!$B$4:$B$2003,$A23,'記録'!$F$4:$F$2003,B$3)+SUMIFS('明細'!$T$4:$T$3003,'明細'!$S$4:$S$3003,$A23,'明細'!$M$4:$M$3003,B$3)) | C23: =IF($A23="","",SUMIFS('記録'!$C$4:$C$2003,'記録'!$B$4:$B$2003,$A23,'記録'!$F$4:$F$2003,C$3)+SUMIFS('明細'!$T$4:$T$3003,'明細'!$S$4:$S$3003,$A23,'明細'!$M$4:$M$3003,C$3)) | D23: =IF($A23="","",SUMIFS('記録'!$C$4:$C$2003,'記録'!$B$4:$B$2003,$A23,'記録'!$F$4:$F$2003,D$3)+SUMIFS('明細'!$T$4:$T$3003,'明細'!$S$4:$S$3003,$A23,'明細'!$M$4:$M$3003,D$3)) | E23: =IF($A23="","",SUMIFS('記録'!$C$4:$C$2003,'記録'!$B$4:$B$2003,$A23,'記録'!$F$4:$F$2003,E$3)+SUMIFS('明細'!$T$4:$T$3003,'明細'!$S$4:$S$3003,$A23,'明細'!$M$4:$M$3003,E$3)) | F23: =IF($A23="","",SUMIFS('記録'!$C$4:$C$2003,'記録'!$B$4:$B$2003,$A23,'記録'!$F$4:$F$2003,F$3)+SUMIFS('明細'!$T$4:$T$3003,'明細'!$S$4:$S$3003,$A23,'明細'!$M$4:$M$3003,F$3)) | G23: =IF($A23="","",SUMIFS('記録'!$C$4:$C$2003,'記録'!$B$4:$B$2003,$A23,'記録'!$F$4:$F$2003,G$3)+SUMIFS('明細'!$T$4:$T$3003,'明細'!$S$4:$S$3003,$A23,'明細'!$M$4:$M$3003,G$3)) | H23: =IF($A23="","",SUMIFS('記録'!$C$4:$C$2003,'記録'!$B$4:$B$2003,$A23,'記録'!$F$4:$F$2003,H$3)+SUMIFS('明細'!$T$4:$T$3003,'明細'!$S$4:$S$3003,$A23,'明細'!$M$4:$M$3003,H$3)) | I23: =IF($A23="","",SUMIFS('記録'!$C$4:$C$2003,'記録'!$B$4:$B$2003,$A23,'記録'!$F$4:$F$2003,I$3)+SUMIFS('明細'!$T$4:$T$3003,'明細'!$S$4:$S$3003,$A23,'明細'!$M$4:$M$3003,I$3)) | ... M23: =IF($A23="","",SUMIFS('記録'!$C$4:$C$2003,'記録'!$B$4:$B$2003,$A23,'記録'!$F$4:$F$2003,M$3)+SUMIFS('明細'!$T$4:$T$3003,'明細'!$S$4:$S$3003,$A23,'明細'!$M$4:$M$3003,M$3)) | N23: =IF($A23="","",SUM(B23:M23)) | O23: =IF(($A23="")+(SUM($B$77:$M$77)=0),"",N23/SUM($B$77:$M$77)) | P23: =IF($A23="","",'入力'!B47*12) | Q23: =IF($A23="","",P23-N23) | R23: ='入力'!C47&"" | S23: ='入力'!E47&""
A24: =IF('入力'!A48="","",'入力'!A48) | B24: =IF($A24="","",SUMIFS('記録'!$C$4:$C$2003,'記録'!$B$4:$B$2003,$A24,'記録'!$F$4:$F$2003,B$3)+SUMIFS('明細'!$T$4:$T$3003,'明細'!$S$4:$S$3003,$A24,'明細'!$M$4:$M$3003,B$3)) | C24: =IF($A24="","",SUMIFS('記録'!$C$4:$C$2003,'記録'!$B$4:$B$2003,$A24,'記録'!$F$4:$F$2003,C$3)+SUMIFS('明細'!$T$4:$T$3003,'明細'!$S$4:$S$3003,$A24,'明細'!$M$4:$M$3003,C$3)) | D24: =IF($A24="","",SUMIFS('記録'!$C$4:$C$2003,'記録'!$B$4:$B$2003,$A24,'記録'!$F$4:$F$2003,D$3)+SUMIFS('明細'!$T$4:$T$3003,'明細'!$S$4:$S$3003,$A24,'明細'!$M$4:$M$3003,D$3)) | E24: =IF($A24="","",SUMIFS('記録'!$C$4:$C$2003,'記録'!$B$4:$B$2003,$A24,'記録'!$F$4:$F$2003,E$3)+SUMIFS('明細'!$T$4:$T$3003,'明細'!$S$4:$S$3003,$A24,'明細'!$M$4:$M$3003,E$3)) | F24: =IF($A24="","",SUMIFS('記録'!$C$4:$C$2003,'記録'!$B$4:$B$2003,$A24,'記録'!$F$4:$F$2003,F$3)+SUMIFS('明細'!$T$4:$T$3003,'明細'!$S$4:$S$3003,$A24,'明細'!$M$4:$M$3003,F$3)) | G24: =IF($A24="","",SUMIFS('記録'!$C$4:$C$2003,'記録'!$B$4:$B$2003,$A24,'記録'!$F$4:$F$2003,G$3)+SUMIFS('明細'!$T$4:$T$3003,'明細'!$S$4:$S$3003,$A24,'明細'!$M$4:$M$3003,G$3)) | H24: =IF($A24="","",SUMIFS('記録'!$C$4:$C$2003,'記録'!$B$4:$B$2003,$A24,'記録'!$F$4:$F$2003,H$3)+SUMIFS('明細'!$T$4:$T$3003,'明細'!$S$4:$S$3003,$A24,'明細'!$M$4:$M$3003,H$3)) | I24: =IF($A24="","",SUMIFS('記録'!$C$4:$C$2003,'記録'!$B$4:$B$2003,$A24,'記録'!$F$4:$F$2003,I$3)+SUMIFS('明細'!$T$4:$T$3003,'明細'!$S$4:$S$3003,$A24,'明細'!$M$4:$M$3003,I$3)) | ... M24: =IF($A24="","",SUMIFS('記録'!$C$4:$C$2003,'記録'!$B$4:$B$2003,$A24,'記録'!$F$4:$F$2003,M$3)+SUMIFS('明細'!$T$4:$T$3003,'明細'!$S$4:$S$3003,$A24,'明細'!$M$4:$M$3003,M$3)) | N24: =IF($A24="","",SUM(B24:M24)) | O24: =IF(($A24="")+(SUM($B$77:$M$77)=0),"",N24/SUM($B$77:$M$77)) | P24: =IF($A24="","",'入力'!B48*12) | Q24: =IF($A24="","",P24-N24) | R24: ='入力'!C48&"" | S24: ='入力'!E48&""
A25: =IF('入力'!A49="","",'入力'!A49) | B25: =IF($A25="","",SUMIFS('記録'!$C$4:$C$2003,'記録'!$B$4:$B$2003,$A25,'記録'!$F$4:$F$2003,B$3)+SUMIFS('明細'!$T$4:$T$3003,'明細'!$S$4:$S$3003,$A25,'明細'!$M$4:$M$3003,B$3)) | C25: =IF($A25="","",SUMIFS('記録'!$C$4:$C$2003,'記録'!$B$4:$B$2003,$A25,'記録'!$F$4:$F$2003,C$3)+SUMIFS('明細'!$T$4:$T$3003,'明細'!$S$4:$S$3003,$A25,'明細'!$M$4:$M$3003,C$3)) | D25: =IF($A25="","",SUMIFS('記録'!$C$4:$C$2003,'記録'!$B$4:$B$2003,$A25,'記録'!$F$4:$F$2003,D$3)+SUMIFS('明細'!$T$4:$T$3003,'明細'!$S$4:$S$3003,$A25,'明細'!$M$4:$M$3003,D$3)) | E25: =IF($A25="","",SUMIFS('記録'!$C$4:$C$2003,'記録'!$B$4:$B$2003,$A25,'記録'!$F$4:$F$2003,E$3)+SUMIFS('明細'!$T$4:$T$3003,'明細'!$S$4:$S$3003,$A25,'明細'!$M$4:$M$3003,E$3)) | F25: =IF($A25="","",SUMIFS('記録'!$C$4:$C$2003,'記録'!$B$4:$B$2003,$A25,'記録'!$F$4:$F$2003,F$3)+SUMIFS('明細'!$T$4:$T$3003,'明細'!$S$4:$S$3003,$A25,'明細'!$M$4:$M$3003,F$3)) | G25: =IF($A25="","",SUMIFS('記録'!$C$4:$C$2003,'記録'!$B$4:$B$2003,$A25,'記録'!$F$4:$F$2003,G$3)+SUMIFS('明細'!$T$4:$T$3003,'明細'!$S$4:$S$3003,$A25,'明細'!$M$4:$M$3003,G$3)) | H25: =IF($A25="","",SUMIFS('記録'!$C$4:$C$2003,'記録'!$B$4:$B$2003,$A25,'記録'!$F$4:$F$2003,H$3)+SUMIFS('明細'!$T$4:$T$3003,'明細'!$S$4:$S$3003,$A25,'明細'!$M$4:$M$3003,H$3)) | I25: =IF($A25="","",SUMIFS('記録'!$C$4:$C$2003,'記録'!$B$4:$B$2003,$A25,'記録'!$F$4:$F$2003,I$3)+SUMIFS('明細'!$T$4:$T$3003,'明細'!$S$4:$S$3003,$A25,'明細'!$M$4:$M$3003,I$3)) | ... M25: =IF($A25="","",SUMIFS('記録'!$C$4:$C$2003,'記録'!$B$4:$B$2003,$A25,'記録'!$F$4:$F$2003,M$3)+SUMIFS('明細'!$T$4:$T$3003,'明細'!$S$4:$S$3003,$A25,'明細'!$M$4:$M$3003,M$3)) | N25: =IF($A25="","",SUM(B25:M25)) | O25: =IF(($A25="")+(SUM($B$77:$M$77)=0),"",N25/SUM($B$77:$M$77)) | P25: =IF($A25="","",'入力'!B49*12) | Q25: =IF($A25="","",P25-N25) | R25: ='入力'!C49&"" | S25: ='入力'!E49&""
A26: =IF('入力'!A50="","",'入力'!A50) | B26: =IF($A26="","",SUMIFS('記録'!$C$4:$C$2003,'記録'!$B$4:$B$2003,$A26,'記録'!$F$4:$F$2003,B$3)+SUMIFS('明細'!$T$4:$T$3003,'明細'!$S$4:$S$3003,$A26,'明細'!$M$4:$M$3003,B$3)) | C26: =IF($A26="","",SUMIFS('記録'!$C$4:$C$2003,'記録'!$B$4:$B$2003,$A26,'記録'!$F$4:$F$2003,C$3)+SUMIFS('明細'!$T$4:$T$3003,'明細'!$S$4:$S$3003,$A26,'明細'!$M$4:$M$3003,C$3)) | D26: =IF($A26="","",SUMIFS('記録'!$C$4:$C$2003,'記録'!$B$4:$B$2003,$A26,'記録'!$F$4:$F$2003,D$3)+SUMIFS('明細'!$T$4:$T$3003,'明細'!$S$4:$S$3003,$A26,'明細'!$M$4:$M$3003,D$3)) | E26: =IF($A26="","",SUMIFS('記録'!$C$4:$C$2003,'記録'!$B$4:$B$2003,$A26,'記録'!$F$4:$F$2003,E$3)+SUMIFS('明細'!$T$4:$T$3003,'明細'!$S$4:$S$3003,$A26,'明細'!$M$4:$M$3003,E$3)) | F26: =IF($A26="","",SUMIFS('記録'!$C$4:$C$2003,'記録'!$B$4:$B$2003,$A26,'記録'!$F$4:$F$2003,F$3)+SUMIFS('明細'!$T$4:$T$3003,'明細'!$S$4:$S$3003,$A26,'明細'!$M$4:$M$3003,F$3)) | G26: =IF($A26="","",SUMIFS('記録'!$C$4:$C$2003,'記録'!$B$4:$B$2003,$A26,'記録'!$F$4:$F$2003,G$3)+SUMIFS('明細'!$T$4:$T$3003,'明細'!$S$4:$S$3003,$A26,'明細'!$M$4:$M$3003,G$3)) | H26: =IF($A26="","",SUMIFS('記録'!$C$4:$C$2003,'記録'!$B$4:$B$2003,$A26,'記録'!$F$4:$F$2003,H$3)+SUMIFS('明細'!$T$4:$T$3003,'明細'!$S$4:$S$3003,$A26,'明細'!$M$4:$M$3003,H$3)) | I26: =IF($A26="","",SUMIFS('記録'!$C$4:$C$2003,'記録'!$B$4:$B$2003,$A26,'記録'!$F$4:$F$2003,I$3)+SUMIFS('明細'!$T$4:$T$3003,'明細'!$S$4:$S$3003,$A26,'明細'!$M$4:$M$3003,I$3)) | ... M26: =IF($A26="","",SUMIFS('記録'!$C$4:$C$2003,'記録'!$B$4:$B$2003,$A26,'記録'!$F$4:$F$2003,M$3)+SUMIFS('明細'!$T$4:$T$3003,'明細'!$S$4:$S$3003,$A26,'明細'!$M$4:$M$3003,M$3)) | N26: =IF($A26="","",SUM(B26:M26)) | O26: =IF(($A26="")+(SUM($B$77:$M$77)=0),"",N26/SUM($B$77:$M$77)) | P26: =IF($A26="","",'入力'!B50*12) | Q26: =IF($A26="","",P26-N26) | R26: ='入力'!C50&"" | S26: ='入力'!E50&""
A27: =IF('入力'!A51="","",'入力'!A51) | B27: =IF($A27="","",SUMIFS('記録'!$C$4:$C$2003,'記録'!$B$4:$B$2003,$A27,'記録'!$F$4:$F$2003,B$3)+SUMIFS('明細'!$T$4:$T$3003,'明細'!$S$4:$S$3003,$A27,'明細'!$M$4:$M$3003,B$3)) | C27: =IF($A27="","",SUMIFS('記録'!$C$4:$C$2003,'記録'!$B$4:$B$2003,$A27,'記録'!$F$4:$F$2003,C$3)+SUMIFS('明細'!$T$4:$T$3003,'明細'!$S$4:$S$3003,$A27,'明細'!$M$4:$M$3003,C$3)) | D27: =IF($A27="","",SUMIFS('記録'!$C$4:$C$2003,'記録'!$B$4:$B$2003,$A27,'記録'!$F$4:$F$2003,D$3)+SUMIFS('明細'!$T$4:$T$3003,'明細'!$S$4:$S$3003,$A27,'明細'!$M$4:$M$3003,D$3)) | E27: =IF($A27="","",SUMIFS('記録'!$C$4:$C$2003,'記録'!$B$4:$B$2003,$A27,'記録'!$F$4:$F$2003,E$3)+SUMIFS('明細'!$T$4:$T$3003,'明細'!$S$4:$S$3003,$A27,'明細'!$M$4:$M$3003,E$3)) | F27: =IF($A27="","",SUMIFS('記録'!$C$4:$C$2003,'記録'!$B$4:$B$2003,$A27,'記録'!$F$4:$F$2003,F$3)+SUMIFS('明細'!$T$4:$T$3003,'明細'!$S$4:$S$3003,$A27,'明細'!$M$4:$M$3003,F$3)) | G27: =IF($A27="","",SUMIFS('記録'!$C$4:$C$2003,'記録'!$B$4:$B$2003,$A27,'記録'!$F$4:$F$2003,G$3)+SUMIFS('明細'!$T$4:$T$3003,'明細'!$S$4:$S$3003,$A27,'明細'!$M$4:$M$3003,G$3)) | H27: =IF($A27="","",SUMIFS('記録'!$C$4:$C$2003,'記録'!$B$4:$B$2003,$A27,'記録'!$F$4:$F$2003,H$3)+SUMIFS('明細'!$T$4:$T$3003,'明細'!$S$4:$S$3003,$A27,'明細'!$M$4:$M$3003,H$3)) | I27: =IF($A27="","",SUMIFS('記録'!$C$4:$C$2003,'記録'!$B$4:$B$2003,$A27,'記録'!$F$4:$F$2003,I$3)+SUMIFS('明細'!$T$4:$T$3003,'明細'!$S$4:$S$3003,$A27,'明細'!$M$4:$M$3003,I$3)) | ... M27: =IF($A27="","",SUMIFS('記録'!$C$4:$C$2003,'記録'!$B$4:$B$2003,$A27,'記録'!$F$4:$F$2003,M$3)+SUMIFS('明細'!$T$4:$T$3003,'明細'!$S$4:$S$3003,$A27,'明細'!$M$4:$M$3003,M$3)) | N27: =IF($A27="","",SUM(B27:M27)) | O27: =IF(($A27="")+(SUM($B$77:$M$77)=0),"",N27/SUM($B$77:$M$77)) | P27: =IF($A27="","",'入力'!B51*12) | Q27: =IF($A27="","",P27-N27) | R27: ='入力'!C51&"" | S27: ='入力'!E51&""
A28: =IF('入力'!A52="","",'入力'!A52) | B28: =IF($A28="","",SUMIFS('記録'!$C$4:$C$2003,'記録'!$B$4:$B$2003,$A28,'記録'!$F$4:$F$2003,B$3)+SUMIFS('明細'!$T$4:$T$3003,'明細'!$S$4:$S$3003,$A28,'明細'!$M$4:$M$3003,B$3)) | C28: =IF($A28="","",SUMIFS('記録'!$C$4:$C$2003,'記録'!$B$4:$B$2003,$A28,'記録'!$F$4:$F$2003,C$3)+SUMIFS('明細'!$T$4:$T$3003,'明細'!$S$4:$S$3003,$A28,'明細'!$M$4:$M$3003,C$3)) | D28: =IF($A28="","",SUMIFS('記録'!$C$4:$C$2003,'記録'!$B$4:$B$2003,$A28,'記録'!$F$4:$F$2003,D$3)+SUMIFS('明細'!$T$4:$T$3003,'明細'!$S$4:$S$3003,$A28,'明細'!$M$4:$M$3003,D$3)) | E28: =IF($A28="","",SUMIFS('記録'!$C$4:$C$2003,'記録'!$B$4:$B$2003,$A28,'記録'!$F$4:$F$2003,E$3)+SUMIFS('明細'!$T$4:$T$3003,'明細'!$S$4:$S$3003,$A28,'明細'!$M$4:$M$3003,E$3)) | F28: =IF($A28="","",SUMIFS('記録'!$C$4:$C$2003,'記録'!$B$4:$B$2003,$A28,'記録'!$F$4:$F$2003,F$3)+SUMIFS('明細'!$T$4:$T$3003,'明細'!$S$4:$S$3003,$A28,'明細'!$M$4:$M$3003,F$3)) | G28: =IF($A28="","",SUMIFS('記録'!$C$4:$C$2003,'記録'!$B$4:$B$2003,$A28,'記録'!$F$4:$F$2003,G$3)+SUMIFS('明細'!$T$4:$T$3003,'明細'!$S$4:$S$3003,$A28,'明細'!$M$4:$M$3003,G$3)) | H28: =IF($A28="","",SUMIFS('記録'!$C$4:$C$2003,'記録'!$B$4:$B$2003,$A28,'記録'!$F$4:$F$2003,H$3)+SUMIFS('明細'!$T$4:$T$3003,'明細'!$S$4:$S$3003,$A28,'明細'!$M$4:$M$3003,H$3)) | I28: =IF($A28="","",SUMIFS('記録'!$C$4:$C$2003,'記録'!$B$4:$B$2003,$A28,'記録'!$F$4:$F$2003,I$3)+SUMIFS('明細'!$T$4:$T$3003,'明細'!$S$4:$S$3003,$A28,'明細'!$M$4:$M$3003,I$3)) | ... M28: =IF($A28="","",SUMIFS('記録'!$C$4:$C$2003,'記録'!$B$4:$B$2003,$A28,'記録'!$F$4:$F$2003,M$3)+SUMIFS('明細'!$T$4:$T$3003,'明細'!$S$4:$S$3003,$A28,'明細'!$M$4:$M$3003,M$3)) | N28: =IF($A28="","",SUM(B28:M28)) | O28: =IF(($A28="")+(SUM($B$77:$M$77)=0),"",N28/SUM($B$77:$M$77)) | P28: =IF($A28="","",'入力'!B52*12) | Q28: =IF($A28="","",P28-N28) | R28: ='入力'!C52&"" | S28: ='入力'!E52&""
A29: 固定費の合計 | B29: =SUM(B17:B28) | C29: =SUM(C17:C28) | D29: =SUM(D17:D28) | E29: =SUM(E17:E28) | F29: =SUM(F17:F28) | G29: =SUM(G17:G28) | H29: =SUM(H17:H28) | I29: =SUM(I17:I28) | ... N29: =SUM(N17:N28) | O29: =IF(SUM($B$77:$M$77)=0,"",N29/SUM($B$77:$M$77)) | P29: =SUM(P17:P28) | Q29: =P29-N29
A30: □ 暮らしの費用
A31: =IF('入力'!A54="","",'入力'!A54) | B31: =IF($A31="","",SUMIFS('記録'!$C$4:$C$2003,'記録'!$B$4:$B$2003,$A31,'記録'!$F$4:$F$2003,B$3)+SUMIFS('明細'!$T$4:$T$3003,'明細'!$S$4:$S$3003,$A31,'明細'!$M$4:$M$3003,B$3)) | C31: =IF($A31="","",SUMIFS('記録'!$C$4:$C$2003,'記録'!$B$4:$B$2003,$A31,'記録'!$F$4:$F$2003,C$3)+SUMIFS('明細'!$T$4:$T$3003,'明細'!$S$4:$S$3003,$A31,'明細'!$M$4:$M$3003,C$3)) | D31: =IF($A31="","",SUMIFS('記録'!$C$4:$C$2003,'記録'!$B$4:$B$2003,$A31,'記録'!$F$4:$F$2003,D$3)+SUMIFS('明細'!$T$4:$T$3003,'明細'!$S$4:$S$3003,$A31,'明細'!$M$4:$M$3003,D$3)) | E31: =IF($A31="","",SUMIFS('記録'!$C$4:$C$2003,'記録'!$B$4:$B$2003,$A31,'記録'!$F$4:$F$2003,E$3)+SUMIFS('明細'!$T$4:$T$3003,'明細'!$S$4:$S$3003,$A31,'明細'!$M$4:$M$3003,E$3)) | F31: =IF($A31="","",SUMIFS('記録'!$C$4:$C$2003,'記録'!$B$4:$B$2003,$A31,'記録'!$F$4:$F$2003,F$3)+SUMIFS('明細'!$T$4:$T$3003,'明細'!$S$4:$S$3003,$A31,'明細'!$M$4:$M$3003,F$3)) | G31: =IF($A31="","",SUMIFS('記録'!$C$4:$C$2003,'記録'!$B$4:$B$2003,$A31,'記録'!$F$4:$F$2003,G$3)+SUMIFS('明細'!$T$4:$T$3003,'明細'!$S$4:$S$3003,$A31,'明細'!$M$4:$M$3003,G$3)) | H31: =IF($A31="","",SUMIFS('記録'!$C$4:$C$2003,'記録'!$B$4:$B$2003,$A31,'記録'!$F$4:$F$2003,H$3)+SUMIFS('明細'!$T$4:$T$3003,'明細'!$S$4:$S$3003,$A31,'明細'!$M$4:$M$3003,H$3)) | I31: =IF($A31="","",SUMIFS('記録'!$C$4:$C$2003,'記録'!$B$4:$B$2003,$A31,'記録'!$F$4:$F$2003,I$3)+SUMIFS('明細'!$T$4:$T$3003,'明細'!$S$4:$S$3003,$A31,'明細'!$M$4:$M$3003,I$3)) | ... M31: =IF($A31="","",SUMIFS('記録'!$C$4:$C$2003,'記録'!$B$4:$B$2003,$A31,'記録'!$F$4:$F$2003,M$3)+SUMIFS('明細'!$T$4:$T$3003,'明細'!$S$4:$S$3003,$A31,'明細'!$M$4:$M$3003,M$3)) | N31: =IF($A31="","",SUM(B31:M31)) | O31: =IF(($A31="")+(SUM($B$77:$M$77)=0),"",N31/SUM($B$77:$M$77)) | P31: =IF($A31="","",'入力'!B54*12) | Q31: =IF($A31="","",P31-N31) | R31: ='入力'!C54&"" | S31: ='入力'!E54&""
A32: =IF('入力'!A55="","",'入力'!A55) | B32: =IF($A32="","",SUMIFS('記録'!$C$4:$C$2003,'記録'!$B$4:$B$2003,$A32,'記録'!$F$4:$F$2003,B$3)+SUMIFS('明細'!$T$4:$T$3003,'明細'!$S$4:$S$3003,$A32,'明細'!$M$4:$M$3003,B$3)) | C32: =IF($A32="","",SUMIFS('記録'!$C$4:$C$2003,'記録'!$B$4:$B$2003,$A32,'記録'!$F$4:$F$2003,C$3)+SUMIFS('明細'!$T$4:$T$3003,'明細'!$S$4:$S$3003,$A32,'明細'!$M$4:$M$3003,C$3)) | D32: =IF($A32="","",SUMIFS('記録'!$C$4:$C$2003,'記録'!$B$4:$B$2003,$A32,'記録'!$F$4:$F$2003,D$3)+SUMIFS('明細'!$T$4:$T$3003,'明細'!$S$4:$S$3003,$A32,'明細'!$M$4:$M$3003,D$3)) | E32: =IF($A32="","",SUMIFS('記録'!$C$4:$C$2003,'記録'!$B$4:$B$2003,$A32,'記録'!$F$4:$F$2003,E$3)+SUMIFS('明細'!$T$4:$T$3003,'明細'!$S$4:$S$3003,$A32,'明細'!$M$4:$M$3003,E$3)) | F32: =IF($A32="","",SUMIFS('記録'!$C$4:$C$2003,'記録'!$B$4:$B$2003,$A32,'記録'!$F$4:$F$2003,F$3)+SUMIFS('明細'!$T$4:$T$3003,'明細'!$S$4:$S$3003,$A32,'明細'!$M$4:$M$3003,F$3)) | G32: =IF($A32="","",SUMIFS('記録'!$C$4:$C$2003,'記録'!$B$4:$B$2003,$A32,'記録'!$F$4:$F$2003,G$3)+SUMIFS('明細'!$T$4:$T$3003,'明細'!$S$4:$S$3003,$A32,'明細'!$M$4:$M$3003,G$3)) | H32: =IF($A32="","",SUMIFS('記録'!$C$4:$C$2003,'記録'!$B$4:$B$2003,$A32,'記録'!$F$4:$F$2003,H$3)+SUMIFS('明細'!$T$4:$T$3003,'明細'!$S$4:$S$3003,$A32,'明細'!$M$4:$M$3003,H$3)) | I32: =IF($A32="","",SUMIFS('記録'!$C$4:$C$2003,'記録'!$B$4:$B$2003,$A32,'記録'!$F$4:$F$2003,I$3)+SUMIFS('明細'!$T$4:$T$3003,'明細'!$S$4:$S$3003,$A32,'明細'!$M$4:$M$3003,I$3)) | ... M32: =IF($A32="","",SUMIFS('記録'!$C$4:$C$2003,'記録'!$B$4:$B$2003,$A32,'記録'!$F$4:$F$2003,M$3)+SUMIFS('明細'!$T$4:$T$3003,'明細'!$S$4:$S$3003,$A32,'明細'!$M$4:$M$3003,M$3)) | N32: =IF($A32="","",SUM(B32:M32)) | O32: =IF(($A32="")+(SUM($B$77:$M$77)=0),"",N32/SUM($B$77:$M$77)) | P32: =IF($A32="","",'入力'!B55*12) | Q32: =IF($A32="","",P32-N32) | R32: ='入力'!C55&"" | S32: ='入力'!E55&""
A33: =IF('入力'!A56="","",'入力'!A56) | B33: =IF($A33="","",SUMIFS('記録'!$C$4:$C$2003,'記録'!$B$4:$B$2003,$A33,'記録'!$F$4:$F$2003,B$3)+SUMIFS('明細'!$T$4:$T$3003,'明細'!$S$4:$S$3003,$A33,'明細'!$M$4:$M$3003,B$3)) | C33: =IF($A33="","",SUMIFS('記録'!$C$4:$C$2003,'記録'!$B$4:$B$2003,$A33,'記録'!$F$4:$F$2003,C$3)+SUMIFS('明細'!$T$4:$T$3003,'明細'!$S$4:$S$3003,$A33,'明細'!$M$4:$M$3003,C$3)) | D33: =IF($A33="","",SUMIFS('記録'!$C$4:$C$2003,'記録'!$B$4:$B$2003,$A33,'記録'!$F$4:$F$2003,D$3)+SUMIFS('明細'!$T$4:$T$3003,'明細'!$S$4:$S$3003,$A33,'明細'!$M$4:$M$3003,D$3)) | E33: =IF($A33="","",SUMIFS('記録'!$C$4:$C$2003,'記録'!$B$4:$B$2003,$A33,'記録'!$F$4:$F$2003,E$3)+SUMIFS('明細'!$T$4:$T$3003,'明細'!$S$4:$S$3003,$A33,'明細'!$M$4:$M$3003,E$3)) | F33: =IF($A33="","",SUMIFS('記録'!$C$4:$C$2003,'記録'!$B$4:$B$2003,$A33,'記録'!$F$4:$F$2003,F$3)+SUMIFS('明細'!$T$4:$T$3003,'明細'!$S$4:$S$3003,$A33,'明細'!$M$4:$M$3003,F$3)) | G33: =IF($A33="","",SUMIFS('記録'!$C$4:$C$2003,'記録'!$B$4:$B$2003,$A33,'記録'!$F$4:$F$2003,G$3)+SUMIFS('明細'!$T$4:$T$3003,'明細'!$S$4:$S$3003,$A33,'明細'!$M$4:$M$3003,G$3)) | H33: =IF($A33="","",SUMIFS('記録'!$C$4:$C$2003,'記録'!$B$4:$B$2003,$A33,'記録'!$F$4:$F$2003,H$3)+SUMIFS('明細'!$T$4:$T$3003,'明細'!$S$4:$S$3003,$A33,'明細'!$M$4:$M$3003,H$3)) | I33: =IF($A33="","",SUMIFS('記録'!$C$4:$C$2003,'記録'!$B$4:$B$2003,$A33,'記録'!$F$4:$F$2003,I$3)+SUMIFS('明細'!$T$4:$T$3003,'明細'!$S$4:$S$3003,$A33,'明細'!$M$4:$M$3003,I$3)) | ... M33: =IF($A33="","",SUMIFS('記録'!$C$4:$C$2003,'記録'!$B$4:$B$2003,$A33,'記録'!$F$4:$F$2003,M$3)+SUMIFS('明細'!$T$4:$T$3003,'明細'!$S$4:$S$3003,$A33,'明細'!$M$4:$M$3003,M$3)) | N33: =IF($A33="","",SUM(B33:M33)) | O33: =IF(($A33="")+(SUM($B$77:$M$77)=0),"",N33/SUM($B$77:$M$77)) | P33: =IF($A33="","",'入力'!B56*12) | Q33: =IF($A33="","",P33-N33) | R33: ='入力'!C56&"" | S33: ='入力'!E56&""
A34: =IF('入力'!A57="","",'入力'!A57) | B34: =IF($A34="","",SUMIFS('記録'!$C$4:$C$2003,'記録'!$B$4:$B$2003,$A34,'記録'!$F$4:$F$2003,B$3)+SUMIFS('明細'!$T$4:$T$3003,'明細'!$S$4:$S$3003,$A34,'明細'!$M$4:$M$3003,B$3)) | C34: =IF($A34="","",SUMIFS('記録'!$C$4:$C$2003,'記録'!$B$4:$B$2003,$A34,'記録'!$F$4:$F$2003,C$3)+SUMIFS('明細'!$T$4:$T$3003,'明細'!$S$4:$S$3003,$A34,'明細'!$M$4:$M$3003,C$3)) | D34: =IF($A34="","",SUMIFS('記録'!$C$4:$C$2003,'記録'!$B$4:$B$2003,$A34,'記録'!$F$4:$F$2003,D$3)+SUMIFS('明細'!$T$4:$T$3003,'明細'!$S$4:$S$3003,$A34,'明細'!$M$4:$M$3003,D$3)) | E34: =IF($A34="","",SUMIFS('記録'!$C$4:$C$2003,'記録'!$B$4:$B$2003,$A34,'記録'!$F$4:$F$2003,E$3)+SUMIFS('明細'!$T$4:$T$3003,'明細'!$S$4:$S$3003,$A34,'明細'!$M$4:$M$3003,E$3)) | F34: =IF($A34="","",SUMIFS('記録'!$C$4:$C$2003,'記録'!$B$4:$B$2003,$A34,'記録'!$F$4:$F$2003,F$3)+SUMIFS('明細'!$T$4:$T$3003,'明細'!$S$4:$S$3003,$A34,'明細'!$M$4:$M$3003,F$3)) | G34: =IF($A34="","",SUMIFS('記録'!$C$4:$C$2003,'記録'!$B$4:$B$2003,$A34,'記録'!$F$4:$F$2003,G$3)+SUMIFS('明細'!$T$4:$T$3003,'明細'!$S$4:$S$3003,$A34,'明細'!$M$4:$M$3003,G$3)) | H34: =IF($A34="","",SUMIFS('記録'!$C$4:$C$2003,'記録'!$B$4:$B$2003,$A34,'記録'!$F$4:$F$2003,H$3)+SUMIFS('明細'!$T$4:$T$3003,'明細'!$S$4:$S$3003,$A34,'明細'!$M$4:$M$3003,H$3)) | I34: =IF($A34="","",SUMIFS('記録'!$C$4:$C$2003,'記録'!$B$4:$B$2003,$A34,'記録'!$F$4:$F$2003,I$3)+SUMIFS('明細'!$T$4:$T$3003,'明細'!$S$4:$S$3003,$A34,'明細'!$M$4:$M$3003,I$3)) | ... M34: =IF($A34="","",SUMIFS('記録'!$C$4:$C$2003,'記録'!$B$4:$B$2003,$A34,'記録'!$F$4:$F$2003,M$3)+SUMIFS('明細'!$T$4:$T$3003,'明細'!$S$4:$S$3003,$A34,'明細'!$M$4:$M$3003,M$3)) | N34: =IF($A34="","",SUM(B34:M34)) | O34: =IF(($A34="")+(SUM($B$77:$M$77)=0),"",N34/SUM($B$77:$M$77)) | P34: =IF($A34="","",'入力'!B57*12) | Q34: =IF($A34="","",P34-N34) | R34: ='入力'!C57&"" | S34: ='入力'!E57&""
A35: =IF('入力'!A58="","",'入力'!A58) | B35: =IF($A35="","",SUMIFS('記録'!$C$4:$C$2003,'記録'!$B$4:$B$2003,$A35,'記録'!$F$4:$F$2003,B$3)+SUMIFS('明細'!$T$4:$T$3003,'明細'!$S$4:$S$3003,$A35,'明細'!$M$4:$M$3003,B$3)) | C35: =IF($A35="","",SUMIFS('記録'!$C$4:$C$2003,'記録'!$B$4:$B$2003,$A35,'記録'!$F$4:$F$2003,C$3)+SUMIFS('明細'!$T$4:$T$3003,'明細'!$S$4:$S$3003,$A35,'明細'!$M$4:$M$3003,C$3)) | D35: =IF($A35="","",SUMIFS('記録'!$C$4:$C$2003,'記録'!$B$4:$B$2003,$A35,'記録'!$F$4:$F$2003,D$3)+SUMIFS('明細'!$T$4:$T$3003,'明細'!$S$4:$S$3003,$A35,'明細'!$M$4:$M$3003,D$3)) | E35: =IF($A35="","",SUMIFS('記録'!$C$4:$C$2003,'記録'!$B$4:$B$2003,$A35,'記録'!$F$4:$F$2003,E$3)+SUMIFS('明細'!$T$4:$T$3003,'明細'!$S$4:$S$3003,$A35,'明細'!$M$4:$M$3003,E$3)) | F35: =IF($A35="","",SUMIFS('記録'!$C$4:$C$2003,'記録'!$B$4:$B$2003,$A35,'記録'!$F$4:$F$2003,F$3)+SUMIFS('明細'!$T$4:$T$3003,'明細'!$S$4:$S$3003,$A35,'明細'!$M$4:$M$3003,F$3)) | G35: =IF($A35="","",SUMIFS('記録'!$C$4:$C$2003,'記録'!$B$4:$B$2003,$A35,'記録'!$F$4:$F$2003,G$3)+SUMIFS('明細'!$T$4:$T$3003,'明細'!$S$4:$S$3003,$A35,'明細'!$M$4:$M$3003,G$3)) | H35: =IF($A35="","",SUMIFS('記録'!$C$4:$C$2003,'記録'!$B$4:$B$2003,$A35,'記録'!$F$4:$F$2003,H$3)+SUMIFS('明細'!$T$4:$T$3003,'明細'!$S$4:$S$3003,$A35,'明細'!$M$4:$M$3003,H$3)) | I35: =IF($A35="","",SUMIFS('記録'!$C$4:$C$2003,'記録'!$B$4:$B$2003,$A35,'記録'!$F$4:$F$2003,I$3)+SUMIFS('明細'!$T$4:$T$3003,'明細'!$S$4:$S$3003,$A35,'明細'!$M$4:$M$3003,I$3)) | ... M35: =IF($A35="","",SUMIFS('記録'!$C$4:$C$2003,'記録'!$B$4:$B$2003,$A35,'記録'!$F$4:$F$2003,M$3)+SUMIFS('明細'!$T$4:$T$3003,'明細'!$S$4:$S$3003,$A35,'明細'!$M$4:$M$3003,M$3)) | N35: =IF($A35="","",SUM(B35:M35)) | O35: =IF(($A35="")+(SUM($B$77:$M$77)=0),"",N35/SUM($B$77:$M$77)) | P35: =IF($A35="","",'入力'!B58*12) | Q35: =IF($A35="","",P35-N35) | R35: ='入力'!C58&"" | S35: ='入力'!E58&""
A36: =IF('入力'!A59="","",'入力'!A59) | B36: =IF($A36="","",SUMIFS('記録'!$C$4:$C$2003,'記録'!$B$4:$B$2003,$A36,'記録'!$F$4:$F$2003,B$3)+SUMIFS('明細'!$T$4:$T$3003,'明細'!$S$4:$S$3003,$A36,'明細'!$M$4:$M$3003,B$3)) | C36: =IF($A36="","",SUMIFS('記録'!$C$4:$C$2003,'記録'!$B$4:$B$2003,$A36,'記録'!$F$4:$F$2003,C$3)+SUMIFS('明細'!$T$4:$T$3003,'明細'!$S$4:$S$3003,$A36,'明細'!$M$4:$M$3003,C$3)) | D36: =IF($A36="","",SUMIFS('記録'!$C$4:$C$2003,'記録'!$B$4:$B$2003,$A36,'記録'!$F$4:$F$2003,D$3)+SUMIFS('明細'!$T$4:$T$3003,'明細'!$S$4:$S$3003,$A36,'明細'!$M$4:$M$3003,D$3)) | E36: =IF($A36="","",SUMIFS('記録'!$C$4:$C$2003,'記録'!$B$4:$B$2003,$A36,'記録'!$F$4:$F$2003,E$3)+SUMIFS('明細'!$T$4:$T$3003,'明細'!$S$4:$S$3003,$A36,'明細'!$M$4:$M$3003,E$3)) | F36: =IF($A36="","",SUMIFS('記録'!$C$4:$C$2003,'記録'!$B$4:$B$2003,$A36,'記録'!$F$4:$F$2003,F$3)+SUMIFS('明細'!$T$4:$T$3003,'明細'!$S$4:$S$3003,$A36,'明細'!$M$4:$M$3003,F$3)) | G36: =IF($A36="","",SUMIFS('記録'!$C$4:$C$2003,'記録'!$B$4:$B$2003,$A36,'記録'!$F$4:$F$2003,G$3)+SUMIFS('明細'!$T$4:$T$3003,'明細'!$S$4:$S$3003,$A36,'明細'!$M$4:$M$3003,G$3)) | H36: =IF($A36="","",SUMIFS('記録'!$C$4:$C$2003,'記録'!$B$4:$B$2003,$A36,'記録'!$F$4:$F$2003,H$3)+SUMIFS('明細'!$T$4:$T$3003,'明細'!$S$4:$S$3003,$A36,'明細'!$M$4:$M$3003,H$3)) | I36: =IF($A36="","",SUMIFS('記録'!$C$4:$C$2003,'記録'!$B$4:$B$2003,$A36,'記録'!$F$4:$F$2003,I$3)+SUMIFS('明細'!$T$4:$T$3003,'明細'!$S$4:$S$3003,$A36,'明細'!$M$4:$M$3003,I$3)) | ... M36: =IF($A36="","",SUMIFS('記録'!$C$4:$C$2003,'記録'!$B$4:$B$2003,$A36,'記録'!$F$4:$F$2003,M$3)+SUMIFS('明細'!$T$4:$T$3003,'明細'!$S$4:$S$3003,$A36,'明細'!$M$4:$M$3003,M$3)) | N36: =IF($A36="","",SUM(B36:M36)) | O36: =IF(($A36="")+(SUM($B$77:$M$77)=0),"",N36/SUM($B$77:$M$77)) | P36: =IF($A36="","",'入力'!B59*12) | Q36: =IF($A36="","",P36-N36) | R36: ='入力'!C59&"" | S36: ='入力'!E59&""
A37: =IF('入力'!A60="","",'入力'!A60) | B37: =IF($A37="","",SUMIFS('記録'!$C$4:$C$2003,'記録'!$B$4:$B$2003,$A37,'記録'!$F$4:$F$2003,B$3)+SUMIFS('明細'!$T$4:$T$3003,'明細'!$S$4:$S$3003,$A37,'明細'!$M$4:$M$3003,B$3)) | C37: =IF($A37="","",SUMIFS('記録'!$C$4:$C$2003,'記録'!$B$4:$B$2003,$A37,'記録'!$F$4:$F$2003,C$3)+SUMIFS('明細'!$T$4:$T$3003,'明細'!$S$4:$S$3003,$A37,'明細'!$M$4:$M$3003,C$3)) | D37: =IF($A37="","",SUMIFS('記録'!$C$4:$C$2003,'記録'!$B$4:$B$2003,$A37,'記録'!$F$4:$F$2003,D$3)+SUMIFS('明細'!$T$4:$T$3003,'明細'!$S$4:$S$3003,$A37,'明細'!$M$4:$M$3003,D$3)) | E37: =IF($A37="","",SUMIFS('記録'!$C$4:$C$2003,'記録'!$B$4:$B$2003,$A37,'記録'!$F$4:$F$2003,E$3)+SUMIFS('明細'!$T$4:$T$3003,'明細'!$S$4:$S$3003,$A37,'明細'!$M$4:$M$3003,E$3)) | F37: =IF($A37="","",SUMIFS('記録'!$C$4:$C$2003,'記録'!$B$4:$B$2003,$A37,'記録'!$F$4:$F$2003,F$3)+SUMIFS('明細'!$T$4:$T$3003,'明細'!$S$4:$S$3003,$A37,'明細'!$M$4:$M$3003,F$3)) | G37: =IF($A37="","",SUMIFS('記録'!$C$4:$C$2003,'記録'!$B$4:$B$2003,$A37,'記録'!$F$4:$F$2003,G$3)+SUMIFS('明細'!$T$4:$T$3003,'明細'!$S$4:$S$3003,$A37,'明細'!$M$4:$M$3003,G$3)) | H37: =IF($A37="","",SUMIFS('記録'!$C$4:$C$2003,'記録'!$B$4:$B$2003,$A37,'記録'!$F$4:$F$2003,H$3)+SUMIFS('明細'!$T$4:$T$3003,'明細'!$S$4:$S$3003,$A37,'明細'!$M$4:$M$3003,H$3)) | I37: =IF($A37="","",SUMIFS('記録'!$C$4:$C$2003,'記録'!$B$4:$B$2003,$A37,'記録'!$F$4:$F$2003,I$3)+SUMIFS('明細'!$T$4:$T$3003,'明細'!$S$4:$S$3003,$A37,'明細'!$M$4:$M$3003,I$3)) | ... M37: =IF($A37="","",SUMIFS('記録'!$C$4:$C$2003,'記録'!$B$4:$B$2003,$A37,'記録'!$F$4:$F$2003,M$3)+SUMIFS('明細'!$T$4:$T$3003,'明細'!$S$4:$S$3003,$A37,'明細'!$M$4:$M$3003,M$3)) | N37: =IF($A37="","",SUM(B37:M37)) | O37: =IF(($A37="")+(SUM($B$77:$M$77)=0),"",N37/SUM($B$77:$M$77)) | P37: =IF($A37="","",'入力'!B60*12) | Q37: =IF($A37="","",P37-N37) | R37: ='入力'!C60&"" | S37: ='入力'!E60&""
A38: =IF('入力'!A61="","",'入力'!A61) | B38: =IF($A38="","",SUMIFS('記録'!$C$4:$C$2003,'記録'!$B$4:$B$2003,$A38,'記録'!$F$4:$F$2003,B$3)+SUMIFS('明細'!$T$4:$T$3003,'明細'!$S$4:$S$3003,$A38,'明細'!$M$4:$M$3003,B$3)) | C38: =IF($A38="","",SUMIFS('記録'!$C$4:$C$2003,'記録'!$B$4:$B$2003,$A38,'記録'!$F$4:$F$2003,C$3)+SUMIFS('明細'!$T$4:$T$3003,'明細'!$S$4:$S$3003,$A38,'明細'!$M$4:$M$3003,C$3)) | D38: =IF($A38="","",SUMIFS('記録'!$C$4:$C$2003,'記録'!$B$4:$B$2003,$A38,'記録'!$F$4:$F$2003,D$3)+SUMIFS('明細'!$T$4:$T$3003,'明細'!$S$4:$S$3003,$A38,'明細'!$M$4:$M$3003,D$3)) | E38: =IF($A38="","",SUMIFS('記録'!$C$4:$C$2003,'記録'!$B$4:$B$2003,$A38,'記録'!$F$4:$F$2003,E$3)+SUMIFS('明細'!$T$4:$T$3003,'明細'!$S$4:$S$3003,$A38,'明細'!$M$4:$M$3003,E$3)) | F38: =IF($A38="","",SUMIFS('記録'!$C$4:$C$2003,'記録'!$B$4:$B$2003,$A38,'記録'!$F$4:$F$2003,F$3)+SUMIFS('明細'!$T$4:$T$3003,'明細'!$S$4:$S$3003,$A38,'明細'!$M$4:$M$3003,F$3)) | G38: =IF($A38="","",SUMIFS('記録'!$C$4:$C$2003,'記録'!$B$4:$B$2003,$A38,'記録'!$F$4:$F$2003,G$3)+SUMIFS('明細'!$T$4:$T$3003,'明細'!$S$4:$S$3003,$A38,'明細'!$M$4:$M$3003,G$3)) | H38: =IF($A38="","",SUMIFS('記録'!$C$4:$C$2003,'記録'!$B$4:$B$2003,$A38,'記録'!$F$4:$F$2003,H$3)+SUMIFS('明細'!$T$4:$T$3003,'明細'!$S$4:$S$3003,$A38,'明細'!$M$4:$M$3003,H$3)) | I38: =IF($A38="","",SUMIFS('記録'!$C$4:$C$2003,'記録'!$B$4:$B$2003,$A38,'記録'!$F$4:$F$2003,I$3)+SUMIFS('明細'!$T$4:$T$3003,'明細'!$S$4:$S$3003,$A38,'明細'!$M$4:$M$3003,I$3)) | ... M38: =IF($A38="","",SUMIFS('記録'!$C$4:$C$2003,'記録'!$B$4:$B$2003,$A38,'記録'!$F$4:$F$2003,M$3)+SUMIFS('明細'!$T$4:$T$3003,'明細'!$S$4:$S$3003,$A38,'明細'!$M$4:$M$3003,M$3)) | N38: =IF($A38="","",SUM(B38:M38)) | O38: =IF(($A38="")+(SUM($B$77:$M$77)=0),"",N38/SUM($B$77:$M$77)) | P38: =IF($A38="","",'入力'!B61*12) | Q38: =IF($A38="","",P38-N38) | R38: ='入力'!C61&"" | S38: ='入力'!E61&""
A39: =IF('入力'!A62="","",'入力'!A62) | B39: =IF($A39="","",SUMIFS('記録'!$C$4:$C$2003,'記録'!$B$4:$B$2003,$A39,'記録'!$F$4:$F$2003,B$3)+SUMIFS('明細'!$T$4:$T$3003,'明細'!$S$4:$S$3003,$A39,'明細'!$M$4:$M$3003,B$3)) | C39: =IF($A39="","",SUMIFS('記録'!$C$4:$C$2003,'記録'!$B$4:$B$2003,$A39,'記録'!$F$4:$F$2003,C$3)+SUMIFS('明細'!$T$4:$T$3003,'明細'!$S$4:$S$3003,$A39,'明細'!$M$4:$M$3003,C$3)) | D39: =IF($A39="","",SUMIFS('記録'!$C$4:$C$2003,'記録'!$B$4:$B$2003,$A39,'記録'!$F$4:$F$2003,D$3)+SUMIFS('明細'!$T$4:$T$3003,'明細'!$S$4:$S$3003,$A39,'明細'!$M$4:$M$3003,D$3)) | E39: =IF($A39="","",SUMIFS('記録'!$C$4:$C$2003,'記録'!$B$4:$B$2003,$A39,'記録'!$F$4:$F$2003,E$3)+SUMIFS('明細'!$T$4:$T$3003,'明細'!$S$4:$S$3003,$A39,'明細'!$M$4:$M$3003,E$3)) | F39: =IF($A39="","",SUMIFS('記録'!$C$4:$C$2003,'記録'!$B$4:$B$2003,$A39,'記録'!$F$4:$F$2003,F$3)+SUMIFS('明細'!$T$4:$T$3003,'明細'!$S$4:$S$3003,$A39,'明細'!$M$4:$M$3003,F$3)) | G39: =IF($A39="","",SUMIFS('記録'!$C$4:$C$2003,'記録'!$B$4:$B$2003,$A39,'記録'!$F$4:$F$2003,G$3)+SUMIFS('明細'!$T$4:$T$3003,'明細'!$S$4:$S$3003,$A39,'明細'!$M$4:$M$3003,G$3)) | H39: =IF($A39="","",SUMIFS('記録'!$C$4:$C$2003,'記録'!$B$4:$B$2003,$A39,'記録'!$F$4:$F$2003,H$3)+SUMIFS('明細'!$T$4:$T$3003,'明細'!$S$4:$S$3003,$A39,'明細'!$M$4:$M$3003,H$3)) | I39: =IF($A39="","",SUMIFS('記録'!$C$4:$C$2003,'記録'!$B$4:$B$2003,$A39,'記録'!$F$4:$F$2003,I$3)+SUMIFS('明細'!$T$4:$T$3003,'明細'!$S$4:$S$3003,$A39,'明細'!$M$4:$M$3003,I$3)) | ... M39: =IF($A39="","",SUMIFS('記録'!$C$4:$C$2003,'記録'!$B$4:$B$2003,$A39,'記録'!$F$4:$F$2003,M$3)+SUMIFS('明細'!$T$4:$T$3003,'明細'!$S$4:$S$3003,$A39,'明細'!$M$4:$M$3003,M$3)) | N39: =IF($A39="","",SUM(B39:M39)) | O39: =IF(($A39="")+(SUM($B$77:$M$77)=0),"",N39/SUM($B$77:$M$77)) | P39: =IF($A39="","",'入力'!B62*12) | Q39: =IF($A39="","",P39-N39) | R39: ='入力'!C62&"" | S39: ='入力'!E62&""
A40: =IF('入力'!A63="","",'入力'!A63) | B40: =IF($A40="","",SUMIFS('記録'!$C$4:$C$2003,'記録'!$B$4:$B$2003,$A40,'記録'!$F$4:$F$2003,B$3)+SUMIFS('明細'!$T$4:$T$3003,'明細'!$S$4:$S$3003,$A40,'明細'!$M$4:$M$3003,B$3)) | C40: =IF($A40="","",SUMIFS('記録'!$C$4:$C$2003,'記録'!$B$4:$B$2003,$A40,'記録'!$F$4:$F$2003,C$3)+SUMIFS('明細'!$T$4:$T$3003,'明細'!$S$4:$S$3003,$A40,'明細'!$M$4:$M$3003,C$3)) | D40: =IF($A40="","",SUMIFS('記録'!$C$4:$C$2003,'記録'!$B$4:$B$2003,$A40,'記録'!$F$4:$F$2003,D$3)+SUMIFS('明細'!$T$4:$T$3003,'明細'!$S$4:$S$3003,$A40,'明細'!$M$4:$M$3003,D$3)) | E40: =IF($A40="","",SUMIFS('記録'!$C$4:$C$2003,'記録'!$B$4:$B$2003,$A40,'記録'!$F$4:$F$2003,E$3)+SUMIFS('明細'!$T$4:$T$3003,'明細'!$S$4:$S$3003,$A40,'明細'!$M$4:$M$3003,E$3)) | F40: =IF($A40="","",SUMIFS('記録'!$C$4:$C$2003,'記録'!$B$4:$B$2003,$A40,'記録'!$F$4:$F$2003,F$3)+SUMIFS('明細'!$T$4:$T$3003,'明細'!$S$4:$S$3003,$A40,'明細'!$M$4:$M$3003,F$3)) | G40: =IF($A40="","",SUMIFS('記録'!$C$4:$C$2003,'記録'!$B$4:$B$2003,$A40,'記録'!$F$4:$F$2003,G$3)+SUMIFS('明細'!$T$4:$T$3003,'明細'!$S$4:$S$3003,$A40,'明細'!$M$4:$M$3003,G$3)) | H40: =IF($A40="","",SUMIFS('記録'!$C$4:$C$2003,'記録'!$B$4:$B$2003,$A40,'記録'!$F$4:$F$2003,H$3)+SUMIFS('明細'!$T$4:$T$3003,'明細'!$S$4:$S$3003,$A40,'明細'!$M$4:$M$3003,H$3)) | I40: =IF($A40="","",SUMIFS('記録'!$C$4:$C$2003,'記録'!$B$4:$B$2003,$A40,'記録'!$F$4:$F$2003,I$3)+SUMIFS('明細'!$T$4:$T$3003,'明細'!$S$4:$S$3003,$A40,'明細'!$M$4:$M$3003,I$3)) | ... M40: =IF($A40="","",SUMIFS('記録'!$C$4:$C$2003,'記録'!$B$4:$B$2003,$A40,'記録'!$F$4:$F$2003,M$3)+SUMIFS('明細'!$T$4:$T$3003,'明細'!$S$4:$S$3003,$A40,'明細'!$M$4:$M$3003,M$3)) | N40: =IF($A40="","",SUM(B40:M40)) | O40: =IF(($A40="")+(SUM($B$77:$M$77)=0),"",N40/SUM($B$77:$M$77)) | P40: =IF($A40="","",'入力'!B63*12) | Q40: =IF($A40="","",P40-N40) | R40: ='入力'!C63&"" | S40: ='入力'!E63&""
A41: =IF('入力'!A64="","",'入力'!A64) | B41: =IF($A41="","",SUMIFS('記録'!$C$4:$C$2003,'記録'!$B$4:$B$2003,$A41,'記録'!$F$4:$F$2003,B$3)+SUMIFS('明細'!$T$4:$T$3003,'明細'!$S$4:$S$3003,$A41,'明細'!$M$4:$M$3003,B$3)) | C41: =IF($A41="","",SUMIFS('記録'!$C$4:$C$2003,'記録'!$B$4:$B$2003,$A41,'記録'!$F$4:$F$2003,C$3)+SUMIFS('明細'!$T$4:$T$3003,'明細'!$S$4:$S$3003,$A41,'明細'!$M$4:$M$3003,C$3)) | D41: =IF($A41="","",SUMIFS('記録'!$C$4:$C$2003,'記録'!$B$4:$B$2003,$A41,'記録'!$F$4:$F$2003,D$3)+SUMIFS('明細'!$T$4:$T$3003,'明細'!$S$4:$S$3003,$A41,'明細'!$M$4:$M$3003,D$3)) | E41: =IF($A41="","",SUMIFS('記録'!$C$4:$C$2003,'記録'!$B$4:$B$2003,$A41,'記録'!$F$4:$F$2003,E$3)+SUMIFS('明細'!$T$4:$T$3003,'明細'!$S$4:$S$3003,$A41,'明細'!$M$4:$M$3003,E$3)) | F41: =IF($A41="","",SUMIFS('記録'!$C$4:$C$2003,'記録'!$B$4:$B$2003,$A41,'記録'!$F$4:$F$2003,F$3)+SUMIFS('明細'!$T$4:$T$3003,'明細'!$S$4:$S$3003,$A41,'明細'!$M$4:$M$3003,F$3)) | G41: =IF($A41="","",SUMIFS('記録'!$C$4:$C$2003,'記録'!$B$4:$B$2003,$A41,'記録'!$F$4:$F$2003,G$3)+SUMIFS('明細'!$T$4:$T$3003,'明細'!$S$4:$S$3003,$A41,'明細'!$M$4:$M$3003,G$3)) | H41: =IF($A41="","",SUMIFS('記録'!$C$4:$C$2003,'記録'!$B$4:$B$2003,$A41,'記録'!$F$4:$F$2003,H$3)+SUMIFS('明細'!$T$4:$T$3003,'明細'!$S$4:$S$3003,$A41,'明細'!$M$4:$M$3003,H$3)) | I41: =IF($A41="","",SUMIFS('記録'!$C$4:$C$2003,'記録'!$B$4:$B$2003,$A41,'記録'!$F$4:$F$2003,I$3)+SUMIFS('明細'!$T$4:$T$3003,'明細'!$S$4:$S$3003,$A41,'明細'!$M$4:$M$3003,I$3)) | ... M41: =IF($A41="","",SUMIFS('記録'!$C$4:$C$2003,'記録'!$B$4:$B$2003,$A41,'記録'!$F$4:$F$2003,M$3)+SUMIFS('明細'!$T$4:$T$3003,'明細'!$S$4:$S$3003,$A41,'明細'!$M$4:$M$3003,M$3)) | N41: =IF($A41="","",SUM(B41:M41)) | O41: =IF(($A41="")+(SUM($B$77:$M$77)=0),"",N41/SUM($B$77:$M$77)) | P41: =IF($A41="","",'入力'!B64*12) | Q41: =IF($A41="","",P41-N41) | R41: ='入力'!C64&"" | S41: ='入力'!E64&""
A42: =IF('入力'!A65="","",'入力'!A65) | B42: =IF($A42="","",SUMIFS('記録'!$C$4:$C$2003,'記録'!$B$4:$B$2003,$A42,'記録'!$F$4:$F$2003,B$3)+SUMIFS('明細'!$T$4:$T$3003,'明細'!$S$4:$S$3003,$A42,'明細'!$M$4:$M$3003,B$3)) | C42: =IF($A42="","",SUMIFS('記録'!$C$4:$C$2003,'記録'!$B$4:$B$2003,$A42,'記録'!$F$4:$F$2003,C$3)+SUMIFS('明細'!$T$4:$T$3003,'明細'!$S$4:$S$3003,$A42,'明細'!$M$4:$M$3003,C$3)) | D42: =IF($A42="","",SUMIFS('記録'!$C$4:$C$2003,'記録'!$B$4:$B$2003,$A42,'記録'!$F$4:$F$2003,D$3)+SUMIFS('明細'!$T$4:$T$3003,'明細'!$S$4:$S$3003,$A42,'明細'!$M$4:$M$3003,D$3)) | E42: =IF($A42="","",SUMIFS('記録'!$C$4:$C$2003,'記録'!$B$4:$B$2003,$A42,'記録'!$F$4:$F$2003,E$3)+SUMIFS('明細'!$T$4:$T$3003,'明細'!$S$4:$S$3003,$A42,'明細'!$M$4:$M$3003,E$3)) | F42: =IF($A42="","",SUMIFS('記録'!$C$4:$C$2003,'記録'!$B$4:$B$2003,$A42,'記録'!$F$4:$F$2003,F$3)+SUMIFS('明細'!$T$4:$T$3003,'明細'!$S$4:$S$3003,$A42,'明細'!$M$4:$M$3003,F$3)) | G42: =IF($A42="","",SUMIFS('記録'!$C$4:$C$2003,'記録'!$B$4:$B$2003,$A42,'記録'!$F$4:$F$2003,G$3)+SUMIFS('明細'!$T$4:$T$3003,'明細'!$S$4:$S$3003,$A42,'明細'!$M$4:$M$3003,G$3)) | H42: =IF($A42="","",SUMIFS('記録'!$C$4:$C$2003,'記録'!$B$4:$B$2003,$A42,'記録'!$F$4:$F$2003,H$3)+SUMIFS('明細'!$T$4:$T$3003,'明細'!$S$4:$S$3003,$A42,'明細'!$M$4:$M$3003,H$3)) | I42: =IF($A42="","",SUMIFS('記録'!$C$4:$C$2003,'記録'!$B$4:$B$2003,$A42,'記録'!$F$4:$F$2003,I$3)+SUMIFS('明細'!$T$4:$T$3003,'明細'!$S$4:$S$3003,$A42,'明細'!$M$4:$M$3003,I$3)) | ... M42: =IF($A42="","",SUMIFS('記録'!$C$4:$C$2003,'記録'!$B$4:$B$2003,$A42,'記録'!$F$4:$F$2003,M$3)+SUMIFS('明細'!$T$4:$T$3003,'明細'!$S$4:$S$3003,$A42,'明細'!$M$4:$M$3003,M$3)) | N42: =IF($A42="","",SUM(B42:M42)) | O42: =IF(($A42="")+(SUM($B$77:$M$77)=0),"",N42/SUM($B$77:$M$77)) | P42: =IF($A42="","",'入力'!B65*12) | Q42: =IF($A42="","",P42-N42) | R42: ='入力'!C65&"" | S42: ='入力'!E65&""
... A45: =IF('入力'!A68="","",'入力'!A68) | B45: =IF($A45="","",SUMIFS('記録'!$C$4:$C$2003,'記録'!$B$4:$B$2003,$A45,'記録'!$F$4:$F$2003,B$3)+SUMIFS('明細'!$T$4:$T$3003,'明細'!$S$4:$S$3003,$A45,'明細'!$M$4:$M$3003,B$3)) | C45: =IF($A45="","",SUMIFS('記録'!$C$4:$C$2003,'記録'!$B$4:$B$2003,$A45,'記録'!$F$4:$F$2003,C$3)+SUMIFS('明細'!$T$4:$T$3003,'明細'!$S$4:$S$3003,$A45,'明細'!$M$4:$M$3003,C$3)) | D45: =IF($A45="","",SUMIFS('記録'!$C$4:$C$2003,'記録'!$B$4:$B$2003,$A45,'記録'!$F$4:$F$2003,D$3)+SUMIFS('明細'!$T$4:$T$3003,'明細'!$S$4:$S$3003,$A45,'明細'!$M$4:$M$3003,D$3)) | E45: =IF($A45="","",SUMIFS('記録'!$C$4:$C$2003,'記録'!$B$4:$B$2003,$A45,'記録'!$F$4:$F$2003,E$3)+SUMIFS('明細'!$T$4:$T$3003,'明細'!$S$4:$S$3003,$A45,'明細'!$M$4:$M$3003,E$3)) | F45: =IF($A45="","",SUMIFS('記録'!$C$4:$C$2003,'記録'!$B$4:$B$2003,$A45,'記録'!$F$4:$F$2003,F$3)+SUMIFS('明細'!$T$4:$T$3003,'明細'!$S$4:$S$3003,$A45,'明細'!$M$4:$M$3003,F$3)) | G45: =IF($A45="","",SUMIFS('記録'!$C$4:$C$2003,'記録'!$B$4:$B$2003,$A45,'記録'!$F$4:$F$2003,G$3)+SUMIFS('明細'!$T$4:$T$3003,'明細'!$S$4:$S$3003,$A45,'明細'!$M$4:$M$3003,G$3)) | H45: =IF($A45="","",SUMIFS('記録'!$C$4:$C$2003,'記録'!$B$4:$B$2003,$A45,'記録'!$F$4:$F$2003,H$3)+SUMIFS('明細'!$T$4:$T$3003,'明細'!$S$4:$S$3003,$A45,'明細'!$M$4:$M$3003,H$3)) | I45: =IF($A45="","",SUMIFS('記録'!$C$4:$C$2003,'記録'!$B$4:$B$2003,$A45,'記録'!$F$4:$F$2003,I$3)+SUMIFS('明細'!$T$4:$T$3003,'明細'!$S$4:$S$3003,$A45,'明細'!$M$4:$M$3003,I$3)) | ... M45: =IF($A45="","",SUMIFS('記録'!$C$4:$C$2003,'記録'!$B$4:$B$2003,$A45,'記録'!$F$4:$F$2003,M$3)+SUMIFS('明細'!$T$4:$T$3003,'明細'!$S$4:$S$3003,$A45,'明細'!$M$4:$M$3003,M$3)) | N45: =IF($A45="","",SUM(B45:M45)) | O45: =IF(($A45="")+(SUM($B$77:$M$77)=0),"",N45/SUM($B$77:$M$77)) | P45: =IF($A45="","",'入力'!B68*12) | Q45: =IF($A45="","",P45-N45) | R45: ='入力'!C68&"" | S45: ='入力'!E68&""
A46: 暮らしの費用の合計 | B46: =SUM(B31:B45) | C46: =SUM(C31:C45) | D46: =SUM(D31:D45) | E46: =SUM(E31:E45) | F46: =SUM(F31:F45) | G46: =SUM(G31:G45) | H46: =SUM(H31:H45) | I46: =SUM(I31:I45) | ... N46: =SUM(N31:N45) | O46: =IF(SUM($B$77:$M$77)=0,"",N46/SUM($B$77:$M$77)) | P46: =SUM(P31:P45) | Q46: =P46-N46
A47: □ 年に数回の出費
A48: =IF('入力'!A70="","",'入力'!A70) | B48: =IF($A48="","",SUMIFS('記録'!$C$4:$C$2003,'記録'!$B$4:$B$2003,$A48,'記録'!$F$4:$F$2003,B$3)+SUMIFS('明細'!$T$4:$T$3003,'明細'!$S$4:$S$3003,$A48,'明細'!$M$4:$M$3003,B$3)) | C48: =IF($A48="","",SUMIFS('記録'!$C$4:$C$2003,'記録'!$B$4:$B$2003,$A48,'記録'!$F$4:$F$2003,C$3)+SUMIFS('明細'!$T$4:$T$3003,'明細'!$S$4:$S$3003,$A48,'明細'!$M$4:$M$3003,C$3)) | D48: =IF($A48="","",SUMIFS('記録'!$C$4:$C$2003,'記録'!$B$4:$B$2003,$A48,'記録'!$F$4:$F$2003,D$3)+SUMIFS('明細'!$T$4:$T$3003,'明細'!$S$4:$S$3003,$A48,'明細'!$M$4:$M$3003,D$3)) | E48: =IF($A48="","",SUMIFS('記録'!$C$4:$C$2003,'記録'!$B$4:$B$2003,$A48,'記録'!$F$4:$F$2003,E$3)+SUMIFS('明細'!$T$4:$T$3003,'明細'!$S$4:$S$3003,$A48,'明細'!$M$4:$M$3003,E$3)) | F48: =IF($A48="","",SUMIFS('記録'!$C$4:$C$2003,'記録'!$B$4:$B$2003,$A48,'記録'!$F$4:$F$2003,F$3)+SUMIFS('明細'!$T$4:$T$3003,'明細'!$S$4:$S$3003,$A48,'明細'!$M$4:$M$3003,F$3)) | G48: =IF($A48="","",SUMIFS('記録'!$C$4:$C$2003,'記録'!$B$4:$B$2003,$A48,'記録'!$F$4:$F$2003,G$3)+SUMIFS('明細'!$T$4:$T$3003,'明細'!$S$4:$S$3003,$A48,'明細'!$M$4:$M$3003,G$3)) | H48: =IF($A48="","",SUMIFS('記録'!$C$4:$C$2003,'記録'!$B$4:$B$2003,$A48,'記録'!$F$4:$F$2003,H$3)+SUMIFS('明細'!$T$4:$T$3003,'明細'!$S$4:$S$3003,$A48,'明細'!$M$4:$M$3003,H$3)) | I48: =IF($A48="","",SUMIFS('記録'!$C$4:$C$2003,'記録'!$B$4:$B$2003,$A48,'記録'!$F$4:$F$2003,I$3)+SUMIFS('明細'!$T$4:$T$3003,'明細'!$S$4:$S$3003,$A48,'明細'!$M$4:$M$3003,I$3)) | ... M48: =IF($A48="","",SUMIFS('記録'!$C$4:$C$2003,'記録'!$B$4:$B$2003,$A48,'記録'!$F$4:$F$2003,M$3)+SUMIFS('明細'!$T$4:$T$3003,'明細'!$S$4:$S$3003,$A48,'明細'!$M$4:$M$3003,M$3)) | N48: =IF($A48="","",SUM(B48:M48)) | O48: =IF(($A48="")+(SUM($B$77:$M$77)=0),"",N48/SUM($B$77:$M$77)) | P48: =IF($A48="","",SUMIFS('入力'!$G$92:$G$103,'入力'!$B$92:$B$103,$A48)) | Q48: =IF($A48="","",P48-N48) | R48: ='入力'!C70&"" | S48: ='入力'!E70&""
A49: =IF('入力'!A71="","",'入力'!A71) | B49: =IF($A49="","",SUMIFS('記録'!$C$4:$C$2003,'記録'!$B$4:$B$2003,$A49,'記録'!$F$4:$F$2003,B$3)+SUMIFS('明細'!$T$4:$T$3003,'明細'!$S$4:$S$3003,$A49,'明細'!$M$4:$M$3003,B$3)) | C49: =IF($A49="","",SUMIFS('記録'!$C$4:$C$2003,'記録'!$B$4:$B$2003,$A49,'記録'!$F$4:$F$2003,C$3)+SUMIFS('明細'!$T$4:$T$3003,'明細'!$S$4:$S$3003,$A49,'明細'!$M$4:$M$3003,C$3)) | D49: =IF($A49="","",SUMIFS('記録'!$C$4:$C$2003,'記録'!$B$4:$B$2003,$A49,'記録'!$F$4:$F$2003,D$3)+SUMIFS('明細'!$T$4:$T$3003,'明細'!$S$4:$S$3003,$A49,'明細'!$M$4:$M$3003,D$3)) | E49: =IF($A49="","",SUMIFS('記録'!$C$4:$C$2003,'記録'!$B$4:$B$2003,$A49,'記録'!$F$4:$F$2003,E$3)+SUMIFS('明細'!$T$4:$T$3003,'明細'!$S$4:$S$3003,$A49,'明細'!$M$4:$M$3003,E$3)) | F49: =IF($A49="","",SUMIFS('記録'!$C$4:$C$2003,'記録'!$B$4:$B$2003,$A49,'記録'!$F$4:$F$2003,F$3)+SUMIFS('明細'!$T$4:$T$3003,'明細'!$S$4:$S$3003,$A49,'明細'!$M$4:$M$3003,F$3)) | G49: =IF($A49="","",SUMIFS('記録'!$C$4:$C$2003,'記録'!$B$4:$B$2003,$A49,'記録'!$F$4:$F$2003,G$3)+SUMIFS('明細'!$T$4:$T$3003,'明細'!$S$4:$S$3003,$A49,'明細'!$M$4:$M$3003,G$3)) | H49: =IF($A49="","",SUMIFS('記録'!$C$4:$C$2003,'記録'!$B$4:$B$2003,$A49,'記録'!$F$4:$F$2003,H$3)+SUMIFS('明細'!$T$4:$T$3003,'明細'!$S$4:$S$3003,$A49,'明細'!$M$4:$M$3003,H$3)) | I49: =IF($A49="","",SUMIFS('記録'!$C$4:$C$2003,'記録'!$B$4:$B$2003,$A49,'記録'!$F$4:$F$2003,I$3)+SUMIFS('明細'!$T$4:$T$3003,'明細'!$S$4:$S$3003,$A49,'明細'!$M$4:$M$3003,I$3)) | ... M49: =IF($A49="","",SUMIFS('記録'!$C$4:$C$2003,'記録'!$B$4:$B$2003,$A49,'記録'!$F$4:$F$2003,M$3)+SUMIFS('明細'!$T$4:$T$3003,'明細'!$S$4:$S$3003,$A49,'明細'!$M$4:$M$3003,M$3)) | N49: =IF($A49="","",SUM(B49:M49)) | O49: =IF(($A49="")+(SUM($B$77:$M$77)=0),"",N49/SUM($B$77:$M$77)) | P49: =IF($A49="","",SUMIFS('入力'!$G$92:$G$103,'入力'!$B$92:$B$103,$A49)) | Q49: =IF($A49="","",P49-N49) | R49: ='入力'!C71&"" | S49: ='入力'!E71&""
A50: =IF('入力'!A72="","",'入力'!A72) | B50: =IF($A50="","",SUMIFS('記録'!$C$4:$C$2003,'記録'!$B$4:$B$2003,$A50,'記録'!$F$4:$F$2003,B$3)+SUMIFS('明細'!$T$4:$T$3003,'明細'!$S$4:$S$3003,$A50,'明細'!$M$4:$M$3003,B$3)) | C50: =IF($A50="","",SUMIFS('記録'!$C$4:$C$2003,'記録'!$B$4:$B$2003,$A50,'記録'!$F$4:$F$2003,C$3)+SUMIFS('明細'!$T$4:$T$3003,'明細'!$S$4:$S$3003,$A50,'明細'!$M$4:$M$3003,C$3)) | D50: =IF($A50="","",SUMIFS('記録'!$C$4:$C$2003,'記録'!$B$4:$B$2003,$A50,'記録'!$F$4:$F$2003,D$3)+SUMIFS('明細'!$T$4:$T$3003,'明細'!$S$4:$S$3003,$A50,'明細'!$M$4:$M$3003,D$3)) | E50: =IF($A50="","",SUMIFS('記録'!$C$4:$C$2003,'記録'!$B$4:$B$2003,$A50,'記録'!$F$4:$F$2003,E$3)+SUMIFS('明細'!$T$4:$T$3003,'明細'!$S$4:$S$3003,$A50,'明細'!$M$4:$M$3003,E$3)) | F50: =IF($A50="","",SUMIFS('記録'!$C$4:$C$2003,'記録'!$B$4:$B$2003,$A50,'記録'!$F$4:$F$2003,F$3)+SUMIFS('明細'!$T$4:$T$3003,'明細'!$S$4:$S$3003,$A50,'明細'!$M$4:$M$3003,F$3)) | G50: =IF($A50="","",SUMIFS('記録'!$C$4:$C$2003,'記録'!$B$4:$B$2003,$A50,'記録'!$F$4:$F$2003,G$3)+SUMIFS('明細'!$T$4:$T$3003,'明細'!$S$4:$S$3003,$A50,'明細'!$M$4:$M$3003,G$3)) | H50: =IF($A50="","",SUMIFS('記録'!$C$4:$C$2003,'記録'!$B$4:$B$2003,$A50,'記録'!$F$4:$F$2003,H$3)+SUMIFS('明細'!$T$4:$T$3003,'明細'!$S$4:$S$3003,$A50,'明細'!$M$4:$M$3003,H$3)) | I50: =IF($A50="","",SUMIFS('記録'!$C$4:$C$2003,'記録'!$B$4:$B$2003,$A50,'記録'!$F$4:$F$2003,I$3)+SUMIFS('明細'!$T$4:$T$3003,'明細'!$S$4:$S$3003,$A50,'明細'!$M$4:$M$3003,I$3)) | ... M50: =IF($A50="","",SUMIFS('記録'!$C$4:$C$2003,'記録'!$B$4:$B$2003,$A50,'記録'!$F$4:$F$2003,M$3)+SUMIFS('明細'!$T$4:$T$3003,'明細'!$S$4:$S$3003,$A50,'明細'!$M$4:$M$3003,M$3)) | N50: =IF($A50="","",SUM(B50:M50)) | O50: =IF(($A50="")+(SUM($B$77:$M$77)=0),"",N50/SUM($B$77:$M$77)) | P50: =IF($A50="","",SUMIFS('入力'!$G$92:$G$103,'入力'!$B$92:$B$103,$A50)) | Q50: =IF($A50="","",P50-N50) | R50: ='入力'!C72&"" | S50: ='入力'!E72&""
A51: =IF('入力'!A73="","",'入力'!A73) | B51: =IF($A51="","",SUMIFS('記録'!$C$4:$C$2003,'記録'!$B$4:$B$2003,$A51,'記録'!$F$4:$F$2003,B$3)+SUMIFS('明細'!$T$4:$T$3003,'明細'!$S$4:$S$3003,$A51,'明細'!$M$4:$M$3003,B$3)) | C51: =IF($A51="","",SUMIFS('記録'!$C$4:$C$2003,'記録'!$B$4:$B$2003,$A51,'記録'!$F$4:$F$2003,C$3)+SUMIFS('明細'!$T$4:$T$3003,'明細'!$S$4:$S$3003,$A51,'明細'!$M$4:$M$3003,C$3)) | D51: =IF($A51="","",SUMIFS('記録'!$C$4:$C$2003,'記録'!$B$4:$B$2003,$A51,'記録'!$F$4:$F$2003,D$3)+SUMIFS('明細'!$T$4:$T$3003,'明細'!$S$4:$S$3003,$A51,'明細'!$M$4:$M$3003,D$3)) | E51: =IF($A51="","",SUMIFS('記録'!$C$4:$C$2003,'記録'!$B$4:$B$2003,$A51,'記録'!$F$4:$F$2003,E$3)+SUMIFS('明細'!$T$4:$T$3003,'明細'!$S$4:$S$3003,$A51,'明細'!$M$4:$M$3003,E$3)) | F51: =IF($A51="","",SUMIFS('記録'!$C$4:$C$2003,'記録'!$B$4:$B$2003,$A51,'記録'!$F$4:$F$2003,F$3)+SUMIFS('明細'!$T$4:$T$3003,'明細'!$S$4:$S$3003,$A51,'明細'!$M$4:$M$3003,F$3)) | G51: =IF($A51="","",SUMIFS('記録'!$C$4:$C$2003,'記録'!$B$4:$B$2003,$A51,'記録'!$F$4:$F$2003,G$3)+SUMIFS('明細'!$T$4:$T$3003,'明細'!$S$4:$S$3003,$A51,'明細'!$M$4:$M$3003,G$3)) | H51: =IF($A51="","",SUMIFS('記録'!$C$4:$C$2003,'記録'!$B$4:$B$2003,$A51,'記録'!$F$4:$F$2003,H$3)+SUMIFS('明細'!$T$4:$T$3003,'明細'!$S$4:$S$3003,$A51,'明細'!$M$4:$M$3003,H$3)) | I51: =IF($A51="","",SUMIFS('記録'!$C$4:$C$2003,'記録'!$B$4:$B$2003,$A51,'記録'!$F$4:$F$2003,I$3)+SUMIFS('明細'!$T$4:$T$3003,'明細'!$S$4:$S$3003,$A51,'明細'!$M$4:$M$3003,I$3)) | ... M51: =IF($A51="","",SUMIFS('記録'!$C$4:$C$2003,'記録'!$B$4:$B$2003,$A51,'記録'!$F$4:$F$2003,M$3)+SUMIFS('明細'!$T$4:$T$3003,'明細'!$S$4:$S$3003,$A51,'明細'!$M$4:$M$3003,M$3)) | N51: =IF($A51="","",SUM(B51:M51)) | O51: =IF(($A51="")+(SUM($B$77:$M$77)=0),"",N51/SUM($B$77:$M$77)) | P51: =IF($A51="","",SUMIFS('入力'!$G$92:$G$103,'入力'!$B$92:$B$103,$A51)) | Q51: =IF($A51="","",P51-N51) | R51: ='入力'!C73&"" | S51: ='入力'!E73&""
A52: =IF('入力'!A74="","",'入力'!A74) | B52: =IF($A52="","",SUMIFS('記録'!$C$4:$C$2003,'記録'!$B$4:$B$2003,$A52,'記録'!$F$4:$F$2003,B$3)+SUMIFS('明細'!$T$4:$T$3003,'明細'!$S$4:$S$3003,$A52,'明細'!$M$4:$M$3003,B$3)) | C52: =IF($A52="","",SUMIFS('記録'!$C$4:$C$2003,'記録'!$B$4:$B$2003,$A52,'記録'!$F$4:$F$2003,C$3)+SUMIFS('明細'!$T$4:$T$3003,'明細'!$S$4:$S$3003,$A52,'明細'!$M$4:$M$3003,C$3)) | D52: =IF($A52="","",SUMIFS('記録'!$C$4:$C$2003,'記録'!$B$4:$B$2003,$A52,'記録'!$F$4:$F$2003,D$3)+SUMIFS('明細'!$T$4:$T$3003,'明細'!$S$4:$S$3003,$A52,'明細'!$M$4:$M$3003,D$3)) | E52: =IF($A52="","",SUMIFS('記録'!$C$4:$C$2003,'記録'!$B$4:$B$2003,$A52,'記録'!$F$4:$F$2003,E$3)+SUMIFS('明細'!$T$4:$T$3003,'明細'!$S$4:$S$3003,$A52,'明細'!$M$4:$M$3003,E$3)) | F52: =IF($A52="","",SUMIFS('記録'!$C$4:$C$2003,'記録'!$B$4:$B$2003,$A52,'記録'!$F$4:$F$2003,F$3)+SUMIFS('明細'!$T$4:$T$3003,'明細'!$S$4:$S$3003,$A52,'明細'!$M$4:$M$3003,F$3)) | G52: =IF($A52="","",SUMIFS('記録'!$C$4:$C$2003,'記録'!$B$4:$B$2003,$A52,'記録'!$F$4:$F$2003,G$3)+SUMIFS('明細'!$T$4:$T$3003,'明細'!$S$4:$S$3003,$A52,'明細'!$M$4:$M$3003,G$3)) | H52: =IF($A52="","",SUMIFS('記録'!$C$4:$C$2003,'記録'!$B$4:$B$2003,$A52,'記録'!$F$4:$F$2003,H$3)+SUMIFS('明細'!$T$4:$T$3003,'明細'!$S$4:$S$3003,$A52,'明細'!$M$4:$M$3003,H$3)) | I52: =IF($A52="","",SUMIFS('記録'!$C$4:$C$2003,'記録'!$B$4:$B$2003,$A52,'記録'!$F$4:$F$2003,I$3)+SUMIFS('明細'!$T$4:$T$3003,'明細'!$S$4:$S$3003,$A52,'明細'!$M$4:$M$3003,I$3)) | ... M52: =IF($A52="","",SUMIFS('記録'!$C$4:$C$2003,'記録'!$B$4:$B$2003,$A52,'記録'!$F$4:$F$2003,M$3)+SUMIFS('明細'!$T$4:$T$3003,'明細'!$S$4:$S$3003,$A52,'明細'!$M$4:$M$3003,M$3)) | N52: =IF($A52="","",SUM(B52:M52)) | O52: =IF(($A52="")+(SUM($B$77:$M$77)=0),"",N52/SUM($B$77:$M$77)) | P52: =IF($A52="","",SUMIFS('入力'!$G$92:$G$103,'入力'!$B$92:$B$103,$A52)) | Q52: =IF($A52="","",P52-N52) | R52: ='入力'!C74&"" | S52: ='入力'!E74&""
A53: =IF('入力'!A75="","",'入力'!A75) | B53: =IF($A53="","",SUMIFS('記録'!$C$4:$C$2003,'記録'!$B$4:$B$2003,$A53,'記録'!$F$4:$F$2003,B$3)+SUMIFS('明細'!$T$4:$T$3003,'明細'!$S$4:$S$3003,$A53,'明細'!$M$4:$M$3003,B$3)) | C53: =IF($A53="","",SUMIFS('記録'!$C$4:$C$2003,'記録'!$B$4:$B$2003,$A53,'記録'!$F$4:$F$2003,C$3)+SUMIFS('明細'!$T$4:$T$3003,'明細'!$S$4:$S$3003,$A53,'明細'!$M$4:$M$3003,C$3)) | D53: =IF($A53="","",SUMIFS('記録'!$C$4:$C$2003,'記録'!$B$4:$B$2003,$A53,'記録'!$F$4:$F$2003,D$3)+SUMIFS('明細'!$T$4:$T$3003,'明細'!$S$4:$S$3003,$A53,'明細'!$M$4:$M$3003,D$3)) | E53: =IF($A53="","",SUMIFS('記録'!$C$4:$C$2003,'記録'!$B$4:$B$2003,$A53,'記録'!$F$4:$F$2003,E$3)+SUMIFS('明細'!$T$4:$T$3003,'明細'!$S$4:$S$3003,$A53,'明細'!$M$4:$M$3003,E$3)) | F53: =IF($A53="","",SUMIFS('記録'!$C$4:$C$2003,'記録'!$B$4:$B$2003,$A53,'記録'!$F$4:$F$2003,F$3)+SUMIFS('明細'!$T$4:$T$3003,'明細'!$S$4:$S$3003,$A53,'明細'!$M$4:$M$3003,F$3)) | G53: =IF($A53="","",SUMIFS('記録'!$C$4:$C$2003,'記録'!$B$4:$B$2003,$A53,'記録'!$F$4:$F$2003,G$3)+SUMIFS('明細'!$T$4:$T$3003,'明細'!$S$4:$S$3003,$A53,'明細'!$M$4:$M$3003,G$3)) | H53: =IF($A53="","",SUMIFS('記録'!$C$4:$C$2003,'記録'!$B$4:$B$2003,$A53,'記録'!$F$4:$F$2003,H$3)+SUMIFS('明細'!$T$4:$T$3003,'明細'!$S$4:$S$3003,$A53,'明細'!$M$4:$M$3003,H$3)) | I53: =IF($A53="","",SUMIFS('記録'!$C$4:$C$2003,'記録'!$B$4:$B$2003,$A53,'記録'!$F$4:$F$2003,I$3)+SUMIFS('明細'!$T$4:$T$3003,'明細'!$S$4:$S$3003,$A53,'明細'!$M$4:$M$3003,I$3)) | ... M53: =IF($A53="","",SUMIFS('記録'!$C$4:$C$2003,'記録'!$B$4:$B$2003,$A53,'記録'!$F$4:$F$2003,M$3)+SUMIFS('明細'!$T$4:$T$3003,'明細'!$S$4:$S$3003,$A53,'明細'!$M$4:$M$3003,M$3)) | N53: =IF($A53="","",SUM(B53:M53)) | O53: =IF(($A53="")+(SUM($B$77:$M$77)=0),"",N53/SUM($B$77:$M$77)) | P53: =IF($A53="","",SUMIFS('入力'!$G$92:$G$103,'入力'!$B$92:$B$103,$A53)) | Q53: =IF($A53="","",P53-N53) | R53: ='入力'!C75&"" | S53: ='入力'!E75&""
A54: =IF('入力'!A76="","",'入力'!A76) | B54: =IF($A54="","",SUMIFS('記録'!$C$4:$C$2003,'記録'!$B$4:$B$2003,$A54,'記録'!$F$4:$F$2003,B$3)+SUMIFS('明細'!$T$4:$T$3003,'明細'!$S$4:$S$3003,$A54,'明細'!$M$4:$M$3003,B$3)) | C54: =IF($A54="","",SUMIFS('記録'!$C$4:$C$2003,'記録'!$B$4:$B$2003,$A54,'記録'!$F$4:$F$2003,C$3)+SUMIFS('明細'!$T$4:$T$3003,'明細'!$S$4:$S$3003,$A54,'明細'!$M$4:$M$3003,C$3)) | D54: =IF($A54="","",SUMIFS('記録'!$C$4:$C$2003,'記録'!$B$4:$B$2003,$A54,'記録'!$F$4:$F$2003,D$3)+SUMIFS('明細'!$T$4:$T$3003,'明細'!$S$4:$S$3003,$A54,'明細'!$M$4:$M$3003,D$3)) | E54: =IF($A54="","",SUMIFS('記録'!$C$4:$C$2003,'記録'!$B$4:$B$2003,$A54,'記録'!$F$4:$F$2003,E$3)+SUMIFS('明細'!$T$4:$T$3003,'明細'!$S$4:$S$3003,$A54,'明細'!$M$4:$M$3003,E$3)) | F54: =IF($A54="","",SUMIFS('記録'!$C$4:$C$2003,'記録'!$B$4:$B$2003,$A54,'記録'!$F$4:$F$2003,F$3)+SUMIFS('明細'!$T$4:$T$3003,'明細'!$S$4:$S$3003,$A54,'明細'!$M$4:$M$3003,F$3)) | G54: =IF($A54="","",SUMIFS('記録'!$C$4:$C$2003,'記録'!$B$4:$B$2003,$A54,'記録'!$F$4:$F$2003,G$3)+SUMIFS('明細'!$T$4:$T$3003,'明細'!$S$4:$S$3003,$A54,'明細'!$M$4:$M$3003,G$3)) | H54: =IF($A54="","",SUMIFS('記録'!$C$4:$C$2003,'記録'!$B$4:$B$2003,$A54,'記録'!$F$4:$F$2003,H$3)+SUMIFS('明細'!$T$4:$T$3003,'明細'!$S$4:$S$3003,$A54,'明細'!$M$4:$M$3003,H$3)) | I54: =IF($A54="","",SUMIFS('記録'!$C$4:$C$2003,'記録'!$B$4:$B$2003,$A54,'記録'!$F$4:$F$2003,I$3)+SUMIFS('明細'!$T$4:$T$3003,'明細'!$S$4:$S$3003,$A54,'明細'!$M$4:$M$3003,I$3)) | ... M54: =IF($A54="","",SUMIFS('記録'!$C$4:$C$2003,'記録'!$B$4:$B$2003,$A54,'記録'!$F$4:$F$2003,M$3)+SUMIFS('明細'!$T$4:$T$3003,'明細'!$S$4:$S$3003,$A54,'明細'!$M$4:$M$3003,M$3)) | N54: =IF($A54="","",SUM(B54:M54)) | O54: =IF(($A54="")+(SUM($B$77:$M$77)=0),"",N54/SUM($B$77:$M$77)) | P54: =IF($A54="","",SUMIFS('入力'!$G$92:$G$103,'入力'!$B$92:$B$103,$A54)) | Q54: =IF($A54="","",P54-N54) | R54: ='入力'!C76&"" | S54: ='入力'!E76&""
A55: =IF('入力'!A77="","",'入力'!A77) | B55: =IF($A55="","",SUMIFS('記録'!$C$4:$C$2003,'記録'!$B$4:$B$2003,$A55,'記録'!$F$4:$F$2003,B$3)+SUMIFS('明細'!$T$4:$T$3003,'明細'!$S$4:$S$3003,$A55,'明細'!$M$4:$M$3003,B$3)) | C55: =IF($A55="","",SUMIFS('記録'!$C$4:$C$2003,'記録'!$B$4:$B$2003,$A55,'記録'!$F$4:$F$2003,C$3)+SUMIFS('明細'!$T$4:$T$3003,'明細'!$S$4:$S$3003,$A55,'明細'!$M$4:$M$3003,C$3)) | D55: =IF($A55="","",SUMIFS('記録'!$C$4:$C$2003,'記録'!$B$4:$B$2003,$A55,'記録'!$F$4:$F$2003,D$3)+SUMIFS('明細'!$T$4:$T$3003,'明細'!$S$4:$S$3003,$A55,'明細'!$M$4:$M$3003,D$3)) | E55: =IF($A55="","",SUMIFS('記録'!$C$4:$C$2003,'記録'!$B$4:$B$2003,$A55,'記録'!$F$4:$F$2003,E$3)+SUMIFS('明細'!$T$4:$T$3003,'明細'!$S$4:$S$3003,$A55,'明細'!$M$4:$M$3003,E$3)) | F55: =IF($A55="","",SUMIFS('記録'!$C$4:$C$2003,'記録'!$B$4:$B$2003,$A55,'記録'!$F$4:$F$2003,F$3)+SUMIFS('明細'!$T$4:$T$3003,'明細'!$S$4:$S$3003,$A55,'明細'!$M$4:$M$3003,F$3)) | G55: =IF($A55="","",SUMIFS('記録'!$C$4:$C$2003,'記録'!$B$4:$B$2003,$A55,'記録'!$F$4:$F$2003,G$3)+SUMIFS('明細'!$T$4:$T$3003,'明細'!$S$4:$S$3003,$A55,'明細'!$M$4:$M$3003,G$3)) | H55: =IF($A55="","",SUMIFS('記録'!$C$4:$C$2003,'記録'!$B$4:$B$2003,$A55,'記録'!$F$4:$F$2003,H$3)+SUMIFS('明細'!$T$4:$T$3003,'明細'!$S$4:$S$3003,$A55,'明細'!$M$4:$M$3003,H$3)) | I55: =IF($A55="","",SUMIFS('記録'!$C$4:$C$2003,'記録'!$B$4:$B$2003,$A55,'記録'!$F$4:$F$2003,I$3)+SUMIFS('明細'!$T$4:$T$3003,'明細'!$S$4:$S$3003,$A55,'明細'!$M$4:$M$3003,I$3)) | ... M55: =IF($A55="","",SUMIFS('記録'!$C$4:$C$2003,'記録'!$B$4:$B$2003,$A55,'記録'!$F$4:$F$2003,M$3)+SUMIFS('明細'!$T$4:$T$3003,'明細'!$S$4:$S$3003,$A55,'明細'!$M$4:$M$3003,M$3)) | N55: =IF($A55="","",SUM(B55:M55)) | O55: =IF(($A55="")+(SUM($B$77:$M$77)=0),"",N55/SUM($B$77:$M$77)) | P55: =IF($A55="","",SUMIFS('入力'!$G$92:$G$103,'入力'!$B$92:$B$103,$A55)) | Q55: =IF($A55="","",P55-N55) | R55: ='入力'!C77&"" | S55: ='入力'!E77&""
A56: =IF('入力'!A78="","",'入力'!A78) | B56: =IF($A56="","",SUMIFS('記録'!$C$4:$C$2003,'記録'!$B$4:$B$2003,$A56,'記録'!$F$4:$F$2003,B$3)+SUMIFS('明細'!$T$4:$T$3003,'明細'!$S$4:$S$3003,$A56,'明細'!$M$4:$M$3003,B$3)) | C56: =IF($A56="","",SUMIFS('記録'!$C$4:$C$2003,'記録'!$B$4:$B$2003,$A56,'記録'!$F$4:$F$2003,C$3)+SUMIFS('明細'!$T$4:$T$3003,'明細'!$S$4:$S$3003,$A56,'明細'!$M$4:$M$3003,C$3)) | D56: =IF($A56="","",SUMIFS('記録'!$C$4:$C$2003,'記録'!$B$4:$B$2003,$A56,'記録'!$F$4:$F$2003,D$3)+SUMIFS('明細'!$T$4:$T$3003,'明細'!$S$4:$S$3003,$A56,'明細'!$M$4:$M$3003,D$3)) | E56: =IF($A56="","",SUMIFS('記録'!$C$4:$C$2003,'記録'!$B$4:$B$2003,$A56,'記録'!$F$4:$F$2003,E$3)+SUMIFS('明細'!$T$4:$T$3003,'明細'!$S$4:$S$3003,$A56,'明細'!$M$4:$M$3003,E$3)) | F56: =IF($A56="","",SUMIFS('記録'!$C$4:$C$2003,'記録'!$B$4:$B$2003,$A56,'記録'!$F$4:$F$2003,F$3)+SUMIFS('明細'!$T$4:$T$3003,'明細'!$S$4:$S$3003,$A56,'明細'!$M$4:$M$3003,F$3)) | G56: =IF($A56="","",SUMIFS('記録'!$C$4:$C$2003,'記録'!$B$4:$B$2003,$A56,'記録'!$F$4:$F$2003,G$3)+SUMIFS('明細'!$T$4:$T$3003,'明細'!$S$4:$S$3003,$A56,'明細'!$M$4:$M$3003,G$3)) | H56: =IF($A56="","",SUMIFS('記録'!$C$4:$C$2003,'記録'!$B$4:$B$2003,$A56,'記録'!$F$4:$F$2003,H$3)+SUMIFS('明細'!$T$4:$T$3003,'明細'!$S$4:$S$3003,$A56,'明細'!$M$4:$M$3003,H$3)) | I56: =IF($A56="","",SUMIFS('記録'!$C$4:$C$2003,'記録'!$B$4:$B$2003,$A56,'記録'!$F$4:$F$2003,I$3)+SUMIFS('明細'!$T$4:$T$3003,'明細'!$S$4:$S$3003,$A56,'明細'!$M$4:$M$3003,I$3)) | ... M56: =IF($A56="","",SUMIFS('記録'!$C$4:$C$2003,'記録'!$B$4:$B$2003,$A56,'記録'!$F$4:$F$2003,M$3)+SUMIFS('明細'!$T$4:$T$3003,'明細'!$S$4:$S$3003,$A56,'明細'!$M$4:$M$3003,M$3)) | N56: =IF($A56="","",SUM(B56:M56)) | O56: =IF(($A56="")+(SUM($B$77:$M$77)=0),"",N56/SUM($B$77:$M$77)) | P56: =IF($A56="","",SUMIFS('入力'!$G$92:$G$103,'入力'!$B$92:$B$103,$A56)) | Q56: =IF($A56="","",P56-N56) | R56: ='入力'!C78&"" | S56: ='入力'!E78&""
A57: =IF('入力'!A79="","",'入力'!A79) | B57: =IF($A57="","",SUMIFS('記録'!$C$4:$C$2003,'記録'!$B$4:$B$2003,$A57,'記録'!$F$4:$F$2003,B$3)+SUMIFS('明細'!$T$4:$T$3003,'明細'!$S$4:$S$3003,$A57,'明細'!$M$4:$M$3003,B$3)) | C57: =IF($A57="","",SUMIFS('記録'!$C$4:$C$2003,'記録'!$B$4:$B$2003,$A57,'記録'!$F$4:$F$2003,C$3)+SUMIFS('明細'!$T$4:$T$3003,'明細'!$S$4:$S$3003,$A57,'明細'!$M$4:$M$3003,C$3)) | D57: =IF($A57="","",SUMIFS('記録'!$C$4:$C$2003,'記録'!$B$4:$B$2003,$A57,'記録'!$F$4:$F$2003,D$3)+SUMIFS('明細'!$T$4:$T$3003,'明細'!$S$4:$S$3003,$A57,'明細'!$M$4:$M$3003,D$3)) | E57: =IF($A57="","",SUMIFS('記録'!$C$4:$C$2003,'記録'!$B$4:$B$2003,$A57,'記録'!$F$4:$F$2003,E$3)+SUMIFS('明細'!$T$4:$T$3003,'明細'!$S$4:$S$3003,$A57,'明細'!$M$4:$M$3003,E$3)) | F57: =IF($A57="","",SUMIFS('記録'!$C$4:$C$2003,'記録'!$B$4:$B$2003,$A57,'記録'!$F$4:$F$2003,F$3)+SUMIFS('明細'!$T$4:$T$3003,'明細'!$S$4:$S$3003,$A57,'明細'!$M$4:$M$3003,F$3)) | G57: =IF($A57="","",SUMIFS('記録'!$C$4:$C$2003,'記録'!$B$4:$B$2003,$A57,'記録'!$F$4:$F$2003,G$3)+SUMIFS('明細'!$T$4:$T$3003,'明細'!$S$4:$S$3003,$A57,'明細'!$M$4:$M$3003,G$3)) | H57: =IF($A57="","",SUMIFS('記録'!$C$4:$C$2003,'記録'!$B$4:$B$2003,$A57,'記録'!$F$4:$F$2003,H$3)+SUMIFS('明細'!$T$4:$T$3003,'明細'!$S$4:$S$3003,$A57,'明細'!$M$4:$M$3003,H$3)) | I57: =IF($A57="","",SUMIFS('記録'!$C$4:$C$2003,'記録'!$B$4:$B$2003,$A57,'記録'!$F$4:$F$2003,I$3)+SUMIFS('明細'!$T$4:$T$3003,'明細'!$S$4:$S$3003,$A57,'明細'!$M$4:$M$3003,I$3)) | ... M57: =IF($A57="","",SUMIFS('記録'!$C$4:$C$2003,'記録'!$B$4:$B$2003,$A57,'記録'!$F$4:$F$2003,M$3)+SUMIFS('明細'!$T$4:$T$3003,'明細'!$S$4:$S$3003,$A57,'明細'!$M$4:$M$3003,M$3)) | N57: =IF($A57="","",SUM(B57:M57)) | O57: =IF(($A57="")+(SUM($B$77:$M$77)=0),"",N57/SUM($B$77:$M$77)) | P57: =IF($A57="","",SUMIFS('入力'!$G$92:$G$103,'入力'!$B$92:$B$103,$A57)) | Q57: =IF($A57="","",P57-N57) | R57: ='入力'!C79&"" | S57: ='入力'!E79&""
A58: =IF('入力'!A80="","",'入力'!A80) | B58: =IF($A58="","",SUMIFS('記録'!$C$4:$C$2003,'記録'!$B$4:$B$2003,$A58,'記録'!$F$4:$F$2003,B$3)+SUMIFS('明細'!$T$4:$T$3003,'明細'!$S$4:$S$3003,$A58,'明細'!$M$4:$M$3003,B$3)) | C58: =IF($A58="","",SUMIFS('記録'!$C$4:$C$2003,'記録'!$B$4:$B$2003,$A58,'記録'!$F$4:$F$2003,C$3)+SUMIFS('明細'!$T$4:$T$3003,'明細'!$S$4:$S$3003,$A58,'明細'!$M$4:$M$3003,C$3)) | D58: =IF($A58="","",SUMIFS('記録'!$C$4:$C$2003,'記録'!$B$4:$B$2003,$A58,'記録'!$F$4:$F$2003,D$3)+SUMIFS('明細'!$T$4:$T$3003,'明細'!$S$4:$S$3003,$A58,'明細'!$M$4:$M$3003,D$3)) | E58: =IF($A58="","",SUMIFS('記録'!$C$4:$C$2003,'記録'!$B$4:$B$2003,$A58,'記録'!$F$4:$F$2003,E$3)+SUMIFS('明細'!$T$4:$T$3003,'明細'!$S$4:$S$3003,$A58,'明細'!$M$4:$M$3003,E$3)) | F58: =IF($A58="","",SUMIFS('記録'!$C$4:$C$2003,'記録'!$B$4:$B$2003,$A58,'記録'!$F$4:$F$2003,F$3)+SUMIFS('明細'!$T$4:$T$3003,'明細'!$S$4:$S$3003,$A58,'明細'!$M$4:$M$3003,F$3)) | G58: =IF($A58="","",SUMIFS('記録'!$C$4:$C$2003,'記録'!$B$4:$B$2003,$A58,'記録'!$F$4:$F$2003,G$3)+SUMIFS('明細'!$T$4:$T$3003,'明細'!$S$4:$S$3003,$A58,'明細'!$M$4:$M$3003,G$3)) | H58: =IF($A58="","",SUMIFS('記録'!$C$4:$C$2003,'記録'!$B$4:$B$2003,$A58,'記録'!$F$4:$F$2003,H$3)+SUMIFS('明細'!$T$4:$T$3003,'明細'!$S$4:$S$3003,$A58,'明細'!$M$4:$M$3003,H$3)) | I58: =IF($A58="","",SUMIFS('記録'!$C$4:$C$2003,'記録'!$B$4:$B$2003,$A58,'記録'!$F$4:$F$2003,I$3)+SUMIFS('明細'!$T$4:$T$3003,'明細'!$S$4:$S$3003,$A58,'明細'!$M$4:$M$3003,I$3)) | ... M58: =IF($A58="","",SUMIFS('記録'!$C$4:$C$2003,'記録'!$B$4:$B$2003,$A58,'記録'!$F$4:$F$2003,M$3)+SUMIFS('明細'!$T$4:$T$3003,'明細'!$S$4:$S$3003,$A58,'明細'!$M$4:$M$3003,M$3)) | N58: =IF($A58="","",SUM(B58:M58)) | O58: =IF(($A58="")+(SUM($B$77:$M$77)=0),"",N58/SUM($B$77:$M$77)) | P58: =IF($A58="","",SUMIFS('入力'!$G$92:$G$103,'入力'!$B$92:$B$103,$A58)) | Q58: =IF($A58="","",P58-N58) | R58: ='入力'!C80&"" | S58: ='入力'!E80&""
A59: =IF('入力'!A81="","",'入力'!A81) | B59: =IF($A59="","",SUMIFS('記録'!$C$4:$C$2003,'記録'!$B$4:$B$2003,$A59,'記録'!$F$4:$F$2003,B$3)+SUMIFS('明細'!$T$4:$T$3003,'明細'!$S$4:$S$3003,$A59,'明細'!$M$4:$M$3003,B$3)) | C59: =IF($A59="","",SUMIFS('記録'!$C$4:$C$2003,'記録'!$B$4:$B$2003,$A59,'記録'!$F$4:$F$2003,C$3)+SUMIFS('明細'!$T$4:$T$3003,'明細'!$S$4:$S$3003,$A59,'明細'!$M$4:$M$3003,C$3)) | D59: =IF($A59="","",SUMIFS('記録'!$C$4:$C$2003,'記録'!$B$4:$B$2003,$A59,'記録'!$F$4:$F$2003,D$3)+SUMIFS('明細'!$T$4:$T$3003,'明細'!$S$4:$S$3003,$A59,'明細'!$M$4:$M$3003,D$3)) | E59: =IF($A59="","",SUMIFS('記録'!$C$4:$C$2003,'記録'!$B$4:$B$2003,$A59,'記録'!$F$4:$F$2003,E$3)+SUMIFS('明細'!$T$4:$T$3003,'明細'!$S$4:$S$3003,$A59,'明細'!$M$4:$M$3003,E$3)) | F59: =IF($A59="","",SUMIFS('記録'!$C$4:$C$2003,'記録'!$B$4:$B$2003,$A59,'記録'!$F$4:$F$2003,F$3)+SUMIFS('明細'!$T$4:$T$3003,'明細'!$S$4:$S$3003,$A59,'明細'!$M$4:$M$3003,F$3)) | G59: =IF($A59="","",SUMIFS('記録'!$C$4:$C$2003,'記録'!$B$4:$B$2003,$A59,'記録'!$F$4:$F$2003,G$3)+SUMIFS('明細'!$T$4:$T$3003,'明細'!$S$4:$S$3003,$A59,'明細'!$M$4:$M$3003,G$3)) | H59: =IF($A59="","",SUMIFS('記録'!$C$4:$C$2003,'記録'!$B$4:$B$2003,$A59,'記録'!$F$4:$F$2003,H$3)+SUMIFS('明細'!$T$4:$T$3003,'明細'!$S$4:$S$3003,$A59,'明細'!$M$4:$M$3003,H$3)) | I59: =IF($A59="","",SUMIFS('記録'!$C$4:$C$2003,'記録'!$B$4:$B$2003,$A59,'記録'!$F$4:$F$2003,I$3)+SUMIFS('明細'!$T$4:$T$3003,'明細'!$S$4:$S$3003,$A59,'明細'!$M$4:$M$3003,I$3)) | ... M59: =IF($A59="","",SUMIFS('記録'!$C$4:$C$2003,'記録'!$B$4:$B$2003,$A59,'記録'!$F$4:$F$2003,M$3)+SUMIFS('明細'!$T$4:$T$3003,'明細'!$S$4:$S$3003,$A59,'明細'!$M$4:$M$3003,M$3)) | N59: =IF($A59="","",SUM(B59:M59)) | O59: =IF(($A59="")+(SUM($B$77:$M$77)=0),"",N59/SUM($B$77:$M$77)) | P59: =IF($A59="","",SUMIFS('入力'!$G$92:$G$103,'入力'!$B$92:$B$103,$A59)) | Q59: =IF($A59="","",P59-N59) | R59: ='入力'!C81&"" | S59: ='入力'!E81&""
A60: 年に数回の出費の合計 | B60: =SUM(B48:B59) | C60: =SUM(C48:C59) | D60: =SUM(D48:D59) | E60: =SUM(E48:E59) | F60: =SUM(F48:F59) | G60: =SUM(G48:G59) | H60: =SUM(H48:H59) | I60: =SUM(I48:I59) | ... N60: =SUM(N48:N59) | O60: =IF(SUM($B$77:$M$77)=0,"",N60/SUM($B$77:$M$77)) | P60: =SUM(P48:P59) | Q60: =P60-N60
A61: 出たお金の合計 | B61: =B29+B46+B60 | C61: =C29+C46+C60 | D61: =D29+D46+D60 | E61: =E29+E46+E60 | F61: =F29+F46+F60 | G61: =G29+G46+G60 | H61: =H29+H46+H60 | I61: =I29+I46+I60 | ... N61: =N29+N46+N60 | O61: =IF(SUM($B$77:$M$77)=0,"",N61/SUM($B$77:$M$77)) | P61: =P29+P46+P60 | Q61: =P61-N61
A62: 年に数回へよける額 | B62: =SUM('入力'!$H$92:$H$103)*B77 | C62: =SUM('入力'!$H$92:$H$103)*C77 | D62: =SUM('入力'!$H$92:$H$103)*D77 | E62: =SUM('入力'!$H$92:$H$103)*E77 | F62: =SUM('入力'!$H$92:$H$103)*F77 | G62: =SUM('入力'!$H$92:$H$103)*G77 | H62: =SUM('入力'!$H$92:$H$103)*H77 | I62: =SUM('入力'!$H$92:$H$103)*I77 | ... M62: =SUM('入力'!$H$92:$H$103)*M77 | N62: =SUM(B62:M62) | O62: =IF(SUM($B$77:$M$77)=0,"",N62/SUM($B$77:$M$77))
A63: ならした出たお金 | B63: =B29+B46+B62 | C63: =C29+C46+C62 | D63: =D29+D46+D62 | E63: =E29+E46+E62 | F63: =F29+F46+F62 | G63: =G29+G46+G62 | H63: =H29+H46+H62 | I63: =I29+I46+I62 | ... N63: =N29+N46+N62 | O63: =IF(SUM($B$77:$M$77)=0,"",N63/SUM($B$77:$M$77))
A64: 収支（入る−出た） | B64: =B15-B61 | C64: =C15-C61 | D64: =D15-D61 | E64: =E15-E61 | F64: =F15-F61 | G64: =G15-G61 | H64: =H15-H61 | I64: =I15-I61 | ... N64: =N15-N61 | O64: =IF(SUM($B$77:$M$77)=0,"",N64/SUM($B$77:$M$77)) | P64: =P15-P61 | Q64: =N64-P64
A65: □ 貯める・増やす
A66: =IF('入力'!A83="","",'入力'!A83) | B66: =IF($A66="","",SUMIFS('記録'!$C$4:$C$2003,'記録'!$B$4:$B$2003,$A66,'記録'!$F$4:$F$2003,B$3)+SUMIFS('明細'!$T$4:$T$3003,'明細'!$S$4:$S$3003,$A66,'明細'!$M$4:$M$3003,B$3)) | C66: =IF($A66="","",SUMIFS('記録'!$C$4:$C$2003,'記録'!$B$4:$B$2003,$A66,'記録'!$F$4:$F$2003,C$3)+SUMIFS('明細'!$T$4:$T$3003,'明細'!$S$4:$S$3003,$A66,'明細'!$M$4:$M$3003,C$3)) | D66: =IF($A66="","",SUMIFS('記録'!$C$4:$C$2003,'記録'!$B$4:$B$2003,$A66,'記録'!$F$4:$F$2003,D$3)+SUMIFS('明細'!$T$4:$T$3003,'明細'!$S$4:$S$3003,$A66,'明細'!$M$4:$M$3003,D$3)) | E66: =IF($A66="","",SUMIFS('記録'!$C$4:$C$2003,'記録'!$B$4:$B$2003,$A66,'記録'!$F$4:$F$2003,E$3)+SUMIFS('明細'!$T$4:$T$3003,'明細'!$S$4:$S$3003,$A66,'明細'!$M$4:$M$3003,E$3)) | F66: =IF($A66="","",SUMIFS('記録'!$C$4:$C$2003,'記録'!$B$4:$B$2003,$A66,'記録'!$F$4:$F$2003,F$3)+SUMIFS('明細'!$T$4:$T$3003,'明細'!$S$4:$S$3003,$A66,'明細'!$M$4:$M$3003,F$3)) | G66: =IF($A66="","",SUMIFS('記録'!$C$4:$C$2003,'記録'!$B$4:$B$2003,$A66,'記録'!$F$4:$F$2003,G$3)+SUMIFS('明細'!$T$4:$T$3003,'明細'!$S$4:$S$3003,$A66,'明細'!$M$4:$M$3003,G$3)) | H66: =IF($A66="","",SUMIFS('記録'!$C$4:$C$2003,'記録'!$B$4:$B$2003,$A66,'記録'!$F$4:$F$2003,H$3)+SUMIFS('明細'!$T$4:$T$3003,'明細'!$S$4:$S$3003,$A66,'明細'!$M$4:$M$3003,H$3)) | I66: =IF($A66="","",SUMIFS('記録'!$C$4:$C$2003,'記録'!$B$4:$B$2003,$A66,'記録'!$F$4:$F$2003,I$3)+SUMIFS('明細'!$T$4:$T$3003,'明細'!$S$4:$S$3003,$A66,'明細'!$M$4:$M$3003,I$3)) | ... M66: =IF($A66="","",SUMIFS('記録'!$C$4:$C$2003,'記録'!$B$4:$B$2003,$A66,'記録'!$F$4:$F$2003,M$3)+SUMIFS('明細'!$T$4:$T$3003,'明細'!$S$4:$S$3003,$A66,'明細'!$M$4:$M$3003,M$3)) | N66: =IF($A66="","",SUM(B66:M66)) | O66: =IF(($A66="")+(SUM($B$77:$M$77)=0),"",N66/SUM($B$77:$M$77)) | P66: =IF($A66="","",'入力'!B83*12) | Q66: =IF($A66="","",N66-P66) | R66: ='入力'!C83&"" | S66: ='入力'!E83&""
A67: =IF('入力'!A84="","",'入力'!A84) | B67: =IF($A67="","",SUMIFS('記録'!$C$4:$C$2003,'記録'!$B$4:$B$2003,$A67,'記録'!$F$4:$F$2003,B$3)+SUMIFS('明細'!$T$4:$T$3003,'明細'!$S$4:$S$3003,$A67,'明細'!$M$4:$M$3003,B$3)) | C67: =IF($A67="","",SUMIFS('記録'!$C$4:$C$2003,'記録'!$B$4:$B$2003,$A67,'記録'!$F$4:$F$2003,C$3)+SUMIFS('明細'!$T$4:$T$3003,'明細'!$S$4:$S$3003,$A67,'明細'!$M$4:$M$3003,C$3)) | D67: =IF($A67="","",SUMIFS('記録'!$C$4:$C$2003,'記録'!$B$4:$B$2003,$A67,'記録'!$F$4:$F$2003,D$3)+SUMIFS('明細'!$T$4:$T$3003,'明細'!$S$4:$S$3003,$A67,'明細'!$M$4:$M$3003,D$3)) | E67: =IF($A67="","",SUMIFS('記録'!$C$4:$C$2003,'記録'!$B$4:$B$2003,$A67,'記録'!$F$4:$F$2003,E$3)+SUMIFS('明細'!$T$4:$T$3003,'明細'!$S$4:$S$3003,$A67,'明細'!$M$4:$M$3003,E$3)) | F67: =IF($A67="","",SUMIFS('記録'!$C$4:$C$2003,'記録'!$B$4:$B$2003,$A67,'記録'!$F$4:$F$2003,F$3)+SUMIFS('明細'!$T$4:$T$3003,'明細'!$S$4:$S$3003,$A67,'明細'!$M$4:$M$3003,F$3)) | G67: =IF($A67="","",SUMIFS('記録'!$C$4:$C$2003,'記録'!$B$4:$B$2003,$A67,'記録'!$F$4:$F$2003,G$3)+SUMIFS('明細'!$T$4:$T$3003,'明細'!$S$4:$S$3003,$A67,'明細'!$M$4:$M$3003,G$3)) | H67: =IF($A67="","",SUMIFS('記録'!$C$4:$C$2003,'記録'!$B$4:$B$2003,$A67,'記録'!$F$4:$F$2003,H$3)+SUMIFS('明細'!$T$4:$T$3003,'明細'!$S$4:$S$3003,$A67,'明細'!$M$4:$M$3003,H$3)) | I67: =IF($A67="","",SUMIFS('記録'!$C$4:$C$2003,'記録'!$B$4:$B$2003,$A67,'記録'!$F$4:$F$2003,I$3)+SUMIFS('明細'!$T$4:$T$3003,'明細'!$S$4:$S$3003,$A67,'明細'!$M$4:$M$3003,I$3)) | ... M67: =IF($A67="","",SUMIFS('記録'!$C$4:$C$2003,'記録'!$B$4:$B$2003,$A67,'記録'!$F$4:$F$2003,M$3)+SUMIFS('明細'!$T$4:$T$3003,'明細'!$S$4:$S$3003,$A67,'明細'!$M$4:$M$3003,M$3)) | N67: =IF($A67="","",SUM(B67:M67)) | O67: =IF(($A67="")+(SUM($B$77:$M$77)=0),"",N67/SUM($B$77:$M$77)) | P67: =IF($A67="","",'入力'!B84*12) | Q67: =IF($A67="","",N67-P67) | R67: ='入力'!C84&"" | S67: ='入力'!E84&""
A68: =IF('入力'!A85="","",'入力'!A85) | B68: =IF($A68="","",SUMIFS('記録'!$C$4:$C$2003,'記録'!$B$4:$B$2003,$A68,'記録'!$F$4:$F$2003,B$3)+SUMIFS('明細'!$T$4:$T$3003,'明細'!$S$4:$S$3003,$A68,'明細'!$M$4:$M$3003,B$3)) | C68: =IF($A68="","",SUMIFS('記録'!$C$4:$C$2003,'記録'!$B$4:$B$2003,$A68,'記録'!$F$4:$F$2003,C$3)+SUMIFS('明細'!$T$4:$T$3003,'明細'!$S$4:$S$3003,$A68,'明細'!$M$4:$M$3003,C$3)) | D68: =IF($A68="","",SUMIFS('記録'!$C$4:$C$2003,'記録'!$B$4:$B$2003,$A68,'記録'!$F$4:$F$2003,D$3)+SUMIFS('明細'!$T$4:$T$3003,'明細'!$S$4:$S$3003,$A68,'明細'!$M$4:$M$3003,D$3)) | E68: =IF($A68="","",SUMIFS('記録'!$C$4:$C$2003,'記録'!$B$4:$B$2003,$A68,'記録'!$F$4:$F$2003,E$3)+SUMIFS('明細'!$T$4:$T$3003,'明細'!$S$4:$S$3003,$A68,'明細'!$M$4:$M$3003,E$3)) | F68: =IF($A68="","",SUMIFS('記録'!$C$4:$C$2003,'記録'!$B$4:$B$2003,$A68,'記録'!$F$4:$F$2003,F$3)+SUMIFS('明細'!$T$4:$T$3003,'明細'!$S$4:$S$3003,$A68,'明細'!$M$4:$M$3003,F$3)) | G68: =IF($A68="","",SUMIFS('記録'!$C$4:$C$2003,'記録'!$B$4:$B$2003,$A68,'記録'!$F$4:$F$2003,G$3)+SUMIFS('明細'!$T$4:$T$3003,'明細'!$S$4:$S$3003,$A68,'明細'!$M$4:$M$3003,G$3)) | H68: =IF($A68="","",SUMIFS('記録'!$C$4:$C$2003,'記録'!$B$4:$B$2003,$A68,'記録'!$F$4:$F$2003,H$3)+SUMIFS('明細'!$T$4:$T$3003,'明細'!$S$4:$S$3003,$A68,'明細'!$M$4:$M$3003,H$3)) | I68: =IF($A68="","",SUMIFS('記録'!$C$4:$C$2003,'記録'!$B$4:$B$2003,$A68,'記録'!$F$4:$F$2003,I$3)+SUMIFS('明細'!$T$4:$T$3003,'明細'!$S$4:$S$3003,$A68,'明細'!$M$4:$M$3003,I$3)) | ... M68: =IF($A68="","",SUMIFS('記録'!$C$4:$C$2003,'記録'!$B$4:$B$2003,$A68,'記録'!$F$4:$F$2003,M$3)+SUMIFS('明細'!$T$4:$T$3003,'明細'!$S$4:$S$3003,$A68,'明細'!$M$4:$M$3003,M$3)) | N68: =IF($A68="","",SUM(B68:M68)) | O68: =IF(($A68="")+(SUM($B$77:$M$77)=0),"",N68/SUM($B$77:$M$77)) | P68: =IF($A68="","",'入力'!B85*12) | Q68: =IF($A68="","",N68-P68) | R68: ='入力'!C85&"" | S68: ='入力'!E85&""
A69: =IF('入力'!A86="","",'入力'!A86) | B69: =IF($A69="","",SUMIFS('記録'!$C$4:$C$2003,'記録'!$B$4:$B$2003,$A69,'記録'!$F$4:$F$2003,B$3)+SUMIFS('明細'!$T$4:$T$3003,'明細'!$S$4:$S$3003,$A69,'明細'!$M$4:$M$3003,B$3)) | C69: =IF($A69="","",SUMIFS('記録'!$C$4:$C$2003,'記録'!$B$4:$B$2003,$A69,'記録'!$F$4:$F$2003,C$3)+SUMIFS('明細'!$T$4:$T$3003,'明細'!$S$4:$S$3003,$A69,'明細'!$M$4:$M$3003,C$3)) | D69: =IF($A69="","",SUMIFS('記録'!$C$4:$C$2003,'記録'!$B$4:$B$2003,$A69,'記録'!$F$4:$F$2003,D$3)+SUMIFS('明細'!$T$4:$T$3003,'明細'!$S$4:$S$3003,$A69,'明細'!$M$4:$M$3003,D$3)) | E69: =IF($A69="","",SUMIFS('記録'!$C$4:$C$2003,'記録'!$B$4:$B$2003,$A69,'記録'!$F$4:$F$2003,E$3)+SUMIFS('明細'!$T$4:$T$3003,'明細'!$S$4:$S$3003,$A69,'明細'!$M$4:$M$3003,E$3)) | F69: =IF($A69="","",SUMIFS('記録'!$C$4:$C$2003,'記録'!$B$4:$B$2003,$A69,'記録'!$F$4:$F$2003,F$3)+SUMIFS('明細'!$T$4:$T$3003,'明細'!$S$4:$S$3003,$A69,'明細'!$M$4:$M$3003,F$3)) | G69: =IF($A69="","",SUMIFS('記録'!$C$4:$C$2003,'記録'!$B$4:$B$2003,$A69,'記録'!$F$4:$F$2003,G$3)+SUMIFS('明細'!$T$4:$T$3003,'明細'!$S$4:$S$3003,$A69,'明細'!$M$4:$M$3003,G$3)) | H69: =IF($A69="","",SUMIFS('記録'!$C$4:$C$2003,'記録'!$B$4:$B$2003,$A69,'記録'!$F$4:$F$2003,H$3)+SUMIFS('明細'!$T$4:$T$3003,'明細'!$S$4:$S$3003,$A69,'明細'!$M$4:$M$3003,H$3)) | I69: =IF($A69="","",SUMIFS('記録'!$C$4:$C$2003,'記録'!$B$4:$B$2003,$A69,'記録'!$F$4:$F$2003,I$3)+SUMIFS('明細'!$T$4:$T$3003,'明細'!$S$4:$S$3003,$A69,'明細'!$M$4:$M$3003,I$3)) | ... M69: =IF($A69="","",SUMIFS('記録'!$C$4:$C$2003,'記録'!$B$4:$B$2003,$A69,'記録'!$F$4:$F$2003,M$3)+SUMIFS('明細'!$T$4:$T$3003,'明細'!$S$4:$S$3003,$A69,'明細'!$M$4:$M$3003,M$3)) | N69: =IF($A69="","",SUM(B69:M69)) | O69: =IF(($A69="")+(SUM($B$77:$M$77)=0),"",N69/SUM($B$77:$M$77)) | P69: =IF($A69="","",'入力'!B86*12) | Q69: =IF($A69="","",N69-P69) | R69: ='入力'!C86&"" | S69: ='入力'!E86&""
A70: =IF('入力'!A87="","",'入力'!A87) | B70: =IF($A70="","",SUMIFS('記録'!$C$4:$C$2003,'記録'!$B$4:$B$2003,$A70,'記録'!$F$4:$F$2003,B$3)+SUMIFS('明細'!$T$4:$T$3003,'明細'!$S$4:$S$3003,$A70,'明細'!$M$4:$M$3003,B$3)) | C70: =IF($A70="","",SUMIFS('記録'!$C$4:$C$2003,'記録'!$B$4:$B$2003,$A70,'記録'!$F$4:$F$2003,C$3)+SUMIFS('明細'!$T$4:$T$3003,'明細'!$S$4:$S$3003,$A70,'明細'!$M$4:$M$3003,C$3)) | D70: =IF($A70="","",SUMIFS('記録'!$C$4:$C$2003,'記録'!$B$4:$B$2003,$A70,'記録'!$F$4:$F$2003,D$3)+SUMIFS('明細'!$T$4:$T$3003,'明細'!$S$4:$S$3003,$A70,'明細'!$M$4:$M$3003,D$3)) | E70: =IF($A70="","",SUMIFS('記録'!$C$4:$C$2003,'記録'!$B$4:$B$2003,$A70,'記録'!$F$4:$F$2003,E$3)+SUMIFS('明細'!$T$4:$T$3003,'明細'!$S$4:$S$3003,$A70,'明細'!$M$4:$M$3003,E$3)) | F70: =IF($A70="","",SUMIFS('記録'!$C$4:$C$2003,'記録'!$B$4:$B$2003,$A70,'記録'!$F$4:$F$2003,F$3)+SUMIFS('明細'!$T$4:$T$3003,'明細'!$S$4:$S$3003,$A70,'明細'!$M$4:$M$3003,F$3)) | G70: =IF($A70="","",SUMIFS('記録'!$C$4:$C$2003,'記録'!$B$4:$B$2003,$A70,'記録'!$F$4:$F$2003,G$3)+SUMIFS('明細'!$T$4:$T$3003,'明細'!$S$4:$S$3003,$A70,'明細'!$M$4:$M$3003,G$3)) | H70: =IF($A70="","",SUMIFS('記録'!$C$4:$C$2003,'記録'!$B$4:$B$2003,$A70,'記録'!$F$4:$F$2003,H$3)+SUMIFS('明細'!$T$4:$T$3003,'明細'!$S$4:$S$3003,$A70,'明細'!$M$4:$M$3003,H$3)) | I70: =IF($A70="","",SUMIFS('記録'!$C$4:$C$2003,'記録'!$B$4:$B$2003,$A70,'記録'!$F$4:$F$2003,I$3)+SUMIFS('明細'!$T$4:$T$3003,'明細'!$S$4:$S$3003,$A70,'明細'!$M$4:$M$3003,I$3)) | ... M70: =IF($A70="","",SUMIFS('記録'!$C$4:$C$2003,'記録'!$B$4:$B$2003,$A70,'記録'!$F$4:$F$2003,M$3)+SUMIFS('明細'!$T$4:$T$3003,'明細'!$S$4:$S$3003,$A70,'明細'!$M$4:$M$3003,M$3)) | N70: =IF($A70="","",SUM(B70:M70)) | O70: =IF(($A70="")+(SUM($B$77:$M$77)=0),"",N70/SUM($B$77:$M$77)) | P70: =IF($A70="","",'入力'!B87*12) | Q70: =IF($A70="","",N70-P70) | R70: ='入力'!C87&"" | S70: ='入力'!E87&""
A71: =IF('入力'!A88="","",'入力'!A88) | B71: =IF($A71="","",SUMIFS('記録'!$C$4:$C$2003,'記録'!$B$4:$B$2003,$A71,'記録'!$F$4:$F$2003,B$3)+SUMIFS('明細'!$T$4:$T$3003,'明細'!$S$4:$S$3003,$A71,'明細'!$M$4:$M$3003,B$3)) | C71: =IF($A71="","",SUMIFS('記録'!$C$4:$C$2003,'記録'!$B$4:$B$2003,$A71,'記録'!$F$4:$F$2003,C$3)+SUMIFS('明細'!$T$4:$T$3003,'明細'!$S$4:$S$3003,$A71,'明細'!$M$4:$M$3003,C$3)) | D71: =IF($A71="","",SUMIFS('記録'!$C$4:$C$2003,'記録'!$B$4:$B$2003,$A71,'記録'!$F$4:$F$2003,D$3)+SUMIFS('明細'!$T$4:$T$3003,'明細'!$S$4:$S$3003,$A71,'明細'!$M$4:$M$3003,D$3)) | E71: =IF($A71="","",SUMIFS('記録'!$C$4:$C$2003,'記録'!$B$4:$B$2003,$A71,'記録'!$F$4:$F$2003,E$3)+SUMIFS('明細'!$T$4:$T$3003,'明細'!$S$4:$S$3003,$A71,'明細'!$M$4:$M$3003,E$3)) | F71: =IF($A71="","",SUMIFS('記録'!$C$4:$C$2003,'記録'!$B$4:$B$2003,$A71,'記録'!$F$4:$F$2003,F$3)+SUMIFS('明細'!$T$4:$T$3003,'明細'!$S$4:$S$3003,$A71,'明細'!$M$4:$M$3003,F$3)) | G71: =IF($A71="","",SUMIFS('記録'!$C$4:$C$2003,'記録'!$B$4:$B$2003,$A71,'記録'!$F$4:$F$2003,G$3)+SUMIFS('明細'!$T$4:$T$3003,'明細'!$S$4:$S$3003,$A71,'明細'!$M$4:$M$3003,G$3)) | H71: =IF($A71="","",SUMIFS('記録'!$C$4:$C$2003,'記録'!$B$4:$B$2003,$A71,'記録'!$F$4:$F$2003,H$3)+SUMIFS('明細'!$T$4:$T$3003,'明細'!$S$4:$S$3003,$A71,'明細'!$M$4:$M$3003,H$3)) | I71: =IF($A71="","",SUMIFS('記録'!$C$4:$C$2003,'記録'!$B$4:$B$2003,$A71,'記録'!$F$4:$F$2003,I$3)+SUMIFS('明細'!$T$4:$T$3003,'明細'!$S$4:$S$3003,$A71,'明細'!$M$4:$M$3003,I$3)) | ... M71: =IF($A71="","",SUMIFS('記録'!$C$4:$C$2003,'記録'!$B$4:$B$2003,$A71,'記録'!$F$4:$F$2003,M$3)+SUMIFS('明細'!$T$4:$T$3003,'明細'!$S$4:$S$3003,$A71,'明細'!$M$4:$M$3003,M$3)) | N71: =IF($A71="","",SUM(B71:M71)) | O71: =IF(($A71="")+(SUM($B$77:$M$77)=0),"",N71/SUM($B$77:$M$77)) | P71: =IF($A71="","",'入力'!B88*12) | Q71: =IF($A71="","",N71-P71) | R71: ='入力'!C88&"" | S71: ='入力'!E88&""
A72: 貯める・増やすの合計 | B72: =SUM(B66:B71) | C72: =SUM(C66:C71) | D72: =SUM(D66:D71) | E72: =SUM(E66:E71) | F72: =SUM(F66:F71) | G72: =SUM(G66:G71) | H72: =SUM(H66:H71) | I72: =SUM(I66:I71) | ... N72: =SUM(N66:N71) | O72: =IF(SUM($B$77:$M$77)=0,"",N72/SUM($B$77:$M$77)) | P72: =SUM(P66:P71) | Q72: =N72-P72
A73: うち投資へ | B73: =SUMIFS(B66:B71,$R$66:$R$71,"投資") | C73: =SUMIFS(C66:C71,$R$66:$R$71,"投資") | D73: =SUMIFS(D66:D71,$R$66:$R$71,"投資") | E73: =SUMIFS(E66:E71,$R$66:$R$71,"投資") | F73: =SUMIFS(F66:F71,$R$66:$R$71,"投資") | G73: =SUMIFS(G66:G71,$R$66:$R$71,"投資") | H73: =SUMIFS(H66:H71,$R$66:$R$71,"投資") | I73: =SUMIFS(I66:I71,$R$66:$R$71,"投資") | ... M73: =SUMIFS(M66:M71,$R$66:$R$71,"投資") | N73: =SUM(B73:M73) | O73: =IF(SUM($B$77:$M$77)=0,"",N73/SUM($B$77:$M$77))
A74: 手元に残った | B74: =B64-B72 | C74: =C64-C72 | D74: =D64-D72 | E74: =E64-E72 | F74: =F64-F72 | G74: =G64-G72 | H74: =H64-H72 | I74: =I64-I72 | ... N74: =N64-N72 | O74: =IF(SUM($B$77:$M$77)=0,"",N74/SUM($B$77:$M$77))
A75: 支出の割合 | B75: =IF(B15=0,"",IF('入力'!$B$6="毎月ならす",B63,B61)/B15) | C75: =IF(C15=0,"",IF('入力'!$B$6="毎月ならす",C63,C61)/C15) | D75: =IF(D15=0,"",IF('入力'!$B$6="毎月ならす",D63,D61)/D15) | E75: =IF(E15=0,"",IF('入力'!$B$6="毎月ならす",E63,E61)/E15) | F75: =IF(F15=0,"",IF('入力'!$B$6="毎月ならす",F63,F61)/F15) | G75: =IF(G15=0,"",IF('入力'!$B$6="毎月ならす",G63,G61)/G15) | H75: =IF(H15=0,"",IF('入力'!$B$6="毎月ならす",H63,H61)/H15) | I75: =IF(I15=0,"",IF('入力'!$B$6="毎月ならす",I63,I61)/I15) | ... N75: =IF(N15=0,"",IF('入力'!$B$6="毎月ならす",N63,N61)/N15)
A76: 貯めた割合 | B76: =IF(B15=0,"",B64/B15) | C76: =IF(C15=0,"",C64/C15) | D76: =IF(D15=0,"",D64/D15) | E76: =IF(E15=0,"",E64/E15) | F76: =IF(F15=0,"",F64/F15) | G76: =IF(G15=0,"",G64/G15) | H76: =IF(H15=0,"",H64/H15) | I76: =IF(I15=0,"",I64/I15) | ... N76: =IF(N15=0,"",N64/N15)
A77: 入力済みの月 | B77: =IF(COUNTIFS('記録'!$F$4:$F$2003,B$3)+COUNTIFS('明細'!$M$4:$M$3003,B$3)>0,1,0) | C77: =IF(COUNTIFS('記録'!$F$4:$F$2003,C$3)+COUNTIFS('明細'!$M$4:$M$3003,C$3)>0,1,0) | D77: =IF(COUNTIFS('記録'!$F$4:$F$2003,D$3)+COUNTIFS('明細'!$M$4:$M$3003,D$3)>0,1,0) | E77: =IF(COUNTIFS('記録'!$F$4:$F$2003,E$3)+COUNTIFS('明細'!$M$4:$M$3003,E$3)>0,1,0) | F77: =IF(COUNTIFS('記録'!$F$4:$F$2003,F$3)+COUNTIFS('明細'!$M$4:$M$3003,F$3)>0,1,0) | G77: =IF(COUNTIFS('記録'!$F$4:$F$2003,G$3)+COUNTIFS('明細'!$M$4:$M$3003,G$3)>0,1,0) | H77: =IF(COUNTIFS('記録'!$F$4:$F$2003,H$3)+COUNTIFS('明細'!$M$4:$M$3003,H$3)>0,1,0) | I77: =IF(COUNTIFS('記録'!$F$4:$F$2003,I$3)+COUNTIFS('明細'!$M$4:$M$3003,I$3)>0,1,0) | ... M77: =IF(COUNTIFS('記録'!$F$4:$F$2003,M$3)+COUNTIFS('明細'!$M$4:$M$3003,M$3)>0,1,0) | N77: =SUM(B77:M77)
A78: 明細の未分類の件数 | B78: =COUNTIFS('明細'!$M$4:$M$3003,B$3,'明細'!$U$4:$U$3003,"未分類") | C78: =COUNTIFS('明細'!$M$4:$M$3003,C$3,'明細'!$U$4:$U$3003,"未分類") | D78: =COUNTIFS('明細'!$M$4:$M$3003,D$3,'明細'!$U$4:$U$3003,"未分類") | E78: =COUNTIFS('明細'!$M$4:$M$3003,E$3,'明細'!$U$4:$U$3003,"未分類") | F78: =COUNTIFS('明細'!$M$4:$M$3003,F$3,'明細'!$U$4:$U$3003,"未分類") | G78: =COUNTIFS('明細'!$M$4:$M$3003,G$3,'明細'!$U$4:$U$3003,"未分類") | H78: =COUNTIFS('明細'!$M$4:$M$3003,H$3,'明細'!$U$4:$U$3003,"未分類") | I78: =COUNTIFS('明細'!$M$4:$M$3003,I$3,'明細'!$U$4:$U$3003,"未分類") | ... M78: =COUNTIFS('明細'!$M$4:$M$3003,M$3,'明細'!$U$4:$U$3003,"未分類") | N78: =SUM(B78:M78)
A79: 貯めた割合の目標 | B79: ='入力'!$B$7
A80: 月の番号（補助） | B80: =MONTH(B$3) | C80: =MONTH(C$3) | D80: =MONTH(D$3) | E80: =MONTH(E$3) | F80: =MONTH(F$3) | G80: =MONTH(G$3) | H80: =MONTH(H$3) | I80: =MONTH(I$3) | ... M80: =MONTH(M$3)
A81: 入力済みの月の番号（補助） | B81: =B77*B80 | C81: =C77*C80 | D81: =D77*D80 | E81: =E77*E80 | F81: =F77*F80 | G81: =G77*G80 | H81: =H77*H80 | I81: =I77*I80 | ... M81: =M77*M80
A83: 予算との差：マイナス＝予算より悪い（出る物は使いすぎ・入る物と貯める物は足りない）。
A84: 年の予算＝毎月の予算×12（年に数回は今年払う予定の額）。

Sheet 年のまとめ
A1: 年のまとめ
A2: ="集計する年："&'入力'!$B$5&"年"
A3: 項目 | B3: ='月の表'!B3 | C3: ='月の表'!C3 | D3: ='月の表'!D3 | E3: ='月の表'!E3 | F3: ='月の表'!F3 | G3: ='月の表'!G3 | H3: ='月の表'!H3 | I3: ='月の表'!I3 | ... M3: ='月の表'!M3 | N3: 合計 | O3: 月の平均
A4: 入力済みの月 | B4: ='月の表'!B77 | C4: ='月の表'!C77 | D4: ='月の表'!D77 | E4: ='月の表'!E77 | F4: ='月の表'!F77 | G4: ='月の表'!G77 | H4: ='月の表'!H77 | I4: ='月の表'!I77 | ... M4: ='月の表'!M77 | N4: =SUM(B4:M4)
A5: 入ったお金 | B5: ='月の表'!B15 | C5: ='月の表'!C15 | D5: ='月の表'!D15 | E5: ='月の表'!E15 | F5: ='月の表'!F15 | G5: ='月の表'!G15 | H5: ='月の表'!H15 | I5: ='月の表'!I15 | ... M5: ='月の表'!M15 | N5: =SUM(B5:M5) | O5: =IF($N$4=0,"",N5/$N$4)
A6: 固定費 | B6: ='月の表'!B29 | C6: ='月の表'!C29 | D6: ='月の表'!D29 | E6: ='月の表'!E29 | F6: ='月の表'!F29 | G6: ='月の表'!G29 | H6: ='月の表'!H29 | I6: ='月の表'!I29 | ... M6: ='月の表'!M29 | N6: =SUM(B6:M6) | O6: =IF($N$4=0,"",N6/$N$4)
A7: 暮らしの費用 | B7: ='月の表'!B46 | C7: ='月の表'!C46 | D7: ='月の表'!D46 | E7: ='月の表'!E46 | F7: ='月の表'!F46 | G7: ='月の表'!G46 | H7: ='月の表'!H46 | I7: ='月の表'!I46 | ... M7: ='月の表'!M46 | N7: =SUM(B7:M7) | O7: =IF($N$4=0,"",N7/$N$4)
A8: 年に数回の出費 | B8: ='月の表'!B60 | C8: ='月の表'!C60 | D8: ='月の表'!D60 | E8: ='月の表'!E60 | F8: ='月の表'!F60 | G8: ='月の表'!G60 | H8: ='月の表'!H60 | I8: ='月の表'!I60 | ... M8: ='月の表'!M60 | N8: =SUM(B8:M8) | O8: =IF($N$4=0,"",N8/$N$4)
A9: 出たお金（実際） | B9: ='月の表'!B61 | C9: ='月の表'!C61 | D9: ='月の表'!D61 | E9: ='月の表'!E61 | F9: ='月の表'!F61 | G9: ='月の表'!G61 | H9: ='月の表'!H61 | I9: ='月の表'!I61 | ... M9: ='月の表'!M61 | N9: =SUM(B9:M9) | O9: =IF($N$4=0,"",N9/$N$4)
A10: 年に数回へよける額 | B10: ='月の表'!B62 | C10: ='月の表'!C62 | D10: ='月の表'!D62 | E10: ='月の表'!E62 | F10: ='月の表'!F62 | G10: ='月の表'!G62 | H10: ='月の表'!H62 | I10: ='月の表'!I62 | ... M10: ='月の表'!M62 | N10: =SUM(B10:M10) | O10: =IF($N$4=0,"",N10/$N$4)
A11: ならした出たお金 | B11: ='月の表'!B63 | C11: ='月の表'!C63 | D11: ='月の表'!D63 | E11: ='月の表'!E63 | F11: ='月の表'!F63 | G11: ='月の表'!G63 | H11: ='月の表'!H63 | I11: ='月の表'!I63 | ... M11: ='月の表'!M63 | N11: =SUM(B11:M11) | O11: =IF($N$4=0,"",N11/$N$4)
A12: 収支 | B12: ='月の表'!B64 | C12: ='月の表'!C64 | D12: ='月の表'!D64 | E12: ='月の表'!E64 | F12: ='月の表'!F64 | G12: ='月の表'!G64 | H12: ='月の表'!H64 | I12: ='月の表'!I64 | ... M12: ='月の表'!M64 | N12: =SUM(B12:M12) | O12: =IF($N$4=0,"",N12/$N$4)
A13: 貯める・増やすへ | B13: ='月の表'!B72 | C13: ='月の表'!C72 | D13: ='月の表'!D72 | E13: ='月の表'!E72 | F13: ='月の表'!F72 | G13: ='月の表'!G72 | H13: ='月の表'!H72 | I13: ='月の表'!I72 | ... M13: ='月の表'!M72 | N13: =SUM(B13:M13) | O13: =IF($N$4=0,"",N13/$N$4)
A14: うち投資へ | B14: ='月の表'!B73 | C14: ='月の表'!C73 | D14: ='月の表'!D73 | E14: ='月の表'!E73 | F14: ='月の表'!F73 | G14: ='月の表'!G73 | H14: ='月の表'!H73 | I14: ='月の表'!I73 | ... M14: ='月の表'!M73 | N14: =SUM(B14:M14) | O14: =IF($N$4=0,"",N14/$N$4)
A15: 手元に残った | B15: ='月の表'!B74 | C15: ='月の表'!C74 | D15: ='月の表'!D74 | E15: ='月の表'!E74 | F15: ='月の表'!F74 | G15: ='月の表'!G74 | H15: ='月の表'!H74 | I15: ='月の表'!I74 | ... M15: ='月の表'!M74 | N15: =SUM(B15:M15) | O15: =IF($N$4=0,"",N15/$N$4)
A16: 支出の割合 | B16: ='月の表'!B75 | C16: ='月の表'!C75 | D16: ='月の表'!D75 | E16: ='月の表'!E75 | F16: ='月の表'!F75 | G16: ='月の表'!G75 | H16: ='月の表'!H75 | I16: ='月の表'!I75 | ... N16: ='月の表'!N75
A17: 貯めた割合 | B17: ='月の表'!B76 | C17: ='月の表'!C76 | D17: ='月の表'!D76 | E17: ='月の表'!E76 | F17: ='月の表'!F76 | G17: ='月の表'!G76 | H17: ='月の表'!H76 | I17: ='月の表'!I76 | ... N17: ='月の表'!N76
A18: 含み益の増減 | B18: ='貯める・増やす'!F5 | C18: ='貯める・増やす'!F6 | D18: ='貯める・増やす'!F7 | E18: ='貯める・増やす'!F8 | F18: ='貯める・増やす'!F9 | G18: ='貯める・増やす'!F10 | H18: ='貯める・増やす'!F11 | I18: ='貯める・増やす'!F12 | J18: ='貯める・増やす'!F13 | K18: ='貯める・増やす'!F14 | L18: ='貯める・増やす'!F15 | M18: ='貯める・増やす'!F16 | N18: =SUM(B18:M18)
A19: 総資産（月末） | B19: ='貯める・増やす'!I5 | C19: ='貯める・増やす'!I6 | D19: ='貯める・増やす'!I7 | E19: ='貯める・増やす'!I8 | F19: ='貯める・増やす'!I9 | G19: ='貯める・増やす'!I10 | H19: ='貯める・増やす'!I11 | I19: ='貯める・増やす'!I12 | J19: ='貯める・増やす'!I13 | K19: ='貯める・増やす'!I14 | L19: ='貯める・増やす'!I15 | M19: ='貯める・増やす'!I16
A20: 貯めた割合の目標 | B20: ='入力'!$B$7
A21: ■ 年に数回の財布（入れた最後の月まで）
A22: 最後の月 | B22: =MAX('月の表'!$B$81:$M$81)
A23: 前の年からの繰越 | B23: ='入力'!$B$8
A24: よけた分 | B24: =SUM('入力'!$H$92:$H$103)*B22
A25: 使った分 | B25: =SUMPRODUCT(('月の表'!$B$80:$M$80<=B22)*'月の表'!$B$60:$M$60)
A26: 残り | B26: =B23+B24-B25
A27: このあと今年払う予定 | B27: =SUMPRODUCT(('入力'!$D$92:$D$103>B22)*'入力'!$G$92:$G$103)
A28: 年末の見込み | B28: =B26+SUM('入力'!$H$92:$H$103)*(12-B22)-B27
A29: ■ ライフプラン表へ渡す1行
A30: この行の A〜F をコピーして、ライフプラン表の入力の実績に「値のみ貼り付け」
A31: 年 | B31: 入力済みの月数 | C31: 入ったお金 | D31: 出たお金 | E31: 貯める・増やす | F31: 金融資産（最後の月末）
A32: ='入力'!$B$5 | B32: =N4 | C32: =N5 | D32: =N9 | E32: =N13 | F32: =IF(MAX('貯める・増やす'!$M$5:$M$16)=0,"",INDEX('貯める・増やす'!$I$5:$I$16,MAX('貯める・増やす'!$M$5:$M$16)))
A34: ■ ライフプラン表の入力に使う数字（月の平均）
A35: 固定費（住まいと教育以外） | B35: =IF($N$4=0,"",('月の表'!N29-SUMIFS('月の表'!N17:N28,'月の表'!R17:R28,"住まい")-SUMIFS('月の表'!N17:N28,'月の表'!R17:R28,"教育"))/$N$4) | C35: 月の平均＝合計÷入力済みの月
A36: 暮らしの費用（同） | B36: =IF($N$4=0,"",('月の表'!N46-SUMIFS('月の表'!N31:N45,'月の表'!R31:R45,"住まい")-SUMIFS('月の表'!N31:N45,'月の表'!R31:R45,"教育"))/$N$4)
A37: 年に数回（年額・計画） | B37: =SUM('入力'!$G$92:$G$103) | C37: 年に数回は年の額
A38: 年に数回（今年払った分） | B38: ='月の表'!N60
A39: 住まい（月の平均） | B39: =IF($N$4=0,"",SUMIFS('月の表'!N17:N59,'月の表'!R17:R59,"住まい")/$N$4)
A40: 保育料・教育（月の平均） | B40: =IF($N$4=0,"",SUMIFS('月の表'!N17:N59,'月の表'!R17:R59,"教育")/$N$4)
A42: ■ 次の年に持っていく数字
A43: 年に数回の財布の残り | B43: =B26 | C43: 12月まで入れた時の値を使う
A44: 12月末の投資 | B44: =IF('入力'!$B$25="","",'入力'!$B$25)
A45: 12月末の預金 | B45: =IF('入力'!$C$25="","",'入力'!$C$25)
A46: ■ 確かめ（0 でなければ見直す）
A47: 記録の確かめが出ている行 | B47: =COUNTIFS('記録'!$G$4:$G$2003,"?*")
A48: 明細の未分類 | B48: =COUNTIFS('明細'!$U$4:$U$3003,"未分類")
A49: 明細の重なり | B49: =COUNTIFS('明細'!$U$4:$U$3003,"重なり") | C49: 同じ ID の2つ目から。数えていません
A50: 集計の年とちがう明細 | B50: =COUNTIFS('明細'!$L$4:$L$3003,1)-COUNTIFS('明細'!$M$4:$M$3003,">="&DATE('入力'!$B$5,1,1),'明細'!$M$4:$M$3003,"<="&DATE('入力'!$B$5,12,1)) | C50: 去年の明細など。数えていません
A51: 明細の一覧にない費目 | B51: =COUNTIFS('明細'!$U$4:$U$3003,"一覧にない費目") | C51: 分け方の表の費目を、入力の費目と同じ名前に直す

Sheet 貯める・増やす
A1: 貯める・増やす（月末の残高から）
A2: 含み益＝投資の残高の増え−積立−ポイント＋取り崩し（くわしくは はじめに）
A3: 月 | B3: 投資の残高 | C3: 積立（家計簿） | D3: 取り崩した | E3: ポイントで買った | F3: 含み益の増減 | G3: 年初からの含み益 | H3: 預金・現金 | I3: 総資産 | J3: 前の月から | K3: 収支（家計簿） | L3: 家計簿の外の出入り | M3: 入れた月（補助）
A4: =IF('入力'!$B$5="","",DATE('入力'!$B$5-1,12,1)) | B4: ='入力'!$B$9 | H4: ='入力'!$B$10 | I4: =B4+H4
A5: ='入力'!A14 | B5: =IF('入力'!B14="","",'入力'!B14) | C5: =INDEX('月の表'!$B$73:$M$73,MONTH(A5)) | D5: ='入力'!D14 | E5: ='入力'!E14 | F5: =IF((B5="")+(B4=""),"",B5-B4-C5-E5+D5) | G5: =IF(F5="","",SUM($F$5:F5)) | H5: =IF('入力'!C14="","",'入力'!C14) | I5: =IF((B5="")+(H5=""),"",B5+H5) | J5: =IF((I5="")+(I4=""),"",I5-I4) | K5: =INDEX('月の表'!$B$64:$M$64,MONTH(A5)) | L5: =IF((J5="")+(F5=""),"",J5-K5-F5-E5) | M5: =IF(I5="",0,MONTH(A5))
A6: ='入力'!A15 | B6: =IF('入力'!B15="","",'入力'!B15) | C6: =INDEX('月の表'!$B$73:$M$73,MONTH(A6)) | D6: ='入力'!D15 | E6: ='入力'!E15 | F6: =IF((B6="")+(B5=""),"",B6-B5-C6-E6+D6) | G6: =IF(F6="","",SUM($F$5:F6)) | H6: =IF('入力'!C15="","",'入力'!C15) | I6: =IF((B6="")+(H6=""),"",B6+H6) | J6: =IF((I6="")+(I5=""),"",I6-I5) | K6: =INDEX('月の表'!$B$64:$M$64,MONTH(A6)) | L6: =IF((J6="")+(F6=""),"",J6-K6-F6-E6) | M6: =IF(I6="",0,MONTH(A6))
A7: ='入力'!A16 | B7: =IF('入力'!B16="","",'入力'!B16) | C7: =INDEX('月の表'!$B$73:$M$73,MONTH(A7)) | D7: ='入力'!D16 | E7: ='入力'!E16 | F7: =IF((B7="")+(B6=""),"",B7-B6-C7-E7+D7) | G7: =IF(F7="","",SUM($F$5:F7)) | H7: =IF('入力'!C16="","",'入力'!C16) | I7: =IF((B7="")+(H7=""),"",B7+H7) | J7: =IF((I7="")+(I6=""),"",I7-I6) | K7: =INDEX('月の表'!$B$64:$M$64,MONTH(A7)) | L7: =IF((J7="")+(F7=""),"",J7-K7-F7-E7) | M7: =IF(I7="",0,MONTH(A7))
A8: ='入力'!A17 | B8: =IF('入力'!B17="","",'入力'!B17) | C8: =INDEX('月の表'!$B$73:$M$73,MONTH(A8)) | D8: ='入力'!D17 | E8: ='入力'!E17 | F8: =IF((B8="")+(B7=""),"",B8-B7-C8-E8+D8) | G8: =IF(F8="","",SUM($F$5:F8)) | H8: =IF('入力'!C17="","",'入力'!C17) | I8: =IF((B8="")+(H8=""),"",B8+H8) | J8: =IF((I8="")+(I7=""),"",I8-I7) | K8: =INDEX('月の表'!$B$64:$M$64,MONTH(A8)) | L8: =IF((J8="")+(F8=""),"",J8-K8-F8-E8) | M8: =IF(I8="",0,MONTH(A8))
A9: ='入力'!A18 | B9: =IF('入力'!B18="","",'入力'!B18) | C9: =INDEX('月の表'!$B$73:$M$73,MONTH(A9)) | D9: ='入力'!D18 | E9: ='入力'!E18 | F9: =IF((B9="")+(B8=""),"",B9-B8-C9-E9+D9) | G9: =IF(F9="","",SUM($F$5:F9)) | H9: =IF('入力'!C18="","",'入力'!C18) | I9: =IF((B9="")+(H9=""),"",B9+H9) | J9: =IF((I9="")+(I8=""),"",I9-I8) | K9: =INDEX('月の表'!$B$64:$M$64,MONTH(A9)) | L9: =IF((J9="")+(F9=""),"",J9-K9-F9-E9) | M9: =IF(I9="",0,MONTH(A9))
A10: ='入力'!A19 | B10: =IF('入力'!B19="","",'入力'!B19) | C10: =INDEX('月の表'!$B$73:$M$73,MONTH(A10)) | D10: ='入力'!D19 | E10: ='入力'!E19 | F10: =IF((B10="")+(B9=""),"",B10-B9-C10-E10+D10) | G10: =IF(F10="","",SUM($F$5:F10)) | H10: =IF('入力'!C19="","",'入力'!C19) | I10: =IF((B10="")+(H10=""),"",B10+H10) | J10: =IF((I10="")+(I9=""),"",I10-I9) | K10: =INDEX('月の表'!$B$64:$M$64,MONTH(A10)) | L10: =IF((J10="")+(F10=""),"",J10-K10-F10-E10) | M10: =IF(I10="",0,MONTH(A10))
A11: ='入力'!A20 | B11: =IF('入力'!B20="","",'入力'!B20) | C11: =INDEX('月の表'!$B$73:$M$73,MONTH(A11)) | D11: ='入力'!D20 | E11: ='入力'!E20 | F11: =IF((B11="")+(B10=""),"",B11-B10-C11-E11+D11) | G11: =IF(F11="","",SUM($F$5:F11)) | H11: =IF('入力'!C20="","",'入力'!C20) | I11: =IF((B11="")+(H11=""),"",B11+H11) | J11: =IF((I11="")+(I10=""),"",I11-I10) | K11: =INDEX('月の表'!$B$64:$M$64,MONTH(A11)) | L11: =IF((J11="")+(F11=""),"",J11-K11-F11-E11) | M11: =IF(I11="",0,MONTH(A11))
A12: ='入力'!A21 | B12: =IF('入力'!B21="","",'入力'!B21) | C12: =INDEX('月の表'!$B$73:$M$73,MONTH(A12)) | D12: ='入力'!D21 | E12: ='入力'!E21 | F12: =IF((B12="")+(B11=""),"",B12-B11-C12-E12+D12) | G12: =IF(F12="","",SUM($F$5:F12)) | H12: =IF('入力'!C21="","",'入力'!C21) | I12: =IF((B12="")+(H12=""),"",B12+H12) | J12: =IF((I12="")+(I11=""),"",I12-I11) | K12: =INDEX('月の表'!$B$64:$M$64,MONTH(A12)) | L12: =IF((J12="")+(F12=""),"",J12-K12-F12-E12) | M12: =IF(I12="",0,MONTH(A12))
A13: ='入力'!A22 | B13: =IF('入力'!B22="","",'入力'!B22) | C13: =INDEX('月の表'!$B$73:$M$73,MONTH(A13)) | D13: ='入力'!D22 | E13: ='入力'!E22 | F13: =IF((B13="")+(B12=""),"",B13-B12-C13-E13+D13) | G13: =IF(F13="","",SUM($F$5:F13)) | H13: =IF('入力'!C22="","",'入力'!C22) | I13: =IF((B13="")+(H13=""),"",B13+H13) | J13: =IF((I13="")+(I12=""),"",I13-I12) | K13: =INDEX('月の表'!$B$64:$M$64,MONTH(A13)) | L13: =IF((J13="")+(F13=""),"",J13-K13-F13-E13) | M13: =IF(I13="",0,MONTH(A13))
A14: ='入力'!A23 | B14: =IF('入力'!B23="","",'入力'!B23) | C14: =INDEX('月の表'!$B$73:$M$73,MONTH(A14)) | D14: ='入力'!D23 | E14: ='入力'!E23 | F14: =IF((B14="")+(B13=""),"",B14-B13-C14-E14+D14) | G14: =IF(F14="","",SUM($F$5:F14)) | H14: =IF('入力'!C23="","",'入力'!C23) | I14: =IF((B14="")+(H14=""),"",B14+H14) | J14: =IF((I14="")+(I13=""),"",I14-I13) | K14: =INDEX('月の表'!$B$64:$M$64,MONTH(A14)) | L14: =IF((J14="")+(F14=""),"",J14-K14-F14-E14) | M14: =IF(I14="",0,MONTH(A14))
A15: ='入力'!A24 | B15: =IF('入力'!B24="","",'入力'!B24) | C15: =INDEX('月の表'!$B$73:$M$73,MONTH(A15)) | D15: ='入力'!D24 | E15: ='入力'!E24 | F15: =IF((B15="")+(B14=""),"",B15-B14-C15-E15+D15) | G15: =IF(F15="","",SUM($F$5:F15)) | H15: =IF('入力'!C24="","",'入力'!C24) | I15: =IF((B15="")+(H15=""),"",B15+H15) | J15: =IF((I15="")+(I14=""),"",I15-I14) | K15: =INDEX('月の表'!$B$64:$M$64,MONTH(A15)) | L15: =IF((J15="")+(F15=""),"",J15-K15-F15-E15) | M15: =IF(I15="",0,MONTH(A15))
A16: ='入力'!A25 | B16: =IF('入力'!B25="","",'入力'!B25) | C16: =INDEX('月の表'!$B$73:$M$73,MONTH(A16)) | D16: ='入力'!D25 | E16: ='入力'!E25 | F16: =IF((B16="")+(B15=""),"",B16-B15-C16-E16+D16) | G16: =IF(F16="","",SUM($F$5:F16)) | H16: =IF('入力'!C25="","",'入力'!C25) | I16: =IF((B16="")+(H16=""),"",B16+H16) | J16: =IF((I16="")+(I15=""),"",I16-I15) | K16: =INDEX('月の表'!$B$64:$M$64,MONTH(A16)) | L16: =IF((J16="")+(F16=""),"",J16-K16-F16-E16) | M16: =IF(I16="",0,MONTH(A16))
A17: 合計 | C17: =SUM(C5:C16) | D17: =SUM(D5:D16) | E17: =SUM(E5:E16) | F17: =SUM(F5:F16) | K17: =SUM(K5:K16) | L17: =SUM(L5:L16)

Sheet 明細
A1: 明細（マネーフォワードの CSV を A4 から貼る）
A2: ="例です。自分の明細に貼りかえる。／数えた "&(COUNTIFS($U$4:$U$3003,"OK")+COUNTIFS($U$4:$U$3003,"直した"))&"件／重なり "&COUNTIFS($U$4:$U$3003,"重なり")&"件／計算対象外 "&COUNTIFS($U$4:$U$3003,"計算対象外")&"件／振替 "&COUNTIFS($U$4:$U$3003,"振替")&"件／数えない "&COUNTIFS($U$4:$U$3003,"数えない*")&"件／未分類 "&COUNTIFS($U$4:$U$3003,"未分類")&"件／一覧にない費目 "&COUNTIFS($U$4:$U$3003,"一覧にない費目")&"件"
A3: 計算対象 | B3: 日付 | C3: 内容 | D3: 金額（円） | E3: 保有金融機関 | F3: 大項目 | G3: 中項目 | H3: メモ | I3: 振替 | J3: ID | L3: 行 | M3: 対象の月 | N3: 重なり | O3: 直す表の行 | P3: ことばの番号 | Q3: ことばの費目 | R3: 分け方の費目 | S3: 費目（数える） | T3: 金額（向きをそろえた） | U3: 状態
A4: 1 | B4: 46290 | C4: 給与 例の会社 | D4: 400000 | E4: 例の銀行B | F4: 収入 | G4: 給与 | I4: 0 | J4: ex0001 | L4: =IF(B4="","",IFERROR(YEAR(B4)*0+D4*0+1,0)) | M4: =IF(L4<>1,"",IF(O4>0,IF(INDEX('分け方の表'!$O$4:$O$53,O4)<>"",DATE(YEAR(INDEX('分け方の表'!$O$4:$O$53,O4)),MONTH(INDEX('分け方の表'!$O$4:$O$53,O4)),1),DATE(YEAR(B4),MONTH(B4),1)),DATE(YEAR(B4),MONTH(B4),1))) | N4: =IF(L4<>1,"",IF(J4="",0,IF(COUNTIFS($J$4:J4,J4)>1,1,0))) | O4: =IF(L4<>1,"",IF(J4="",0,IFERROR(MATCH(J4,'分け方の表'!$M$4:$M$53,0),0))) | P4: =IF(L4<>1,"",IF(SUMPRODUCT((COUNTIFS(C4,"*"&'分け方の表'!$F$4:$F$23&"*")>0)*('分け方の表'!$F$4:$F$23<>"")*'分け方の表'!$I$4:$I$23)=0,99,1+COUNTIFS('分け方の表'!$I$4:$I$23,">"&SUMPRODUCT((COUNTIFS(C4,"*"&'分け方の表'!$F$4:$F$23&"*")>0)*('分け方の表'!$F$4:$F$23<>"")*'分け方の表'!$I$4:$I$23)))) | Q4: =IF(L4<>1,"",IF(P4>=99,"",INDEX('分け方の表'!$G$4:$G$23,P4)&"")) | R4: =IF(L4<>1,"",IF((F4="収入")*(G4="給与")*(E4<>"")*(COUNTIFS('分け方の表'!$J$4:$J$13,E4)>0),INDEX('分け方の表'!$K$4:$K$13,MATCH(E4,'分け方の表'!$J$4:$J$13,0))&"",IFERROR(INDEX('分け方の表'!$C$4:$C$103,MATCH(F4&"|"&G4,'分け方の表'!$D$4:$D$103,0))&"",IFERROR(INDEX('分け方の表'!$C$4:$C$103,MATCH(F4&"|（ほか全部）",'分け方の表'!$D$4:$D$103,0))&"","未分類")))) | S4: =IF(L4<>1,"",IF(N4=1,"",IF(IF(O4>0,INDEX('分け方の表'!$N$4:$N$53,O4)&"","")<>"",IF(INDEX('分け方の表'!$N$4:$N$53,O4)="（数えない）","",INDEX('分け方の表'!$N$4:$N$53,O4)&""),IF(I4&""="1",IF((Q4<>"")*(D4<0)*(IFERROR(INDEX('入力'!$E$30:$E$88,MATCH(Q4,'入力'!$A$30:$A$88,0)),"")="貯める・増やす"),Q4,""),IF(A4&""="0","",IF(Q4<>"",Q4,R4)))))) | T4: =IF(S4="","",IF(IFERROR(INDEX('入力'!$E$30:$E$88,MATCH(S4,'入力'!$A$30:$A$88,0)),"")="入るお金",D4,-D4)) | U4: =IF(L4="","",IF(L4<>1,"見出しなど",IF(N4=1,"重なり",IF(S4="",IF(O4>0,"数えない（直した）",IF(I4&""="1","振替",IF(A4&""="0","計算対象外","数えない"))),IF(COUNTIFS('入力'!$A$30:$A$88,S4)=0,"一覧にない費目",IF(O4>0,"直した",IF(S4="未分類","未分類","OK")))))))
A5: 1 | B5: 46268 | C5: 例のスーパー | D5: -8560 | E5: 例のカード | F5: 食費 | G5: 食料品 | I5: 0 | J5: ex0002 | L5: =IF(B5="","",IFERROR(YEAR(B5)*0+D5*0+1,0)) | M5: =IF(L5<>1,"",IF(O5>0,IF(INDEX('分け方の表'!$O$4:$O$53,O5)<>"",DATE(YEAR(INDEX('分け方の表'!$O$4:$O$53,O5)),MONTH(INDEX('分け方の表'!$O$4:$O$53,O5)),1),DATE(YEAR(B5),MONTH(B5),1)),DATE(YEAR(B5),MONTH(B5),1))) | N5: =IF(L5<>1,"",IF(J5="",0,IF(COUNTIFS($J$4:J5,J5)>1,1,0))) | O5: =IF(L5<>1,"",IF(J5="",0,IFERROR(MATCH(J5,'分け方の表'!$M$4:$M$53,0),0))) | P5: =IF(L5<>1,"",IF(SUMPRODUCT((COUNTIFS(C5,"*"&'分け方の表'!$F$4:$F$23&"*")>0)*('分け方の表'!$F$4:$F$23<>"")*'分け方の表'!$I$4:$I$23)=0,99,1+COUNTIFS('分け方の表'!$I$4:$I$23,">"&SUMPRODUCT((COUNTIFS(C5,"*"&'分け方の表'!$F$4:$F$23&"*")>0)*('分け方の表'!$F$4:$F$23<>"")*'分け方の表'!$I$4:$I$23)))) | Q5: =IF(L5<>1,"",IF(P5>=99,"",INDEX('分け方の表'!$G$4:$G$23,P5)&"")) | R5: =IF(L5<>1,"",IF((F5="収入")*(G5="給与")*(E5<>"")*(COUNTIFS('分け方の表'!$J$4:$J$13,E5)>0),INDEX('分け方の表'!$K$4:$K$13,MATCH(E5,'分け方の表'!$J$4:$J$13,0))&"",IFERROR(INDEX('分け方の表'!$C$4:$C$103,MATCH(F5&"|"&G5,'分け方の表'!$D$4:$D$103,0))&"",IFERROR(INDEX('分け方の表'!$C$4:$C$103,MATCH(F5&"|（ほか全部）",'分け方の表'!$D$4:$D$103,0))&"","未分類")))) | S5: =IF(L5<>1,"",IF(N5=1,"",IF(IF(O5>0,INDEX('分け方の表'!$N$4:$N$53,O5)&"","")<>"",IF(INDEX('分け方の表'!$N$4:$N$53,O5)="（数えない）","",INDEX('分け方の表'!$N$4:$N$53,O5)&""),IF(I5&""="1",IF((Q5<>"")*(D5<0)*(IFERROR(INDEX('入力'!$E$30:$E$88,MATCH(Q5,'入力'!$A$30:$A$88,0)),"")="貯める・増やす"),Q5,""),IF(A5&""="0","",IF(Q5<>"",Q5,R5)))))) | T5: =IF(S5="","",IF(IFERROR(INDEX('入力'!$E$30:$E$88,MATCH(S5,'入力'!$A$30:$A$88,0)),"")="入るお金",D5,-D5)) | U5: =IF(L5="","",IF(L5<>1,"見出しなど",IF(N5=1,"重なり",IF(S5="",IF(O5>0,"数えない（直した）",IF(I5&""="1","振替",IF(A5&""="0","計算対象外","数えない"))),IF(COUNTIFS('入力'!$A$30:$A$88,S5)=0,"一覧にない費目",IF(O5>0,"直した",IF(S5="未分類","未分類","OK")))))))
A6: 1 | B6: 46275 | C6: 例のスーパー | D6: -12300 | E6: 例のカード | F6: 食費 | G6: 食料品 | I6: 0 | J6: ex0003 | L6: =IF(B6="","",IFERROR(YEAR(B6)*0+D6*0+1,0)) | M6: =IF(L6<>1,"",IF(O6>0,IF(INDEX('分け方の表'!$O$4:$O$53,O6)<>"",DATE(YEAR(INDEX('分け方の表'!$O$4:$O$53,O6)),MONTH(INDEX('分け方の表'!$O$4:$O$53,O6)),1),DATE(YEAR(B6),MONTH(B6),1)),DATE(YEAR(B6),MONTH(B6),1))) | N6: =IF(L6<>1,"",IF(J6="",0,IF(COUNTIFS($J$4:J6,J6)>1,1,0))) | O6: =IF(L6<>1,"",IF(J6="",0,IFERROR(MATCH(J6,'分け方の表'!$M$4:$M$53,0),0))) | P6: =IF(L6<>1,"",IF(SUMPRODUCT((COUNTIFS(C6,"*"&'分け方の表'!$F$4:$F$23&"*")>0)*('分け方の表'!$F$4:$F$23<>"")*'分け方の表'!$I$4:$I$23)=0,99,1+COUNTIFS('分け方の表'!$I$4:$I$23,">"&SUMPRODUCT((COUNTIFS(C6,"*"&'分け方の表'!$F$4:$F$23&"*")>0)*('分け方の表'!$F$4:$F$23<>"")*'分け方の表'!$I$4:$I$23)))) | Q6: =IF(L6<>1,"",IF(P6>=99,"",INDEX('分け方の表'!$G$4:$G$23,P6)&"")) | R6: =IF(L6<>1,"",IF((F6="収入")*(G6="給与")*(E6<>"")*(COUNTIFS('分け方の表'!$J$4:$J$13,E6)>0),INDEX('分け方の表'!$K$4:$K$13,MATCH(E6,'分け方の表'!$J$4:$J$13,0))&"",IFERROR(INDEX('分け方の表'!$C$4:$C$103,MATCH(F6&"|"&G6,'分け方の表'!$D$4:$D$103,0))&"",IFERROR(INDEX('分け方の表'!$C$4:$C$103,MATCH(F6&"|（ほか全部）",'分け方の表'!$D$4:$D$103,0))&"","未分類")))) | S6: =IF(L6<>1,"",IF(N6=1,"",IF(IF(O6>0,INDEX('分け方の表'!$N$4:$N$53,O6)&"","")<>"",IF(INDEX('分け方の表'!$N$4:$N$53,O6)="（数えない）","",INDEX('分け方の表'!$N$4:$N$53,O6)&""),IF(I6&""="1",IF((Q6<>"")*(D6<0)*(IFERROR(INDEX('入力'!$E$30:$E$88,MATCH(Q6,'入力'!$A$30:$A$88,0)),"")="貯める・増やす"),Q6,""),IF(A6&""="0","",IF(Q6<>"",Q6,R6)))))) | T6: =IF(S6="","",IF(IFERROR(INDEX('入力'!$E$30:$E$88,MATCH(S6,'入力'!$A$30:$A$88,0)),"")="入るお金",D6,-D6)) | U6: =IF(L6="","",IF(L6<>1,"見出しなど",IF(N6=1,"重なり",IF(S6="",IF(O6>0,"数えない（直した）",IF(I6&""="1","振替",IF(A6&""="0","計算対象外","数えない"))),IF(COUNTIFS('入力'!$A$30:$A$88,S6)=0,"一覧にない費目",IF(O6>0,"直した",IF(S6="未分類","未分類","OK")))))))
A7: 1 | B7: 46279 | C7: 例のカフェ | D7: -1200 | E7: 例のカード | F7: 食費 | G7: カフェ | I7: 0 | J7: ex0004 | L7: =IF(B7="","",IFERROR(YEAR(B7)*0+D7*0+1,0)) | M7: =IF(L7<>1,"",IF(O7>0,IF(INDEX('分け方の表'!$O$4:$O$53,O7)<>"",DATE(YEAR(INDEX('分け方の表'!$O$4:$O$53,O7)),MONTH(INDEX('分け方の表'!$O$4:$O$53,O7)),1),DATE(YEAR(B7),MONTH(B7),1)),DATE(YEAR(B7),MONTH(B7),1))) | N7: =IF(L7<>1,"",IF(J7="",0,IF(COUNTIFS($J$4:J7,J7)>1,1,0))) | O7: =IF(L7<>1,"",IF(J7="",0,IFERROR(MATCH(J7,'分け方の表'!$M$4:$M$53,0),0))) | P7: =IF(L7<>1,"",IF(SUMPRODUCT((COUNTIFS(C7,"*"&'分け方の表'!$F$4:$F$23&"*")>0)*('分け方の表'!$F$4:$F$23<>"")*'分け方の表'!$I$4:$I$23)=0,99,1+COUNTIFS('分け方の表'!$I$4:$I$23,">"&SUMPRODUCT((COUNTIFS(C7,"*"&'分け方の表'!$F$4:$F$23&"*")>0)*('分け方の表'!$F$4:$F$23<>"")*'分け方の表'!$I$4:$I$23)))) | Q7: =IF(L7<>1,"",IF(P7>=99,"",INDEX('分け方の表'!$G$4:$G$23,P7)&"")) | R7: =IF(L7<>1,"",IF((F7="収入")*(G7="給与")*(E7<>"")*(COUNTIFS('分け方の表'!$J$4:$J$13,E7)>0),INDEX('分け方の表'!$K$4:$K$13,MATCH(E7,'分け方の表'!$J$4:$J$13,0))&"",IFERROR(INDEX('分け方の表'!$C$4:$C$103,MATCH(F7&"|"&G7,'分け方の表'!$D$4:$D$103,0))&"",IFERROR(INDEX('分け方の表'!$C$4:$C$103,MATCH(F7&"|（ほか全部）",'分け方の表'!$D$4:$D$103,0))&"","未分類")))) | S7: =IF(L7<>1,"",IF(N7=1,"",IF(IF(O7>0,INDEX('分け方の表'!$N$4:$N$53,O7)&"","")<>"",IF(INDEX('分け方の表'!$N$4:$N$53,O7)="（数えない）","",INDEX('分け方の表'!$N$4:$N$53,O7)&""),IF(I7&""="1",IF((Q7<>"")*(D7<0)*(IFERROR(INDEX('入力'!$E$30:$E$88,MATCH(Q7,'入力'!$A$30:$A$88,0)),"")="貯める・増やす"),Q7,""),IF(A7&""="0","",IF(Q7<>"",Q7,R7)))))) | T7: =IF(S7="","",IF(IFERROR(INDEX('入力'!$E$30:$E$88,MATCH(S7,'入力'!$A$30:$A$88,0)),"")="入るお金",D7,-D7)) | U7: =IF(L7="","",IF(L7<>1,"見出しなど",IF(N7=1,"重なり",IF(S7="",IF(O7>0,"数えない（直した）",IF(I7&""="1","振替",IF(A7&""="0","計算対象外","数えない"))),IF(COUNTIFS('入力'!$A$30:$A$88,S7)=0,"一覧にない費目",IF(O7>0,"直した",IF(S7="未分類","未分類","OK")))))))
A8: 1 | B8: 46270 | C8: 例のドラッグストア | D8: -3480 | E8: 例のカード | F8: 日用品 | G8: ドラッグストア | I8: 0 | J8: ex0005 | L8: =IF(B8="","",IFERROR(YEAR(B8)*0+D8*0+1,0)) | M8: =IF(L8<>1,"",IF(O8>0,IF(INDEX('分け方の表'!$O$4:$O$53,O8)<>"",DATE(YEAR(INDEX('分け方の表'!$O$4:$O$53,O8)),MONTH(INDEX('分け方の表'!$O$4:$O$53,O8)),1),DATE(YEAR(B8),MONTH(B8),1)),DATE(YEAR(B8),MONTH(B8),1))) | N8: =IF(L8<>1,"",IF(J8="",0,IF(COUNTIFS($J$4:J8,J8)>1,1,0))) | O8: =IF(L8<>1,"",IF(J8="",0,IFERROR(MATCH(J8,'分け方の表'!$M$4:$M$53,0),0))) | P8: =IF(L8<>1,"",IF(SUMPRODUCT((COUNTIFS(C8,"*"&'分け方の表'!$F$4:$F$23&"*")>0)*('分け方の表'!$F$4:$F$23<>"")*'分け方の表'!$I$4:$I$23)=0,99,1+COUNTIFS('分け方の表'!$I$4:$I$23,">"&SUMPRODUCT((COUNTIFS(C8,"*"&'分け方の表'!$F$4:$F$23&"*")>0)*('分け方の表'!$F$4:$F$23<>"")*'分け方の表'!$I$4:$I$23)))) | Q8: =IF(L8<>1,"",IF(P8>=99,"",INDEX('分け方の表'!$G$4:$G$23,P8)&"")) | R8: =IF(L8<>1,"",IF((F8="収入")*(G8="給与")*(E8<>"")*(COUNTIFS('分け方の表'!$J$4:$J$13,E8)>0),INDEX('分け方の表'!$K$4:$K$13,MATCH(E8,'分け方の表'!$J$4:$J$13,0))&"",IFERROR(INDEX('分け方の表'!$C$4:$C$103,MATCH(F8&"|"&G8,'分け方の表'!$D$4:$D$103,0))&"",IFERROR(INDEX('分け方の表'!$C$4:$C$103,MATCH(F8&"|（ほか全部）",'分け方の表'!$D$4:$D$103,0))&"","未分類")))) | S8: =IF(L8<>1,"",IF(N8=1,"",IF(IF(O8>0,INDEX('分け方の表'!$N$4:$N$53,O8)&"","")<>"",IF(INDEX('分け方の表'!$N$4:$N$53,O8)="（数えない）","",INDEX('分け方の表'!$N$4:$N$53,O8)&""),IF(I8&""="1",IF((Q8<>"")*(D8<0)*(IFERROR(INDEX('入力'!$E$30:$E$88,MATCH(Q8,'入力'!$A$30:$A$88,0)),"")="貯める・増やす"),Q8,""),IF(A8&""="0","",IF(Q8<>"",Q8,R8)))))) | T8: =IF(S8="","",IF(IFERROR(INDEX('入力'!$E$30:$E$88,MATCH(S8,'入力'!$A$30:$A$88,0)),"")="入るお金",D8,-D8)) | U8: =IF(L8="","",IF(L8<>1,"見出しなど",IF(N8=1,"重なり",IF(S8="",IF(O8>0,"数えない（直した）",IF(I8&""="1","振替",IF(A8&""="0","計算対象外","数えない"))),IF(COUNTIFS('入力'!$A$30:$A$88,S8)=0,"一覧にない費目",IF(O8>0,"直した",IF(S8="未分類","未分類","OK")))))))
A9: 1 | B9: 46277 | C9: 例のベビー用品店 | D9: -6980 | E9: 例のカード | F9: 日用品 | G9: 子育て用品 | I9: 0 | J9: ex0006 | L9: =IF(B9="","",IFERROR(YEAR(B9)*0+D9*0+1,0)) | M9: =IF(L9<>1,"",IF(O9>0,IF(INDEX('分け方の表'!$O$4:$O$53,O9)<>"",DATE(YEAR(INDEX('分け方の表'!$O$4:$O$53,O9)),MONTH(INDEX('分け方の表'!$O$4:$O$53,O9)),1),DATE(YEAR(B9),MONTH(B9),1)),DATE(YEAR(B9),MONTH(B9),1))) | N9: =IF(L9<>1,"",IF(J9="",0,IF(COUNTIFS($J$4:J9,J9)>1,1,0))) | O9: =IF(L9<>1,"",IF(J9="",0,IFERROR(MATCH(J9,'分け方の表'!$M$4:$M$53,0),0))) | P9: =IF(L9<>1,"",IF(SUMPRODUCT((COUNTIFS(C9,"*"&'分け方の表'!$F$4:$F$23&"*")>0)*('分け方の表'!$F$4:$F$23<>"")*'分け方の表'!$I$4:$I$23)=0,99,1+COUNTIFS('分け方の表'!$I$4:$I$23,">"&SUMPRODUCT((COUNTIFS(C9,"*"&'分け方の表'!$F$4:$F$23&"*")>0)*('分け方の表'!$F$4:$F$23<>"")*'分け方の表'!$I$4:$I$23)))) | Q9: =IF(L9<>1,"",IF(P9>=99,"",INDEX('分け方の表'!$G$4:$G$23,P9)&"")) | R9: =IF(L9<>1,"",IF((F9="収入")*(G9="給与")*(E9<>"")*(COUNTIFS('分け方の表'!$J$4:$J$13,E9)>0),INDEX('分け方の表'!$K$4:$K$13,MATCH(E9,'分け方の表'!$J$4:$J$13,0))&"",IFERROR(INDEX('分け方の表'!$C$4:$C$103,MATCH(F9&"|"&G9,'分け方の表'!$D$4:$D$103,0))&"",IFERROR(INDEX('分け方の表'!$C$4:$C$103,MATCH(F9&"|（ほか全部）",'分け方の表'!$D$4:$D$103,0))&"","未分類")))) | S9: =IF(L9<>1,"",IF(N9=1,"",IF(IF(O9>0,INDEX('分け方の表'!$N$4:$N$53,O9)&"","")<>"",IF(INDEX('分け方の表'!$N$4:$N$53,O9)="（数えない）","",INDEX('分け方の表'!$N$4:$N$53,O9)&""),IF(I9&""="1",IF((Q9<>"")*(D9<0)*(IFERROR(INDEX('入力'!$E$30:$E$88,MATCH(Q9,'入力'!$A$30:$A$88,0)),"")="貯める・増やす"),Q9,""),IF(A9&""="0","",IF(Q9<>"",Q9,R9)))))) | T9: =IF(S9="","",IF(IFERROR(INDEX('入力'!$E$30:$E$88,MATCH(S9,'入力'!$A$30:$A$88,0)),"")="入るお金",D9,-D9)) | U9: =IF(L9="","",IF(L9<>1,"見出しなど",IF(N9=1,"重なり",IF(S9="",IF(O9>0,"数えない（直した）",IF(I9&""="1","振替",IF(A9&""="0","計算対象外","数えない"))),IF(COUNTIFS('入力'!$A$30:$A$88,S9)=0,"一覧にない費目",IF(O9>0,"直した",IF(S9="未分類","未分類","OK")))))))
A10: 1 | B10: 46292 | C10: 住宅ローン | D10: -105000 | E10: 例の銀行B | F10: 住宅 | G10: ローン返済 | I10: 0 | J10: ex0007 | L10: =IF(B10="","",IFERROR(YEAR(B10)*0+D10*0+1,0)) | M10: =IF(L10<>1,"",IF(O10>0,IF(INDEX('分け方の表'!$O$4:$O$53,O10)<>"",DATE(YEAR(INDEX('分け方の表'!$O$4:$O$53,O10)),MONTH(INDEX('分け方の表'!$O$4:$O$53,O10)),1),DATE(YEAR(B10),MONTH(B10),1)),DATE(YEAR(B10),MONTH(B10),1))) | N10: =IF(L10<>1,"",IF(J10="",0,IF(COUNTIFS($J$4:J10,J10)>1,1,0))) | O10: =IF(L10<>1,"",IF(J10="",0,IFERROR(MATCH(J10,'分け方の表'!$M$4:$M$53,0),0))) | P10: =IF(L10<>1,"",IF(SUMPRODUCT((COUNTIFS(C10,"*"&'分け方の表'!$F$4:$F$23&"*")>0)*('分け方の表'!$F$4:$F$23<>"")*'分け方の表'!$I$4:$I$23)=0,99,1+COUNTIFS('分け方の表'!$I$4:$I$23,">"&SUMPRODUCT((COUNTIFS(C10,"*"&'分け方の表'!$F$4:$F$23&"*")>0)*('分け方の表'!$F$4:$F$23<>"")*'分け方の表'!$I$4:$I$23)))) | Q10: =IF(L10<>1,"",IF(P10>=99,"",INDEX('分け方の表'!$G$4:$G$23,P10)&"")) | R10: =IF(L10<>1,"",IF((F10="収入")*(G10="給与")*(E10<>"")*(COUNTIFS('分け方の表'!$J$4:$J$13,E10)>0),INDEX('分け方の表'!$K$4:$K$13,MATCH(E10,'分け方の表'!$J$4:$J$13,0))&"",IFERROR(INDEX('分け方の表'!$C$4:$C$103,MATCH(F10&"|"&G10,'分け方の表'!$D$4:$D$103,0))&"",IFERROR(INDEX('分け方の表'!$C$4:$C$103,MATCH(F10&"|（ほか全部）",'分け方の表'!$D$4:$D$103,0))&"","未分類")))) | S10: =IF(L10<>1,"",IF(N10=1,"",IF(IF(O10>0,INDEX('分け方の表'!$N$4:$N$53,O10)&"","")<>"",IF(INDEX('分け方の表'!$N$4:$N$53,O10)="（数えない）","",INDEX('分け方の表'!$N$4:$N$53,O10)&""),IF(I10&""="1",IF((Q10<>"")*(D10<0)*(IFERROR(INDEX('入力'!$E$30:$E$88,MATCH(Q10,'入力'!$A$30:$A$88,0)),"")="貯める・増やす"),Q10,""),IF(A10&""="0","",IF(Q10<>"",Q10,R10)))))) | T10: =IF(S10="","",IF(IFERROR(INDEX('入力'!$E$30:$E$88,MATCH(S10,'入力'!$A$30:$A$88,0)),"")="入るお金",D10,-D10)) | U10: =IF(L10="","",IF(L10<>1,"見出しなど",IF(N10=1,"重なり",IF(S10="",IF(O10>0,"数えない（直した）",IF(I10&""="1","振替",IF(A10&""="0","計算対象外","数えない"))),IF(COUNTIFS('入力'!$A$30:$A$88,S10)=0,"一覧にない費目",IF(O10>0,"直した",IF(S10="未分類","未分類","OK")))))))
A11: 1 | B11: 46285 | C11: 電気料金 | D11: -11200 | E11: 例のカード | F11: 水道・光熱費 | G11: 電気代 | I11: 0 | J11: ex0008 | L11: =IF(B11="","",IFERROR(YEAR(B11)*0+D11*0+1,0)) | M11: =IF(L11<>1,"",IF(O11>0,IF(INDEX('分け方の表'!$O$4:$O$53,O11)<>"",DATE(YEAR(INDEX('分け方の表'!$O$4:$O$53,O11)),MONTH(INDEX('分け方の表'!$O$4:$O$53,O11)),1),DATE(YEAR(B11),MONTH(B11),1)),DATE(YEAR(B11),MONTH(B11),1))) | N11: =IF(L11<>1,"",IF(J11="",0,IF(COUNTIFS($J$4:J11,J11)>1,1,0))) | O11: =IF(L11<>1,"",IF(J11="",0,IFERROR(MATCH(J11,'分け方の表'!$M$4:$M$53,0),0))) | P11: =IF(L11<>1,"",IF(SUMPRODUCT((COUNTIFS(C11,"*"&'分け方の表'!$F$4:$F$23&"*")>0)*('分け方の表'!$F$4:$F$23<>"")*'分け方の表'!$I$4:$I$23)=0,99,1+COUNTIFS('分け方の表'!$I$4:$I$23,">"&SUMPRODUCT((COUNTIFS(C11,"*"&'分け方の表'!$F$4:$F$23&"*")>0)*('分け方の表'!$F$4:$F$23<>"")*'分け方の表'!$I$4:$I$23)))) | Q11: =IF(L11<>1,"",IF(P11>=99,"",INDEX('分け方の表'!$G$4:$G$23,P11)&"")) | R11: =IF(L11<>1,"",IF((F11="収入")*(G11="給与")*(E11<>"")*(COUNTIFS('分け方の表'!$J$4:$J$13,E11)>0),INDEX('分け方の表'!$K$4:$K$13,MATCH(E11,'分け方の表'!$J$4:$J$13,0))&"",IFERROR(INDEX('分け方の表'!$C$4:$C$103,MATCH(F11&"|"&G11,'分け方の表'!$D$4:$D$103,0))&"",IFERROR(INDEX('分け方の表'!$C$4:$C$103,MATCH(F11&"|（ほか全部）",'分け方の表'!$D$4:$D$103,0))&"","未分類")))) | S11: =IF(L11<>1,"",IF(N11=1,"",IF(IF(O11>0,INDEX('分け方の表'!$N$4:$N$53,O11)&"","")<>"",IF(INDEX('分け方の表'!$N$4:$N$53,O11)="（数えない）","",INDEX('分け方の表'!$N$4:$N$53,O11)&""),IF(I11&""="1",IF((Q11<>"")*(D11<0)*(IFERROR(INDEX('入力'!$E$30:$E$88,MATCH(Q11,'入力'!$A$30:$A$88,0)),"")="貯める・増やす"),Q11,""),IF(A11&""="0","",IF(Q11<>"",Q11,R11)))))) | T11: =IF(S11="","",IF(IFERROR(INDEX('入力'!$E$30:$E$88,MATCH(S11,'入力'!$A$30:$A$88,0)),"")="入るお金",D11,-D11)) | U11: =IF(L11="","",IF(L11<>1,"見出しなど",IF(N11=1,"重なり",IF(S11="",IF(O11>0,"数えない（直した）",IF(I11&""="1","振替",IF(A11&""="0","計算対象外","数えない"))),IF(COUNTIFS('入力'!$A$30:$A$88,S11)=0,"一覧にない費目",IF(O11>0,"直した",IF(S11="未分類","未分類","OK")))))))
A12: 1 | B12: 46287 | C12: 携帯電話料金 | D12: -9800 | E12: 例のカード | F12: 通信費 | G12: 携帯電話 | I12: 0 | J12: ex0009 | L12: =IF(B12="","",IFERROR(YEAR(B12)*0+D12*0+1,0)) | M12: =IF(L12<>1,"",IF(O12>0,IF(INDEX('分け方の表'!$O$4:$O$53,O12)<>"",DATE(YEAR(INDEX('分け方の表'!$O$4:$O$53,O12)),MONTH(INDEX('分け方の表'!$O$4:$O$53,O12)),1),DATE(YEAR(B12),MONTH(B12),1)),DATE(YEAR(B12),MONTH(B12),1))) | N12: =IF(L12<>1,"",IF(J12="",0,IF(COUNTIFS($J$4:J12,J12)>1,1,0))) | O12: =IF(L12<>1,"",IF(J12="",0,IFERROR(MATCH(J12,'分け方の表'!$M$4:$M$53,0),0))) | P12: =IF(L12<>1,"",IF(SUMPRODUCT((COUNTIFS(C12,"*"&'分け方の表'!$F$4:$F$23&"*")>0)*('分け方の表'!$F$4:$F$23<>"")*'分け方の表'!$I$4:$I$23)=0,99,1+COUNTIFS('分け方の表'!$I$4:$I$23,">"&SUMPRODUCT((COUNTIFS(C12,"*"&'分け方の表'!$F$4:$F$23&"*")>0)*('分け方の表'!$F$4:$F$23<>"")*'分け方の表'!$I$4:$I$23)))) | Q12: =IF(L12<>1,"",IF(P12>=99,"",INDEX('分け方の表'!$G$4:$G$23,P12)&"")) | R12: =IF(L12<>1,"",IF((F12="収入")*(G12="給与")*(E12<>"")*(COUNTIFS('分け方の表'!$J$4:$J$13,E12)>0),INDEX('分け方の表'!$K$4:$K$13,MATCH(E12,'分け方の表'!$J$4:$J$13,0))&"",IFERROR(INDEX('分け方の表'!$C$4:$C$103,MATCH(F12&"|"&G12,'分け方の表'!$D$4:$D$103,0))&"",IFERROR(INDEX('分け方の表'!$C$4:$C$103,MATCH(F12&"|（ほか全部）",'分け方の表'!$D$4:$D$103,0))&"","未分類")))) | S12: =IF(L12<>1,"",IF(N12=1,"",IF(IF(O12>0,INDEX('分け方の表'!$N$4:$N$53,O12)&"","")<>"",IF(INDEX('分け方の表'!$N$4:$N$53,O12)="（数えない）","",INDEX('分け方の表'!$N$4:$N$53,O12)&""),IF(I12&""="1",IF((Q12<>"")*(D12<0)*(IFERROR(INDEX('入力'!$E$30:$E$88,MATCH(Q12,'入力'!$A$30:$A$88,0)),"")="貯める・増やす"),Q12,""),IF(A12&""="0","",IF(Q12<>"",Q12,R12)))))) | T12: =IF(S12="","",IF(IFERROR(INDEX('入力'!$E$30:$E$88,MATCH(S12,'入力'!$A$30:$A$88,0)),"")="入るお金",D12,-D12)) | U12: =IF(L12="","",IF(L12<>1,"見出しなど",IF(N12=1,"重なり",IF(S12="",IF(O12>0,"数えない（直した）",IF(I12&""="1","振替",IF(A12&""="0","計算対象外","数えない"))),IF(COUNTIFS('入力'!$A$30:$A$88,S12)=0,"一覧にない費目",IF(O12>0,"直した",IF(S12="未分類","未分類","OK")))))))
A13: 0 | B13: 46292 | C13: 例の証券 入金 | D13: -30000 | E13: 例の銀行B | F13: 未分類 | G13: 未分類 | I13: 1 | J13: ex0010 | L13: =IF(B13="","",IFERROR(YEAR(B13)*0+D13*0+1,0)) | M13: =IF(L13<>1,"",IF(O13>0,IF(INDEX('分け方の表'!$O$4:$O$53,O13)<>"",DATE(YEAR(INDEX('分け方の表'!$O$4:$O$53,O13)),MONTH(INDEX('分け方の表'!$O$4:$O$53,O13)),1),DATE(YEAR(B13),MONTH(B13),1)),DATE(YEAR(B13),MONTH(B13),1))) | N13: =IF(L13<>1,"",IF(J13="",0,IF(COUNTIFS($J$4:J13,J13)>1,1,0))) | O13: =IF(L13<>1,"",IF(J13="",0,IFERROR(MATCH(J13,'分け方の表'!$M$4:$M$53,0),0))) | P13: =IF(L13<>1,"",IF(SUMPRODUCT((COUNTIFS(C13,"*"&'分け方の表'!$F$4:$F$23&"*")>0)*('分け方の表'!$F$4:$F$23<>"")*'分け方の表'!$I$4:$I$23)=0,99,1+COUNTIFS('分け方の表'!$I$4:$I$23,">"&SUMPRODUCT((COUNTIFS(C13,"*"&'分け方の表'!$F$4:$F$23&"*")>0)*('分け方の表'!$F$4:$F$23<>"")*'分け方の表'!$I$4:$I$23)))) | Q13: =IF(L13<>1,"",IF(P13>=99,"",INDEX('分け方の表'!$G$4:$G$23,P13)&"")) | R13: =IF(L13<>1,"",IF((F13="収入")*(G13="給与")*(E13<>"")*(COUNTIFS('分け方の表'!$J$4:$J$13,E13)>0),INDEX('分け方の表'!$K$4:$K$13,MATCH(E13,'分け方の表'!$J$4:$J$13,0))&"",IFERROR(INDEX('分け方の表'!$C$4:$C$103,MATCH(F13&"|"&G13,'分け方の表'!$D$4:$D$103,0))&"",IFERROR(INDEX('分け方の表'!$C$4:$C$103,MATCH(F13&"|（ほか全部）",'分け方の表'!$D$4:$D$103,0))&"","未分類")))) | S13: =IF(L13<>1,"",IF(N13=1,"",IF(IF(O13>0,INDEX('分け方の表'!$N$4:$N$53,O13)&"","")<>"",IF(INDEX('分け方の表'!$N$4:$N$53,O13)="（数えない）","",INDEX('分け方の表'!$N$4:$N$53,O13)&""),IF(I13&""="1",IF((Q13<>"")*(D13<0)*(IFERROR(INDEX('入力'!$E$30:$E$88,MATCH(Q13,'入力'!$A$30:$A$88,0)),"")="貯める・増やす"),Q13,""),IF(A13&""="0","",IF(Q13<>"",Q13,R13)))))) | T13: =IF(S13="","",IF(IFERROR(INDEX('入力'!$E$30:$E$88,MATCH(S13,'入力'!$A$30:$A$88,0)),"")="入るお金",D13,-D13)) | U13: =IF(L13="","",IF(L13<>1,"見出しなど",IF(N13=1,"重なり",IF(S13="",IF(O13>0,"数えない（直した）",IF(I13&""="1","振替",IF(A13&""="0","計算対象外","数えない"))),IF(COUNTIFS('入力'!$A$30:$A$88,S13)=0,"一覧にない費目",IF(O13>0,"直した",IF(S13="未分類","未分類","OK")))))))
A14: 0 | B14: 46280 | C14: ATM引き出し | D14: -10000 | E14: 例の銀行B | F14: 現金・カード | G14: ATM引き出し | I14: 0 | J14: ex0011 | L14: =IF(B14="","",IFERROR(YEAR(B14)*0+D14*0+1,0)) | M14: =IF(L14<>1,"",IF(O14>0,IF(INDEX('分け方の表'!$O$4:$O$53,O14)<>"",DATE(YEAR(INDEX('分け方の表'!$O$4:$O$53,O14)),MONTH(INDEX('分け方の表'!$O$4:$O$53,O14)),1),DATE(YEAR(B14),MONTH(B14),1)),DATE(YEAR(B14),MONTH(B14),1))) | N14: =IF(L14<>1,"",IF(J14="",0,IF(COUNTIFS($J$4:J14,J14)>1,1,0))) | O14: =IF(L14<>1,"",IF(J14="",0,IFERROR(MATCH(J14,'分け方の表'!$M$4:$M$53,0),0))) | P14: =IF(L14<>1,"",IF(SUMPRODUCT((COUNTIFS(C14,"*"&'分け方の表'!$F$4:$F$23&"*")>0)*('分け方の表'!$F$4:$F$23<>"")*'分け方の表'!$I$4:$I$23)=0,99,1+COUNTIFS('分け方の表'!$I$4:$I$23,">"&SUMPRODUCT((COUNTIFS(C14,"*"&'分け方の表'!$F$4:$F$23&"*")>0)*('分け方の表'!$F$4:$F$23<>"")*'分け方の表'!$I$4:$I$23)))) | Q14: =IF(L14<>1,"",IF(P14>=99,"",INDEX('分け方の表'!$G$4:$G$23,P14)&"")) | R14: =IF(L14<>1,"",IF((F14="収入")*(G14="給与")*(E14<>"")*(COUNTIFS('分け方の表'!$J$4:$J$13,E14)>0),INDEX('分け方の表'!$K$4:$K$13,MATCH(E14,'分け方の表'!$J$4:$J$13,0))&"",IFERROR(INDEX('分け方の表'!$C$4:$C$103,MATCH(F14&"|"&G14,'分け方の表'!$D$4:$D$103,0))&"",IFERROR(INDEX('分け方の表'!$C$4:$C$103,MATCH(F14&"|（ほか全部）",'分け方の表'!$D$4:$D$103,0))&"","未分類")))) | S14: =IF(L14<>1,"",IF(N14=1,"",IF(IF(O14>0,INDEX('分け方の表'!$N$4:$N$53,O14)&"","")<>"",IF(INDEX('分け方の表'!$N$4:$N$53,O14)="（数えない）","",INDEX('分け方の表'!$N$4:$N$53,O14)&""),IF(I14&""="1",IF((Q14<>"")*(D14<0)*(IFERROR(INDEX('入力'!$E$30:$E$88,MATCH(Q14,'入力'!$A$30:$A$88,0)),"")="貯める・増やす"),Q14,""),IF(A14&""="0","",IF(Q14<>"",Q14,R14)))))) | T14: =IF(S14="","",IF(IFERROR(INDEX('入力'!$E$30:$E$88,MATCH(S14,'入力'!$A$30:$A$88,0)),"")="入るお金",D14,-D14)) | U14: =IF(L14="","",IF(L14<>1,"見出しなど",IF(N14=1,"重なり",IF(S14="",IF(O14>0,"数えない（直した）",IF(I14&""="1","振替",IF(A14&""="0","計算対象外","数えない"))),IF(COUNTIFS('入力'!$A$30:$A$88,S14)=0,"一覧にない費目",IF(O14>0,"直した",IF(S14="未分類","未分類","OK")))))))
A15: 1 | B15: 46283 | C15: 例の通販 | D15: -4500 | E15: 例のカード | F15: 未分類 | G15: 未分類 | I15: 0 | J15: ex0012 | L15: =IF(B15="","",IFERROR(YEAR(B15)*0+D15*0+1,0)) | M15: =IF(L15<>1,"",IF(O15>0,IF(INDEX('分け方の表'!$O$4:$O$53,O15)<>"",DATE(YEAR(INDEX('分け方の表'!$O$4:$O$53,O15)),MONTH(INDEX('分け方の表'!$O$4:$O$53,O15)),1),DATE(YEAR(B15),MONTH(B15),1)),DATE(YEAR(B15),MONTH(B15),1))) | N15: =IF(L15<>1,"",IF(J15="",0,IF(COUNTIFS($J$4:J15,J15)>1,1,0))) | O15: =IF(L15<>1,"",IF(J15="",0,IFERROR(MATCH(J15,'分け方の表'!$M$4:$M$53,0),0))) | P15: =IF(L15<>1,"",IF(SUMPRODUCT((COUNTIFS(C15,"*"&'分け方の表'!$F$4:$F$23&"*")>0)*('分け方の表'!$F$4:$F$23<>"")*'分け方の表'!$I$4:$I$23)=0,99,1+COUNTIFS('分け方の表'!$I$4:$I$23,">"&SUMPRODUCT((COUNTIFS(C15,"*"&'分け方の表'!$F$4:$F$23&"*")>0)*('分け方の表'!$F$4:$F$23<>"")*'分け方の表'!$I$4:$I$23)))) | Q15: =IF(L15<>1,"",IF(P15>=99,"",INDEX('分け方の表'!$G$4:$G$23,P15)&"")) | R15: =IF(L15<>1,"",IF((F15="収入")*(G15="給与")*(E15<>"")*(COUNTIFS('分け方の表'!$J$4:$J$13,E15)>0),INDEX('分け方の表'!$K$4:$K$13,MATCH(E15,'分け方の表'!$J$4:$J$13,0))&"",IFERROR(INDEX('分け方の表'!$C$4:$C$103,MATCH(F15&"|"&G15,'分け方の表'!$D$4:$D$103,0))&"",IFERROR(INDEX('分け方の表'!$C$4:$C$103,MATCH(F15&"|（ほか全部）",'分け方の表'!$D$4:$D$103,0))&"","未分類")))) | S15: =IF(L15<>1,"",IF(N15=1,"",IF(IF(O15>0,INDEX('分け方の表'!$N$4:$N$53,O15)&"","")<>"",IF(INDEX('分け方の表'!$N$4:$N$53,O15)="（数えない）","",INDEX('分け方の表'!$N$4:$N$53,O15)&""),IF(I15&""="1",IF((Q15<>"")*(D15<0)*(IFERROR(INDEX('入力'!$E$30:$E$88,MATCH(Q15,'入力'!$A$30:$A$88,0)),"")="貯める・増やす"),Q15,""),IF(A15&""="0","",IF(Q15<>"",Q15,R15)))))) | T15: =IF(S15="","",IF(IFERROR(INDEX('入力'!$E$30:$E$88,MATCH(S15,'入力'!$A$30:$A$88,0)),"")="入るお金",D15,-D15)) | U15: =IF(L15="","",IF(L15<>1,"見出しなど",IF(N15=1,"重なり",IF(S15="",IF(O15>0,"数えない（直した）",IF(I15&""="1","振替",IF(A15&""="0","計算対象外","数えない"))),IF(COUNTIFS('入力'!$A$30:$A$88,S15)=0,"一覧にない費目",IF(O15>0,"直した",IF(S15="未分類","未分類","OK")))))))
... A24: 1 | B24: 46019 | C24: 例のスーパー | D24: -5000 | E24: 例のカード | F24: 食費 | G24: 食料品 | I24: 0 | J24: ex0019 | L24: =IF(B24="","",IFERROR(YEAR(B24)*0+D24*0+1,0)) | M24: =IF(L24<>1,"",IF(O24>0,IF(INDEX('分け方の表'!$O$4:$O$53,O24)<>"",DATE(YEAR(INDEX('分け方の表'!$O$4:$O$53,O24)),MONTH(INDEX('分け方の表'!$O$4:$O$53,O24)),1),DATE(YEAR(B24),MONTH(B24),1)),DATE(YEAR(B24),MONTH(B24),1))) | N24: =IF(L24<>1,"",IF(J24="",0,IF(COUNTIFS($J$4:J24,J24)>1,1,0))) | O24: =IF(L24<>1,"",IF(J24="",0,IFERROR(MATCH(J24,'分け方の表'!$M$4:$M$53,0),0))) | P24: =IF(L24<>1,"",IF(SUMPRODUCT((COUNTIFS(C24,"*"&'分け方の表'!$F$4:$F$23&"*")>0)*('分け方の表'!$F$4:$F$23<>"")*'分け方の表'!$I$4:$I$23)=0,99,1+COUNTIFS('分け方の表'!$I$4:$I$23,">"&SUMPRODUCT((COUNTIFS(C24,"*"&'分け方の表'!$F$4:$F$23&"*")>0)*('分け方の表'!$F$4:$F$23<>"")*'分け方の表'!$I$4:$I$23)))) | Q24: =IF(L24<>1,"",IF(P24>=99,"",INDEX('分け方の表'!$G$4:$G$23,P24)&"")) | R24: =IF(L24<>1,"",IF((F24="収入")*(G24="給与")*(E24<>"")*(COUNTIFS('分け方の表'!$J$4:$J$13,E24)>0),INDEX('分け方の表'!$K$4:$K$13,MATCH(E24,'分け方の表'!$J$4:$J$13,0))&"",IFERROR(INDEX('分け方の表'!$C$4:$C$103,MATCH(F24&"|"&G24,'分け方の表'!$D$4:$D$103,0))&"",IFERROR(INDEX('分け方の表'!$C$4:$C$103,MATCH(F24&"|（ほか全部）",'分け方の表'!$D$4:$D$103,0))&"","未分類")))) | S24: =IF(L24<>1,"",IF(N24=1,"",IF(IF(O24>0,INDEX('分け方の表'!$N$4:$N$53,O24)&"","")<>"",IF(INDEX('分け方の表'!$N$4:$N$53,O24)="（数えない）","",INDEX('分け方の表'!$N$4:$N$53,O24)&""),IF(I24&""="1",IF((Q24<>"")*(D24<0)*(IFERROR(INDEX('入力'!$E$30:$E$88,MATCH(Q24,'入力'!$A$30:$A$88,0)),"")="貯める・増やす"),Q24,""),IF(A24&""="0","",IF(Q24<>"",Q24,R24)))))) | T24: =IF(S24="","",IF(IFERROR(INDEX('入力'!$E$30:$E$88,MATCH(S24,'入力'!$A$30:$A$88,0)),"")="入るお金",D24,-D24)) | U24: =IF(L24="","",IF(L24<>1,"見出しなど",IF(N24=1,"重なり",IF(S24="",IF(O24>0,"数えない（直した）",IF(I24&""="1","振替",IF(A24&""="0","計算対象外","数えない"))),IF(COUNTIFS('入力'!$A$30:$A$88,S24)=0,"一覧にない費目",IF(O24>0,"直した",IF(S24="未分類","未分類","OK")))))))
L25: =IF(B25="","",IFERROR(YEAR(B25)*0+D25*0+1,0)) | M25: =IF(L25<>1,"",IF(O25>0,IF(INDEX('分け方の表'!$O$4:$O$53,O25)<>"",DATE(YEAR(INDEX('分け方の表'!$O$4:$O$53,O25)),MONTH(INDEX('分け方の表'!$O$4:$O$53,O25)),1),DATE(YEAR(B25),MONTH(B25),1)),DATE(YEAR(B25),MONTH(B25),1))) | N25: =IF(L25<>1,"",IF(J25="",0,IF(COUNTIFS($J$4:J25,J25)>1,1,0))) | O25: =IF(L25<>1,"",IF(J25="",0,IFERROR(MATCH(J25,'分け方の表'!$M$4:$M$53,0),0))) | P25: =IF(L25<>1,"",IF(SUMPRODUCT((COUNTIFS(C25,"*"&'分け方の表'!$F$4:$F$23&"*")>0)*('分け方の表'!$F$4:$F$23<>"")*'分け方の表'!$I$4:$I$23)=0,99,1+COUNTIFS('分け方の表'!$I$4:$I$23,">"&SUMPRODUCT((COUNTIFS(C25,"*"&'分け方の表'!$F$4:$F$23&"*")>0)*('分け方の表'!$F$4:$F$23<>"")*'分け方の表'!$I$4:$I$23)))) | Q25: =IF(L25<>1,"",IF(P25>=99,"",INDEX('分け方の表'!$G$4:$G$23,P25)&"")) | R25: =IF(L25<>1,"",IF((F25="収入")*(G25="給与")*(E25<>"")*(COUNTIFS('分け方の表'!$J$4:$J$13,E25)>0),INDEX('分け方の表'!$K$4:$K$13,MATCH(E25,'分け方の表'!$J$4:$J$13,0))&"",IFERROR(INDEX('分け方の表'!$C$4:$C$103,MATCH(F25&"|"&G25,'分け方の表'!$D$4:$D$103,0))&"",IFERROR(INDEX('分け方の表'!$C$4:$C$103,MATCH(F25&"|（ほか全部）",'分け方の表'!$D$4:$D$103,0))&"","未分類")))) | S25: =IF(L25<>1,"",IF(N25=1,"",IF(IF(O25>0,INDEX('分け方の表'!$N$4:$N$53,O25)&"","")<>"",IF(INDEX('分け方の表'!$N$4:$N$53,O25)="（数えない）","",INDEX('分け方の表'!$N$4:$N$53,O25)&""),IF(I25&""="1",IF((Q25<>"")*(D25<0)*(IFERROR(INDEX('入力'!$E$30:$E$88,MATCH(Q25,'入力'!$A$30:$A$88,0)),"")="貯める・増やす"),Q25,""),IF(A25&""="0","",IF(Q25<>"",Q25,R25)))))) | T25: =IF(S25="","",IF(IFERROR(INDEX('入力'!$E$30:$E$88,MATCH(S25,'入力'!$A$30:$A$88,0)),"")="入るお金",D25,-D25)) | U25: =IF(L25="","",IF(L25<>1,"見出しなど",IF(N25=1,"重なり",IF(S25="",IF(O25>0,"数えない（直した）",IF(I25&""="1","振替",IF(A25&""="0","計算対象外","数えない"))),IF(COUNTIFS('入力'!$A$30:$A$88,S25)=0,"一覧にない費目",IF(O25>0,"直した",IF(S25="未分類","未分類","OK")))))))
L26: =IF(B26="","",IFERROR(YEAR(B26)*0+D26*0+1,0)) | M26: =IF(L26<>1,"",IF(O26>0,IF(INDEX('分け方の表'!$O$4:$O$53,O26)<>"",DATE(YEAR(INDEX('分け方の表'!$O$4:$O$53,O26)),MONTH(INDEX('分け方の表'!$O$4:$O$53,O26)),1),DATE(YEAR(B26),MONTH(B26),1)),DATE(YEAR(B26),MONTH(B26),1))) | N26: =IF(L26<>1,"",IF(J26="",0,IF(COUNTIFS($J$4:J26,J26)>1,1,0))) | O26: =IF(L26<>1,"",IF(J26="",0,IFERROR(MATCH(J26,'分け方の表'!$M$4:$M$53,0),0))) | P26: =IF(L26<>1,"",IF(SUMPRODUCT((COUNTIFS(C26,"*"&'分け方の表'!$F$4:$F$23&"*")>0)*('分け方の表'!$F$4:$F$23<>"")*'分け方の表'!$I$4:$I$23)=0,99,1+COUNTIFS('分け方の表'!$I$4:$I$23,">"&SUMPRODUCT((COUNTIFS(C26,"*"&'分け方の表'!$F$4:$F$23&"*")>0)*('分け方の表'!$F$4:$F$23<>"")*'分け方の表'!$I$4:$I$23)))) | Q26: =IF(L26<>1,"",IF(P26>=99,"",INDEX('分け方の表'!$G$4:$G$23,P26)&"")) | R26: =IF(L26<>1,"",IF((F26="収入")*(G26="給与")*(E26<>"")*(COUNTIFS('分け方の表'!$J$4:$J$13,E26)>0),INDEX('分け方の表'!$K$4:$K$13,MATCH(E26,'分け方の表'!$J$4:$J$13,0))&"",IFERROR(INDEX('分け方の表'!$C$4:$C$103,MATCH(F26&"|"&G26,'分け方の表'!$D$4:$D$103,0))&"",IFERROR(INDEX('分け方の表'!$C$4:$C$103,MATCH(F26&"|（ほか全部）",'分け方の表'!$D$4:$D$103,0))&"","未分類")))) | S26: =IF(L26<>1,"",IF(N26=1,"",IF(IF(O26>0,INDEX('分け方の表'!$N$4:$N$53,O26)&"","")<>"",IF(INDEX('分け方の表'!$N$4:$N$53,O26)="（数えない）","",INDEX('分け方の表'!$N$4:$N$53,O26)&""),IF(I26&""="1",IF((Q26<>"")*(D26<0)*(IFERROR(INDEX('入力'!$E$30:$E$88,MATCH(Q26,'入力'!$A$30:$A$88,0)),"")="貯める・増やす"),Q26,""),IF(A26&""="0","",IF(Q26<>"",Q26,R26)))))) | T26: =IF(S26="","",IF(IFERROR(INDEX('入力'!$E$30:$E$88,MATCH(S26,'入力'!$A$30:$A$88,0)),"")="入るお金",D26,-D26)) | U26: =IF(L26="","",IF(L26<>1,"見出しなど",IF(N26=1,"重なり",IF(S26="",IF(O26>0,"数えない（直した）",IF(I26&""="1","振替",IF(A26&""="0","計算対象外","数えない"))),IF(COUNTIFS('入力'!$A$30:$A$88,S26)=0,"一覧にない費目",IF(O26>0,"直した",IF(S26="未分類","未分類","OK")))))))
L27: =IF(B27="","",IFERROR(YEAR(B27)*0+D27*0+1,0)) | M27: =IF(L27<>1,"",IF(O27>0,IF(INDEX('分け方の表'!$O$4:$O$53,O27)<>"",DATE(YEAR(INDEX('分け方の表'!$O$4:$O$53,O27)),MONTH(INDEX('分け方の表'!$O$4:$O$53,O27)),1),DATE(YEAR(B27),MONTH(B27),1)),DATE(YEAR(B27),MONTH(B27),1))) | N27: =IF(L27<>1,"",IF(J27="",0,IF(COUNTIFS($J$4:J27,J27)>1,1,0))) | O27: =IF(L27<>1,"",IF(J27="",0,IFERROR(MATCH(J27,'分け方の表'!$M$4:$M$53,0),0))) | P27: =IF(L27<>1,"",IF(SUMPRODUCT((COUNTIFS(C27,"*"&'分け方の表'!$F$4:$F$23&"*")>0)*('分け方の表'!$F$4:$F$23<>"")*'分け方の表'!$I$4:$I$23)=0,99,1+COUNTIFS('分け方の表'!$I$4:$I$23,">"&SUMPRODUCT((COUNTIFS(C27,"*"&'分け方の表'!$F$4:$F$23&"*")>0)*('分け方の表'!$F$4:$F$23<>"")*'分け方の表'!$I$4:$I$23)))) | Q27: =IF(L27<>1,"",IF(P27>=99,"",INDEX('分け方の表'!$G$4:$G$23,P27)&"")) | R27: =IF(L27<>1,"",IF((F27="収入")*(G27="給与")*(E27<>"")*(COUNTIFS('分け方の表'!$J$4:$J$13,E27)>0),INDEX('分け方の表'!$K$4:$K$13,MATCH(E27,'分け方の表'!$J$4:$J$13,0))&"",IFERROR(INDEX('分け方の表'!$C$4:$C$103,MATCH(F27&"|"&G27,'分け方の表'!$D$4:$D$103,0))&"",IFERROR(INDEX('分け方の表'!$C$4:$C$103,MATCH(F27&"|（ほか全部）",'分け方の表'!$D$4:$D$103,0))&"","未分類")))) | S27: =IF(L27<>1,"",IF(N27=1,"",IF(IF(O27>0,INDEX('分け方の表'!$N$4:$N$53,O27)&"","")<>"",IF(INDEX('分け方の表'!$N$4:$N$53,O27)="（数えない）","",INDEX('分け方の表'!$N$4:$N$53,O27)&""),IF(I27&""="1",IF((Q27<>"")*(D27<0)*(IFERROR(INDEX('入力'!$E$30:$E$88,MATCH(Q27,'入力'!$A$30:$A$88,0)),"")="貯める・増やす"),Q27,""),IF(A27&""="0","",IF(Q27<>"",Q27,R27)))))) | T27: =IF(S27="","",IF(IFERROR(INDEX('入力'!$E$30:$E$88,MATCH(S27,'入力'!$A$30:$A$88,0)),"")="入るお金",D27,-D27)) | U27: =IF(L27="","",IF(L27<>1,"見出しなど",IF(N27=1,"重なり",IF(S27="",IF(O27>0,"数えない（直した）",IF(I27&""="1","振替",IF(A27&""="0","計算対象外","数えない"))),IF(COUNTIFS('入力'!$A$30:$A$88,S27)=0,"一覧にない費目",IF(O27>0,"直した",IF(S27="未分類","未分類","OK")))))))
L28: =IF(B28="","",IFERROR(YEAR(B28)*0+D28*0+1,0)) | M28: =IF(L28<>1,"",IF(O28>0,IF(INDEX('分け方の表'!$O$4:$O$53,O28)<>"",DATE(YEAR(INDEX('分け方の表'!$O$4:$O$53,O28)),MONTH(INDEX('分け方の表'!$O$4:$O$53,O28)),1),DATE(YEAR(B28),MONTH(B28),1)),DATE(YEAR(B28),MONTH(B28),1))) | N28: =IF(L28<>1,"",IF(J28="",0,IF(COUNTIFS($J$4:J28,J28)>1,1,0))) | O28: =IF(L28<>1,"",IF(J28="",0,IFERROR(MATCH(J28,'分け方の表'!$M$4:$M$53,0),0))) | P28: =IF(L28<>1,"",IF(SUMPRODUCT((COUNTIFS(C28,"*"&'分け方の表'!$F$4:$F$23&"*")>0)*('分け方の表'!$F$4:$F$23<>"")*'分け方の表'!$I$4:$I$23)=0,99,1+COUNTIFS('分け方の表'!$I$4:$I$23,">"&SUMPRODUCT((COUNTIFS(C28,"*"&'分け方の表'!$F$4:$F$23&"*")>0)*('分け方の表'!$F$4:$F$23<>"")*'分け方の表'!$I$4:$I$23)))) | Q28: =IF(L28<>1,"",IF(P28>=99,"",INDEX('分け方の表'!$G$4:$G$23,P28)&"")) | R28: =IF(L28<>1,"",IF((F28="収入")*(G28="給与")*(E28<>"")*(COUNTIFS('分け方の表'!$J$4:$J$13,E28)>0),INDEX('分け方の表'!$K$4:$K$13,MATCH(E28,'分け方の表'!$J$4:$J$13,0))&"",IFERROR(INDEX('分け方の表'!$C$4:$C$103,MATCH(F28&"|"&G28,'分け方の表'!$D$4:$D$103,0))&"",IFERROR(INDEX('分け方の表'!$C$4:$C$103,MATCH(F28&"|（ほか全部）",'分け方の表'!$D$4:$D$103,0))&"","未分類")))) | S28: =IF(L28<>1,"",IF(N28=1,"",IF(IF(O28>0,INDEX('分け方の表'!$N$4:$N$53,O28)&"","")<>"",IF(INDEX('分け方の表'!$N$4:$N$53,O28)="（数えない）","",INDEX('分け方の表'!$N$4:$N$53,O28)&""),IF(I28&""="1",IF((Q28<>"")*(D28<0)*(IFERROR(INDEX('入力'!$E$30:$E$88,MATCH(Q28,'入力'!$A$30:$A$88,0)),"")="貯める・増やす"),Q28,""),IF(A28&""="0","",IF(Q28<>"",Q28,R28)))))) | T28: =IF(S28="","",IF(IFERROR(INDEX('入力'!$E$30:$E$88,MATCH(S28,'入力'!$A$30:$A$88,0)),"")="入るお金",D28,-D28)) | U28: =IF(L28="","",IF(L28<>1,"見出しなど",IF(N28=1,"重なり",IF(S28="",IF(O28>0,"数えない（直した）",IF(I28&""="1","振替",IF(A28&""="0","計算対象外","数えない"))),IF(COUNTIFS('入力'!$A$30:$A$88,S28)=0,"一覧にない費目",IF(O28>0,"直した",IF(S28="未分類","未分類","OK")))))))
L29: =IF(B29="","",IFERROR(YEAR(B29)*0+D29*0+1,0)) | M29: =IF(L29<>1,"",IF(O29>0,IF(INDEX('分け方の表'!$O$4:$O$53,O29)<>"",DATE(YEAR(INDEX('分け方の表'!$O$4:$O$53,O29)),MONTH(INDEX('分け方の表'!$O$4:$O$53,O29)),1),DATE(YEAR(B29),MONTH(B29),1)),DATE(YEAR(B29),MONTH(B29),1))) | N29: =IF(L29<>1,"",IF(J29="",0,IF(COUNTIFS($J$4:J29,J29)>1,1,0))) | O29: =IF(L29<>1,"",IF(J29="",0,IFERROR(MATCH(J29,'分け方の表'!$M$4:$M$53,0),0))) | P29: =IF(L29<>1,"",IF(SUMPRODUCT((COUNTIFS(C29,"*"&'分け方の表'!$F$4:$F$23&"*")>0)*('分け方の表'!$F$4:$F$23<>"")*'分け方の表'!$I$4:$I$23)=0,99,1+COUNTIFS('分け方の表'!$I$4:$I$23,">"&SUMPRODUCT((COUNTIFS(C29,"*"&'分け方の表'!$F$4:$F$23&"*")>0)*('分け方の表'!$F$4:$F$23<>"")*'分け方の表'!$I$4:$I$23)))) | Q29: =IF(L29<>1,"",IF(P29>=99,"",INDEX('分け方の表'!$G$4:$G$23,P29)&"")) | R29: =IF(L29<>1,"",IF((F29="収入")*(G29="給与")*(E29<>"")*(COUNTIFS('分け方の表'!$J$4:$J$13,E29)>0),INDEX('分け方の表'!$K$4:$K$13,MATCH(E29,'分け方の表'!$J$4:$J$13,0))&"",IFERROR(INDEX('分け方の表'!$C$4:$C$103,MATCH(F29&"|"&G29,'分け方の表'!$D$4:$D$103,0))&"",IFERROR(INDEX('分け方の表'!$C$4:$C$103,MATCH(F29&"|（ほか全部）",'分け方の表'!$D$4:$D$103,0))&"","未分類")))) | S29: =IF(L29<>1,"",IF(N29=1,"",IF(IF(O29>0,INDEX('分け方の表'!$N$4:$N$53,O29)&"","")<>"",IF(INDEX('分け方の表'!$N$4:$N$53,O29)="（数えない）","",INDEX('分け方の表'!$N$4:$N$53,O29)&""),IF(I29&""="1",IF((Q29<>"")*(D29<0)*(IFERROR(INDEX('入力'!$E$30:$E$88,MATCH(Q29,'入力'!$A$30:$A$88,0)),"")="貯める・増やす"),Q29,""),IF(A29&""="0","",IF(Q29<>"",Q29,R29)))))) | T29: =IF(S29="","",IF(IFERROR(INDEX('入力'!$E$30:$E$88,MATCH(S29,'入力'!$A$30:$A$88,0)),"")="入るお金",D29,-D29)) | U29: =IF(L29="","",IF(L29<>1,"見出しなど",IF(N29=1,"重なり",IF(S29="",IF(O29>0,"数えない（直した）",IF(I29&""="1","振替",IF(A29&""="0","計算対象外","数えない"))),IF(COUNTIFS('入力'!$A$30:$A$88,S29)=0,"一覧にない費目",IF(O29>0,"直した",IF(S29="未分類","未分類","OK")))))))
L30: =IF(B30="","",IFERROR(YEAR(B30)*0+D30*0+1,0)) | M30: =IF(L30<>1,"",IF(O30>0,IF(INDEX('分け方の表'!$O$4:$O$53,O30)<>"",DATE(YEAR(INDEX('分け方の表'!$O$4:$O$53,O30)),MONTH(INDEX('分け方の表'!$O$4:$O$53,O30)),1),DATE(YEAR(B30),MONTH(B30),1)),DATE(YEAR(B30),MONTH(B30),1))) | N30: =IF(L30<>1,"",IF(J30="",0,IF(COUNTIFS($J$4:J30,J30)>1,1,0))) | O30: =IF(L30<>1,"",IF(J30="",0,IFERROR(MATCH(J30,'分け方の表'!$M$4:$M$53,0),0))) | P30: =IF(L30<>1,"",IF(SUMPRODUCT((COUNTIFS(C30,"*"&'分け方の表'!$F$4:$F$23&"*")>0)*('分け方の表'!$F$4:$F$23<>"")*'分け方の表'!$I$4:$I$23)=0,99,1+COUNTIFS('分け方の表'!$I$4:$I$23,">"&SUMPRODUCT((COUNTIFS(C30,"*"&'分け方の表'!$F$4:$F$23&"*")>0)*('分け方の表'!$F$4:$F$23<>"")*'分け方の表'!$I$4:$I$23)))) | Q30: =IF(L30<>1,"",IF(P30>=99,"",INDEX('分け方の表'!$G$4:$G$23,P30)&"")) | R30: =IF(L30<>1,"",IF((F30="収入")*(G30="給与")*(E30<>"")*(COUNTIFS('分け方の表'!$J$4:$J$13,E30)>0),INDEX('分け方の表'!$K$4:$K$13,MATCH(E30,'分け方の表'!$J$4:$J$13,0))&"",IFERROR(INDEX('分け方の表'!$C$4:$C$103,MATCH(F30&"|"&G30,'分け方の表'!$D$4:$D$103,0))&"",IFERROR(INDEX('分け方の表'!$C$4:$C$103,MATCH(F30&"|（ほか全部）",'分け方の表'!$D$4:$D$103,0))&"","未分類")))) | S30: =IF(L30<>1,"",IF(N30=1,"",IF(IF(O30>0,INDEX('分け方の表'!$N$4:$N$53,O30)&"","")<>"",IF(INDEX('分け方の表'!$N$4:$N$53,O30)="（数えない）","",INDEX('分け方の表'!$N$4:$N$53,O30)&""),IF(I30&""="1",IF((Q30<>"")*(D30<0)*(IFERROR(INDEX('入力'!$E$30:$E$88,MATCH(Q30,'入力'!$A$30:$A$88,0)),"")="貯める・増やす"),Q30,""),IF(A30&""="0","",IF(Q30<>"",Q30,R30)))))) | T30: =IF(S30="","",IF(IFERROR(INDEX('入力'!$E$30:$E$88,MATCH(S30,'入力'!$A$30:$A$88,0)),"")="入るお金",D30,-D30)) | U30: =IF(L30="","",IF(L30<>1,"見出しなど",IF(N30=1,"重なり",IF(S30="",IF(O30>0,"数えない（直した）",IF(I30&""="1","振替",IF(A30&""="0","計算対象外","数えない"))),IF(COUNTIFS('入力'!$A$30:$A$88,S30)=0,"一覧にない費目",IF(O30>0,"直した",IF(S30="未分類","未分類","OK")))))))
L31: =IF(B31="","",IFERROR(YEAR(B31)*0+D31*0+1,0)) | M31: =IF(L31<>1,"",IF(O31>0,IF(INDEX('分け方の表'!$O$4:$O$53,O31)<>"",DATE(YEAR(INDEX('分け方の表'!$O$4:$O$53,O31)),MONTH(INDEX('分け方の表'!$O$4:$O$53,O31)),1),DATE(YEAR(B31),MONTH(B31),1)),DATE(YEAR(B31),MONTH(B31),1))) | N31: =IF(L31<>1,"",IF(J31="",0,IF(COUNTIFS($J$4:J31,J31)>1,1,0))) | O31: =IF(L31<>1,"",IF(J31="",0,IFERROR(MATCH(J31,'分け方の表'!$M$4:$M$53,0),0))) | P31: =IF(L31<>1,"",IF(SUMPRODUCT((COUNTIFS(C31,"*"&'分け方の表'!$F$4:$F$23&"*")>0)*('分け方の表'!$F$4:$F$23<>"")*'分け方の表'!$I$4:$I$23)=0,99,1+COUNTIFS('分け方の表'!$I$4:$I$23,">"&SUMPRODUCT((COUNTIFS(C31,"*"&'分け方の表'!$F$4:$F$23&"*")>0)*('分け方の表'!$F$4:$F$23<>"")*'分け方の表'!$I$4:$I$23)))) | Q31: =IF(L31<>1,"",IF(P31>=99,"",INDEX('分け方の表'!$G$4:$G$23,P31)&"")) | R31: =IF(L31<>1,"",IF((F31="収入")*(G31="給与")*(E31<>"")*(COUNTIFS('分け方の表'!$J$4:$J$13,E31)>0),INDEX('分け方の表'!$K$4:$K$13,MATCH(E31,'分け方の表'!$J$4:$J$13,0))&"",IFERROR(INDEX('分け方の表'!$C$4:$C$103,MATCH(F31&"|"&G31,'分け方の表'!$D$4:$D$103,0))&"",IFERROR(INDEX('分け方の表'!$C$4:$C$103,MATCH(F31&"|（ほか全部）",'分け方の表'!$D$4:$D$103,0))&"","未分類")))) | S31: =IF(L31<>1,"",IF(N31=1,"",IF(IF(O31>0,INDEX('分け方の表'!$N$4:$N$53,O31)&"","")<>"",IF(INDEX('分け方の表'!$N$4:$N$53,O31)="（数えない）","",INDEX('分け方の表'!$N$4:$N$53,O31)&""),IF(I31&""="1",IF((Q31<>"")*(D31<0)*(IFERROR(INDEX('入力'!$E$30:$E$88,MATCH(Q31,'入力'!$A$30:$A$88,0)),"")="貯める・増やす"),Q31,""),IF(A31&""="0","",IF(Q31<>"",Q31,R31)))))) | T31: =IF(S31="","",IF(IFERROR(INDEX('入力'!$E$30:$E$88,MATCH(S31,'入力'!$A$30:$A$88,0)),"")="入るお金",D31,-D31)) | U31: =IF(L31="","",IF(L31<>1,"見出しなど",IF(N31=1,"重なり",IF(S31="",IF(O31>0,"数えない（直した）",IF(I31&""="1","振替",IF(A31&""="0","計算対象外","数えない"))),IF(COUNTIFS('入力'!$A$30:$A$88,S31)=0,"一覧にない費目",IF(O31>0,"直した",IF(S31="未分類","未分類","OK")))))))
L32: =IF(B32="","",IFERROR(YEAR(B32)*0+D32*0+1,0)) | M32: =IF(L32<>1,"",IF(O32>0,IF(INDEX('分け方の表'!$O$4:$O$53,O32)<>"",DATE(YEAR(INDEX('分け方の表'!$O$4:$O$53,O32)),MONTH(INDEX('分け方の表'!$O$4:$O$53,O32)),1),DATE(YEAR(B32),MONTH(B32),1)),DATE(YEAR(B32),MONTH(B32),1))) | N32: =IF(L32<>1,"",IF(J32="",0,IF(COUNTIFS($J$4:J32,J32)>1,1,0))) | O32: =IF(L32<>1,"",IF(J32="",0,IFERROR(MATCH(J32,'分け方の表'!$M$4:$M$53,0),0))) | P32: =IF(L32<>1,"",IF(SUMPRODUCT((COUNTIFS(C32,"*"&'分け方の表'!$F$4:$F$23&"*")>0)*('分け方の表'!$F$4:$F$23<>"")*'分け方の表'!$I$4:$I$23)=0,99,1+COUNTIFS('分け方の表'!$I$4:$I$23,">"&SUMPRODUCT((COUNTIFS(C32,"*"&'分け方の表'!$F$4:$F$23&"*")>0)*('分け方の表'!$F$4:$F$23<>"")*'分け方の表'!$I$4:$I$23)))) | Q32: =IF(L32<>1,"",IF(P32>=99,"",INDEX('分け方の表'!$G$4:$G$23,P32)&"")) | R32: =IF(L32<>1,"",IF((F32="収入")*(G32="給与")*(E32<>"")*(COUNTIFS('分け方の表'!$J$4:$J$13,E32)>0),INDEX('分け方の表'!$K$4:$K$13,MATCH(E32,'分け方の表'!$J$4:$J$13,0))&"",IFERROR(INDEX('分け方の表'!$C$4:$C$103,MATCH(F32&"|"&G32,'分け方の表'!$D$4:$D$103,0))&"",IFERROR(INDEX('分け方の表'!$C$4:$C$103,MATCH(F32&"|（ほか全部）",'分け方の表'!$D$4:$D$103,0))&"","未分類")))) | S32: =IF(L32<>1,"",IF(N32=1,"",IF(IF(O32>0,INDEX('分け方の表'!$N$4:$N$53,O32)&"","")<>"",IF(INDEX('分け方の表'!$N$4:$N$53,O32)="（数えない）","",INDEX('分け方の表'!$N$4:$N$53,O32)&""),IF(I32&""="1",IF((Q32<>"")*(D32<0)*(IFERROR(INDEX('入力'!$E$30:$E$88,MATCH(Q32,'入力'!$A$30:$A$88,0)),"")="貯める・増やす"),Q32,""),IF(A32&""="0","",IF(Q32<>"",Q32,R32)))))) | T32: =IF(S32="","",IF(IFERROR(INDEX('入力'!$E$30:$E$88,MATCH(S32,'入力'!$A$30:$A$88,0)),"")="入るお金",D32,-D32)) | U32: =IF(L32="","",IF(L32<>1,"見出しなど",IF(N32=1,"重なり",IF(S32="",IF(O32>0,"数えない（直した）",IF(I32&""="1","振替",IF(A32&""="0","計算対象外","数えない"))),IF(COUNTIFS('入力'!$A$30:$A$88,S32)=0,"一覧にない費目",IF(O32>0,"直した",IF(S32="未分類","未分類","OK")))))))
L33: =IF(B33="","",IFERROR(YEAR(B33)*0+D33*0+1,0)) | M33: =IF(L33<>1,"",IF(O33>0,IF(INDEX('分け方の表'!$O$4:$O$53,O33)<>"",DATE(YEAR(INDEX('分け方の表'!$O$4:$O$53,O33)),MONTH(INDEX('分け方の表'!$O$4:$O$53,O33)),1),DATE(YEAR(B33),MONTH(B33),1)),DATE(YEAR(B33),MONTH(B33),1))) | N33: =IF(L33<>1,"",IF(J33="",0,IF(COUNTIFS($J$4:J33,J33)>1,1,0))) | O33: =IF(L33<>1,"",IF(J33="",0,IFERROR(MATCH(J33,'分け方の表'!$M$4:$M$53,0),0))) | P33: =IF(L33<>1,"",IF(SUMPRODUCT((COUNTIFS(C33,"*"&'分け方の表'!$F$4:$F$23&"*")>0)*('分け方の表'!$F$4:$F$23<>"")*'分け方の表'!$I$4:$I$23)=0,99,1+COUNTIFS('分け方の表'!$I$4:$I$23,">"&SUMPRODUCT((COUNTIFS(C33,"*"&'分け方の表'!$F$4:$F$23&"*")>0)*('分け方の表'!$F$4:$F$23<>"")*'分け方の表'!$I$4:$I$23)))) | Q33: =IF(L33<>1,"",IF(P33>=99,"",INDEX('分け方の表'!$G$4:$G$23,P33)&"")) | R33: =IF(L33<>1,"",IF((F33="収入")*(G33="給与")*(E33<>"")*(COUNTIFS('分け方の表'!$J$4:$J$13,E33)>0),INDEX('分け方の表'!$K$4:$K$13,MATCH(E33,'分け方の表'!$J$4:$J$13,0))&"",IFERROR(INDEX('分け方の表'!$C$4:$C$103,MATCH(F33&"|"&G33,'分け方の表'!$D$4:$D$103,0))&"",IFERROR(INDEX('分け方の表'!$C$4:$C$103,MATCH(F33&"|（ほか全部）",'分け方の表'!$D$4:$D$103,0))&"","未分類")))) | S33: =IF(L33<>1,"",IF(N33=1,"",IF(IF(O33>0,INDEX('分け方の表'!$N$4:$N$53,O33)&"","")<>"",IF(INDEX('分け方の表'!$N$4:$N$53,O33)="（数えない）","",INDEX('分け方の表'!$N$4:$N$53,O33)&""),IF(I33&""="1",IF((Q33<>"")*(D33<0)*(IFERROR(INDEX('入力'!$E$30:$E$88,MATCH(Q33,'入力'!$A$30:$A$88,0)),"")="貯める・増やす"),Q33,""),IF(A33&""="0","",IF(Q33<>"",Q33,R33)))))) | T33: =IF(S33="","",IF(IFERROR(INDEX('入力'!$E$30:$E$88,MATCH(S33,'入力'!$A$30:$A$88,0)),"")="入るお金",D33,-D33)) | U33: =IF(L33="","",IF(L33<>1,"見出しなど",IF(N33=1,"重なり",IF(S33="",IF(O33>0,"数えない（直した）",IF(I33&""="1","振替",IF(A33&""="0","計算対象外","数えない"))),IF(COUNTIFS('入力'!$A$30:$A$88,S33)=0,"一覧にない費目",IF(O33>0,"直した",IF(S33="未分類","未分類","OK")))))))
L34: =IF(B34="","",IFERROR(YEAR(B34)*0+D34*0+1,0)) | M34: =IF(L34<>1,"",IF(O34>0,IF(INDEX('分け方の表'!$O$4:$O$53,O34)<>"",DATE(YEAR(INDEX('分け方の表'!$O$4:$O$53,O34)),MONTH(INDEX('分け方の表'!$O$4:$O$53,O34)),1),DATE(YEAR(B34),MONTH(B34),1)),DATE(YEAR(B34),MONTH(B34),1))) | N34: =IF(L34<>1,"",IF(J34="",0,IF(COUNTIFS($J$4:J34,J34)>1,1,0))) | O34: =IF(L34<>1,"",IF(J34="",0,IFERROR(MATCH(J34,'分け方の表'!$M$4:$M$53,0),0))) | P34: =IF(L34<>1,"",IF(SUMPRODUCT((COUNTIFS(C34,"*"&'分け方の表'!$F$4:$F$23&"*")>0)*('分け方の表'!$F$4:$F$23<>"")*'分け方の表'!$I$4:$I$23)=0,99,1+COUNTIFS('分け方の表'!$I$4:$I$23,">"&SUMPRODUCT((COUNTIFS(C34,"*"&'分け方の表'!$F$4:$F$23&"*")>0)*('分け方の表'!$F$4:$F$23<>"")*'分け方の表'!$I$4:$I$23)))) | Q34: =IF(L34<>1,"",IF(P34>=99,"",INDEX('分け方の表'!$G$4:$G$23,P34)&"")) | R34: =IF(L34<>1,"",IF((F34="収入")*(G34="給与")*(E34<>"")*(COUNTIFS('分け方の表'!$J$4:$J$13,E34)>0),INDEX('分け方の表'!$K$4:$K$13,MATCH(E34,'分け方の表'!$J$4:$J$13,0))&"",IFERROR(INDEX('分け方の表'!$C$4:$C$103,MATCH(F34&"|"&G34,'分け方の表'!$D$4:$D$103,0))&"",IFERROR(INDEX('分け方の表'!$C$4:$C$103,MATCH(F34&"|（ほか全部）",'分け方の表'!$D$4:$D$103,0))&"","未分類")))) | S34: =IF(L34<>1,"",IF(N34=1,"",IF(IF(O34>0,INDEX('分け方の表'!$N$4:$N$53,O34)&"","")<>"",IF(INDEX('分け方の表'!$N$4:$N$53,O34)="（数えない）","",INDEX('分け方の表'!$N$4:$N$53,O34)&""),IF(I34&""="1",IF((Q34<>"")*(D34<0)*(IFERROR(INDEX('入力'!$E$30:$E$88,MATCH(Q34,'入力'!$A$30:$A$88,0)),"")="貯める・増やす"),Q34,""),IF(A34&""="0","",IF(Q34<>"",Q34,R34)))))) | T34: =IF(S34="","",IF(IFERROR(INDEX('入力'!$E$30:$E$88,MATCH(S34,'入力'!$A$30:$A$88,0)),"")="入るお金",D34,-D34)) | U34: =IF(L34="","",IF(L34<>1,"見出しなど",IF(N34=1,"重なり",IF(S34="",IF(O34>0,"数えない（直した）",IF(I34&""="1","振替",IF(A34&""="0","計算対象外","数えない"))),IF(COUNTIFS('入力'!$A$30:$A$88,S34)=0,"一覧にない費目",IF(O34>0,"直した",IF(S34="未分類","未分類","OK")))))))
L35: =IF(B35="","",IFERROR(YEAR(B35)*0+D35*0+1,0)) | M35: =IF(L35<>1,"",IF(O35>0,IF(INDEX('分け方の表'!$O$4:$O$53,O35)<>"",DATE(YEAR(INDEX('分け方の表'!$O$4:$O$53,O35)),MONTH(INDEX('分け方の表'!$O$4:$O$53,O35)),1),DATE(YEAR(B35),MONTH(B35),1)),DATE(YEAR(B35),MONTH(B35),1))) | N35: =IF(L35<>1,"",IF(J35="",0,IF(COUNTIFS($J$4:J35,J35)>1,1,0))) | O35: =IF(L35<>1,"",IF(J35="",0,IFERROR(MATCH(J35,'分け方の表'!$M$4:$M$53,0),0))) | P35: =IF(L35<>1,"",IF(SUMPRODUCT((COUNTIFS(C35,"*"&'分け方の表'!$F$4:$F$23&"*")>0)*('分け方の表'!$F$4:$F$23<>"")*'分け方の表'!$I$4:$I$23)=0,99,1+COUNTIFS('分け方の表'!$I$4:$I$23,">"&SUMPRODUCT((COUNTIFS(C35,"*"&'分け方の表'!$F$4:$F$23&"*")>0)*('分け方の表'!$F$4:$F$23<>"")*'分け方の表'!$I$4:$I$23)))) | Q35: =IF(L35<>1,"",IF(P35>=99,"",INDEX('分け方の表'!$G$4:$G$23,P35)&"")) | R35: =IF(L35<>1,"",IF((F35="収入")*(G35="給与")*(E35<>"")*(COUNTIFS('分け方の表'!$J$4:$J$13,E35)>0),INDEX('分け方の表'!$K$4:$K$13,MATCH(E35,'分け方の表'!$J$4:$J$13,0))&"",IFERROR(INDEX('分け方の表'!$C$4:$C$103,MATCH(F35&"|"&G35,'分け方の表'!$D$4:$D$103,0))&"",IFERROR(INDEX('分け方の表'!$C$4:$C$103,MATCH(F35&"|（ほか全部）",'分け方の表'!$D$4:$D$103,0))&"","未分類")))) | S35: =IF(L35<>1,"",IF(N35=1,"",IF(IF(O35>0,INDEX('分け方の表'!$N$4:$N$53,O35)&"","")<>"",IF(INDEX('分け方の表'!$N$4:$N$53,O35)="（数えない）","",INDEX('分け方の表'!$N$4:$N$53,O35)&""),IF(I35&""="1",IF((Q35<>"")*(D35<0)*(IFERROR(INDEX('入力'!$E$30:$E$88,MATCH(Q35,'入力'!$A$30:$A$88,0)),"")="貯める・増やす"),Q35,""),IF(A35&""="0","",IF(Q35<>"",Q35,R35)))))) | T35: =IF(S35="","",IF(IFERROR(INDEX('入力'!$E$30:$E$88,MATCH(S35,'入力'!$A$30:$A$88,0)),"")="入るお金",D35,-D35)) | U35: =IF(L35="","",IF(L35<>1,"見出しなど",IF(N35=1,"重なり",IF(S35="",IF(O35>0,"数えない（直した）",IF(I35&""="1","振替",IF(A35&""="0","計算対象外","数えない"))),IF(COUNTIFS('入力'!$A$30:$A$88,S35)=0,"一覧にない費目",IF(O35>0,"直した",IF(S35="未分類","未分類","OK")))))))
L36: =IF(B36="","",IFERROR(YEAR(B36)*0+D36*0+1,0)) | M36: =IF(L36<>1,"",IF(O36>0,IF(INDEX('分け方の表'!$O$4:$O$53,O36)<>"",DATE(YEAR(INDEX('分け方の表'!$O$4:$O$53,O36)),MONTH(INDEX('分け方の表'!$O$4:$O$53,O36)),1),DATE(YEAR(B36),MONTH(B36),1)),DATE(YEAR(B36),MONTH(B36),1))) | N36: =IF(L36<>1,"",IF(J36="",0,IF(COUNTIFS($J$4:J36,J36)>1,1,0))) | O36: =IF(L36<>1,"",IF(J36="",0,IFERROR(MATCH(J36,'分け方の表'!$M$4:$M$53,0),0))) | P36: =IF(L36<>1,"",IF(SUMPRODUCT((COUNTIFS(C36,"*"&'分け方の表'!$F$4:$F$23&"*")>0)*('分け方の表'!$F$4:$F$23<>"")*'分け方の表'!$I$4:$I$23)=0,99,1+COUNTIFS('分け方の表'!$I$4:$I$23,">"&SUMPRODUCT((COUNTIFS(C36,"*"&'分け方の表'!$F$4:$F$23&"*")>0)*('分け方の表'!$F$4:$F$23<>"")*'分け方の表'!$I$4:$I$23)))) | Q36: =IF(L36<>1,"",IF(P36>=99,"",INDEX('分け方の表'!$G$4:$G$23,P36)&"")) | R36: =IF(L36<>1,"",IF((F36="収入")*(G36="給与")*(E36<>"")*(COUNTIFS('分け方の表'!$J$4:$J$13,E36)>0),INDEX('分け方の表'!$K$4:$K$13,MATCH(E36,'分け方の表'!$J$4:$J$13,0))&"",IFERROR(INDEX('分け方の表'!$C$4:$C$103,MATCH(F36&"|"&G36,'分け方の表'!$D$4:$D$103,0))&"",IFERROR(INDEX('分け方の表'!$C$4:$C$103,MATCH(F36&"|（ほか全部）",'分け方の表'!$D$4:$D$103,0))&"","未分類")))) | S36: =IF(L36<>1,"",IF(N36=1,"",IF(IF(O36>0,INDEX('分け方の表'!$N$4:$N$53,O36)&"","")<>"",IF(INDEX('分け方の表'!$N$4:$N$53,O36)="（数えない）","",INDEX('分け方の表'!$N$4:$N$53,O36)&""),IF(I36&""="1",IF((Q36<>"")*(D36<0)*(IFERROR(INDEX('入力'!$E$30:$E$88,MATCH(Q36,'入力'!$A$30:$A$88,0)),"")="貯める・増やす"),Q36,""),IF(A36&""="0","",IF(Q36<>"",Q36,R36)))))) | T36: =IF(S36="","",IF(IFERROR(INDEX('入力'!$E$30:$E$88,MATCH(S36,'入力'!$A$30:$A$88,0)),"")="入るお金",D36,-D36)) | U36: =IF(L36="","",IF(L36<>1,"見出しなど",IF(N36=1,"重なり",IF(S36="",IF(O36>0,"数えない（直した）",IF(I36&""="1","振替",IF(A36&""="0","計算対象外","数えない"))),IF(COUNTIFS('入力'!$A$30:$A$88,S36)=0,"一覧にない費目",IF(O36>0,"直した",IF(S36="未分類","未分類","OK")))))))
... L3003: =IF(B3003="","",IFERROR(YEAR(B3003)*0+D3003*0+1,0)) | M3003: =IF(L3003<>1,"",IF(O3003>0,IF(INDEX('分け方の表'!$O$4:$O$53,O3003)<>"",DATE(YEAR(INDEX('分け方の表'!$O$4:$O$53,O3003)),MONTH(INDEX('分け方の表'!$O$4:$O$53,O3003)),1),DATE(YEAR(B3003),MONTH(B3003),1)),DATE(YEAR(B3003),MONTH(B3003),1))) | N3003: =IF(L3003<>1,"",IF(J3003="",0,IF(COUNTIFS($J$4:J3003,J3003)>1,1,0))) | O3003: =IF(L3003<>1,"",IF(J3003="",0,IFERROR(MATCH(J3003,'分け方の表'!$M$4:$M$53,0),0))) | P3003: =IF(L3003<>1,"",IF(SUMPRODUCT((COUNTIFS(C3003,"*"&'分け方の表'!$F$4:$F$23&"*")>0)*('分け方の表'!$F$4:$F$23<>"")*'分け方の表'!$I$4:$I$23)=0,99,1+COUNTIFS('分け方の表'!$I$4:$I$23,">"&SUMPRODUCT((COUNTIFS(C3003,"*"&'分け方の表'!$F$4:$F$23&"*")>0)*('分け方の表'!$F$4:$F$23<>"")*'分け方の表'!$I$4:$I$23)))) | Q3003: =IF(L3003<>1,"",IF(P3003>=99,"",INDEX('分け方の表'!$G$4:$G$23,P3003)&"")) | R3003: =IF(L3003<>1,"",IF((F3003="収入")*(G3003="給与")*(E3003<>"")*(COUNTIFS('分け方の表'!$J$4:$J$13,E3003)>0),INDEX('分け方の表'!$K$4:$K$13,MATCH(E3003,'分け方の表'!$J$4:$J$13,0))&"",IFERROR(INDEX('分け方の表'!$C$4:$C$103,MATCH(F3003&"|"&G3003,'分け方の表'!$D$4:$D$103,0))&"",IFERROR(INDEX('分け方の表'!$C$4:$C$103,MATCH(F3003&"|（ほか全部）",'分け方の表'!$D$4:$D$103,0))&"","未分類")))) | S3003: =IF(L3003<>1,"",IF(N3003=1,"",IF(IF(O3003>0,INDEX('分け方の表'!$N$4:$N$53,O3003)&"","")<>"",IF(INDEX('分け方の表'!$N$4:$N$53,O3003)="（数えない）","",INDEX('分け方の表'!$N$4:$N$53,O3003)&""),IF(I3003&""="1",IF((Q3003<>"")*(D3003<0)*(IFERROR(INDEX('入力'!$E$30:$E$88,MATCH(Q3003,'入力'!$A$30:$A$88,0)),"")="貯める・増やす"),Q3003,""),IF(A3003&""="0","",IF(Q3003<>"",Q3003,R3003)))))) | T3003: =IF(S3003="","",IF(IFERROR(INDEX('入力'!$E$30:$E$88,MATCH(S3003,'入力'!$A$30:$A$88,0)),"")="入るお金",D3003,-D3003)) | U3003: =IF(L3003="","",IF(L3003<>1,"見出しなど",IF(N3003=1,"重なり",IF(S3003="",IF(O3003>0,"数えない（直した）",IF(I3003&""="1","振替",IF(A3003&""="0","計算対象外","数えない"))),IF(COUNTIFS('入力'!$A$30:$A$88,S3003)=0,"一覧にない費目",IF(O3003>0,"直した",IF(S3003="未分類","未分類","OK")))))))

Sheet 分け方の表
A1: 分け方の表（明細を、このひな形の費目に分ける）
A2: 決まる順：直す表→振替→ことば→口座（給与）→大項目|中項目→（ほか全部）→未分類
A3: 大項目 | B3: 中項目（ほか全部＝残り全部） | C3: 費目 | D3: キー（自動） | F3: ことば（内容にふくまれる） | G3: 費目 | H3: 番号 | I3: 重み（自動） | J3: 保有金融機関 | K3: 給与の費目 | M3: ID（明細の J 列） | N3: 費目に直す | O3: 対象の月に直す | P3: メモ | R3: 一覧（自動）
A4: 食費 | B4: 外食 | C4: 外食・カフェ | D4: =IF(A4="","",A4&"|"&B4) | F4: 児童手当 | G4: 児童手当 | H4: 1 | I4: =2^(20-H4) | J4: 例の銀行A | K4: 給料の手取り（ママ） | M4: ex0012 | N4: 子どものもの | P4: 通販のおむつ | R4: （数えない）
A5: 食費 | B5: カフェ | C5: 外食・カフェ | D5: =IF(A5="","",A5&"|"&B5) | F5: 出産手当金 | G5: 育休・産休の給付金 | H5: =H4+1 | I5: =2^(20-H5) | J5: 例の銀行B | K5: 給料の手取り（パパ） | R5: ='入力'!A30&""
A6: 食費 | B6: （ほか全部） | C6: 食費（家） | D6: =IF(A6="","",A6&"|"&B6) | F6: 例の証券 | G6: NISA | H6: =H5+1 | I6: =2^(20-H6) | R6: ='入力'!A31&""
A7: 日用品 | B7: 子育て用品 | C7: 子どものもの | D7: =IF(A7="","",A7&"|"&B7) | F7: 例の動画 | G7: サブスク | H7: =H6+1 | I7: =2^(20-H7) | R7: ='入力'!A32&""
A8: 日用品 | B8: （ほか全部） | C8: 日用品 | D8: =IF(A8="","",A8&"|"&B8) | H8: =H7+1 | I8: =2^(20-H8) | R8: ='入力'!A33&""
A9: 住宅 | B9: （ほか全部） | C9: 住まい（家賃・ローン） | D9: =IF(A9="","",A9&"|"&B9) | H9: =H8+1 | I9: =2^(20-H9) | R9: ='入力'!A34&""
A10: 水道・光熱費 | B10: （ほか全部） | C10: 電気・ガス・水道 | D10: =IF(A10="","",A10&"|"&B10) | H10: =H9+1 | I10: =2^(20-H10) | R10: ='入力'!A35&""
A11: 通信費 | B11: （ほか全部） | C11: スマホ・ネット | D11: =IF(A11="","",A11&"|"&B11) | H11: =H10+1 | I11: =2^(20-H11) | R11: ='入力'!A36&""
A12: 保険 | B12: （ほか全部） | C12: 保険 | D12: =IF(A12="","",A12&"|"&B12) | H12: =H11+1 | I12: =2^(20-H12) | R12: ='入力'!A37&""
A13: 衣服・美容 | B13: （ほか全部） | C13: 服・美容 | D13: =IF(A13="","",A13&"|"&B13) | H13: =H12+1 | I13: =2^(20-H13) | R13: ='入力'!A38&""
